Workbook
Name _2015plan: '2018'!$A$103:$A$162
Name _2015plan: '2019'!$A$100:$A$159
Name _2015plan: '2020'!$A$100:$A$157
Name _2015plan: '2021'!$A$81:$A$138
Name _2015plan: '2022'!$A$83:$A$140
Name _2015plan: '2023'!$A$83:$A$142
Name _2015plan: '2024'!$A$83:$A$142
Name _2015plan: '2025'!$A$83:$A$142
Name _2015plan: '2026'!$A$83:$A$142

Sheet Analitika - 2014
E2: =+Master!G6 -> Crna Gora
E3: =+Master!G7 -> Ministarstvo finansija
E4: =+Master!G8 -> Direktorat za državni budžet
N6: =+IF(Master!B3-10>=0,CONCATENATE(Master!B4,"-",Master!B3),CONCATENATE(Master!B4,"-0",Master!B3)) -> 2026-09 | O6: =+CONCATENATE(N6,"p") -> 2026-09p | R6: =+IF(Master!B3-10>=0,CONCATENATE(Master!B4-1,"-",Master!B3),CONCATENATE(Master!B4-1,"-0",Master!B3)) -> 2025-09
B7: Analitika Jan-Dec 2014 | G7: Jan - Dec 2014 | N7: =+Master!G243 -> Decembar
G8: =+Master!G26 -> Ostvarenje | H8: =+Master!G25 -> Plan | I8: =+Master!G261 -> Odstupanje | K8: =+CONCATENATE(Master!G246," ",Master!B4-1) -> Jan - Sep 2025 | L8: =+I8 -> Odstupanje | N8: =+G8 -> Ostvarenje | O8: =+H8 -> Plan | P8: =+I8 -> Odstupanje | R8: =+CONCATENATE(Master!G245," ",Master!B4-1) -> Septembar 2025 | S8: =+P8 -> Odstupanje
G9: mil. € | H9: mil. € | I9: mil. € | J9: % | K9: mil. € | L9: mil. € | M9: % | N9: mil. € | O9: mil. € | P9: mil. € | Q9: % | R9: mil. € | S9: mil. € | T9: %
A10: 7 | B10: =+VLOOKUP($A10,Master!$D$30:$G$226,4,FALSE) -> Prihodi budžeta | G10: 1.3518532e+09 | H10: 1.2760564e+09 | I10: =+G10-H10 -> 75796777 | J10: =+IF(ISNUMBER(G10/H10-1),G10/H10-1,"…") -> 0.059399238 | K10: 1.2434365e+09 | L10: =+G10-K10 -> 1.0841667e+08 | M10: =+IF(ISNUMBER(G10/K10-1),G10/K10-1,"…") -> 0.087191157 | N10: 1.5524904e+08 | O10: 1.4561229e+08 | P10: =+N10-O10 -> 9636747 | Q10: =+IF(ISNUMBER(N10/O10-1),N10/O10-1,"…") -> 0.066180862 | R10: 1.4512e+08 | S10: =+N10-R10 -> 10129036 | T10: =+IF(ISNUMBER(N10/R10-1),N10/R10-1,"…") -> 0.069797658
A11: 711 | B11: =+VLOOKUP($A11,Master!$D$30:$G$226,4,FALSE) -> Porezi | G11: 8.3320358e+08 | H11: 7.978289e+08 | I11: =+G11-H11 -> 35374681 | J11: =+IF(ISNUMBER(G11/H11-1),G11/H11-1,"…") -> 0.044338681 | K11: 7.5569646e+08 | L11: =+G11-K11 -> 77507123 | M11: =+IF(ISNUMBER(G11/K11-1),G11/K11-1,"…") -> 0.10256383 | N11: 70043887 | O11: 76418346 | P11: =+N11-O11 -> -6374459.3 | Q11: =+IF(ISNUMBER(N11/O11-1),N11/O11-1,"…") -> -0.0834153 | R11: 72178169 | S11: =+N11-R11 -> -2134281.8 | T11: =+IF(ISNUMBER(N11/R11-1),N11/R11-1,"…") -> -0.029569631
A12: 7111 | B12: =+VLOOKUP($A12,Master!$D$30:$G$226,4,FALSE) -> Porez na dohodak fizičkih lica | G12: 1.0440582e+08 | H12: 96011655 | I12: =+G12-H12 -> 8394167.1 | J12: =+IF(ISNUMBER(G12/H12-1),G12/H12-1,"…") -> 0.087428626 | K12: 95618434 | L12: =+G12-K12 -> 8787387.8 | M12: =+IF(ISNUMBER(G12/K12-1),G12/K12-1,"…") -> 0.091900561 | N12: 15621993 | O12: 15517267 | P12: =+N12-O12 -> 104725.9 | Q12: =+IF(ISNUMBER(N12/O12-1),N12/O12-1,"…") -> 0.0067489912 | R12: 15533678 | S12: =+N12-R12 -> 88315.44 | T12: =+IF(ISNUMBER(N12/R12-1),N12/R12-1,"…") -> 0.0056854172
A13: 7112 | B13: =+VLOOKUP($A13,Master!$D$30:$G$226,4,FALSE) -> Porez na dobit pravnih lica | G13: 45020372 | H13: 44395642 | I13: =+G13-H13 -> 624729.97 | J13: =+IF(ISNUMBER(G13/H13-1),G13/H13-1,"…") -> 0.014071876 | K13: 40638726 | L13: =+G13-K13 -> 4381645.1 | M13: =+IF(ISNUMBER(G13/K13-1),G13/K13-1,"…") -> 0.10781945 | N13: 1484776.3 | O13: 1100346.3 | P13: =+N13-O13 -> 384430 | Q13: =+IF(ISNUMBER(N13/O13-1),N13/O13-1,"…") -> 0.34937183 | R13: 1041215.8 | S13: =+N13-R13 -> 443560.48 | T13: =+IF(ISNUMBER(N13/R13-1),N13/R13-1,"…") -> 0.42600243
A14: 7113 | B14: =+VLOOKUP($A14,Master!$D$30:$G$226,4,FALSE) -> Porez na promet nepokretnosti | G14: 1479399.9 | H14: 1544536.7 | I14: =+G14-H14 -> -65136.793 | J14: =+IF(ISNUMBER(G14/H14-1),G14/H14-1,"…") -> -0.042172383 | K14: 1440565.3 | L14: =+G14-K14 -> 38834.56 | M14: =+IF(ISNUMBER(G14/K14-1),G14/K14-1,"…") -> 0.026957861 | N14: 164005.83 | O14: 149884.27 | P14: =+N14-O14 -> 14121.559 | Q14: =+IF(ISNUMBER(N14/O14-1),N14/O14-1,"…") -> 0.094216415 | R14: 140999.42 | S14: =+N14-R14 -> 23006.41 | T14: =+IF(ISNUMBER(N14/R14-1),N14/R14-1,"…") -> 0.1631667
A15: 7114 | B15: =+VLOOKUP($A15,Master!$D$30:$G$226,4,FALSE) -> Porez na dodatu vrijednost | G15: 4.9758919e+08 | H15: 4.5594563e+08 | I15: =+G15-H15 -> 41643562 | J15: =+IF(ISNUMBER(G15/H15-1),G15/H15-1,"…") -> 0.091334491 | K15: 4.2919507e+08 | L15: =+G15-K15 -> 68394123 | M15: =+IF(ISNUMBER(G15/K15-1),G15/K15-1,"…") -> 0.1593544 | N15: 37184323 | O15: 41248055 | P15: =+N15-O15 -> -4063732.8 | Q15: =+IF(ISNUMBER(N15/O15-1),N15/O15-1,"…") -> -0.098519378 | R15: 40192913 | S15: =+N15-R15 -> -3008590.5 | T15: =+IF(ISNUMBER(N15/R15-1),N15/R15-1,"…") -> -0.074853755
A16: 7115 | B16: =+VLOOKUP($A16,Master!$D$30:$G$226,4,FALSE) -> Akcize | G16: 1.5646695e+08 | H16: 1.7111199e+08 | I16: =+G16-H16 -> -14645042 | J16: =+IF(ISNUMBER(G16/H16-1),G16/H16-1,"…") -> -0.085587468 | K16: 1.6144547e+08 | L16: =+G16-K16 -> -4978523.4 | M16: =+IF(ISNUMBER(G16/K16-1),G16/K16-1,"…") -> -0.030837182 | N16: 13096344 | O16: 16210264 | P16: =+N16-O16 -> -3113920.1 | Q16: =+IF(ISNUMBER(N16/O16-1),N16/O16-1,"…") -> -0.19209559 | R16: 13187797 | S16: =+N16-R16 -> -91453.46 | T16: =+IF(ISNUMBER(N16/R16-1),N16/R16-1,"…") -> -0.0069347033
A17: 7116 | B17: =+VLOOKUP($A17,Master!$D$30:$G$226,4,FALSE) -> Porez na međunarodnu trgovinu i transakcije | G17: 22270229 | H17: 23735354 | I17: =+G17-H17 -> -1465124.2 | J17: =+IF(ISNUMBER(G17/H17-1),G17/H17-1,"…") -> -0.061727508 | K17: 22269383 | L17: =+G17-K17 -> 846.82 | M17: =+IF(ISNUMBER(G17/K17-1),G17/K17-1,"…") -> 3.80262e-05 | N17: 1965267.8 | O17: 1802456.7 | P17: =+N17-O17 -> 162811.11 | Q17: =+IF(ISNUMBER(N17/O17-1),N17/O17-1,"…") -> 0.090327336 | R17: 1691131.2 | S17: =+N17-R17 -> 274136.58 | T17: =+IF(ISNUMBER(N17/R17-1),N17/R17-1,"…") -> 0.16210249
A18: 7117 | B18: =+VLOOKUP($A18,Master!$D$30:$G$226,4,FALSE) -> #N/A | G18: 0 | H18: 0 | I18: =+G18-H18 -> 0 | J18: =+IF(ISNUMBER(G18/H18-1),G18/H18-1,"…") -> … | K18: 0 | L18: =+G18-K18 -> 0 | M18: =+IF(ISNUMBER(G18/K18-1),G18/K18-1,"…") -> … | N18: 0 | O18: 0 | P18: =+N18-O18 -> 0 | Q18: =+IF(ISNUMBER(N18/O18-1),N18/O18-1,"…") -> … | R18: 0 | S18: =+N18-R18 -> 0 | T18: =+IF(ISNUMBER(N18/R18-1),N18/R18-1,"…") -> …
A19: 7118 | B19: =+VLOOKUP($A19,Master!$D$30:$G$226,4,FALSE) -> Ostali državni porezi | G19: 5971620.5 | H19: 5084095.8 | I19: =+G19-H19 -> 887524.67 | J19: =+IF(ISNUMBER(G19/H19-1),G19/H19-1,"…") -> 0.17456883 | K19: 5088811.8 | L19: =+G19-K19 -> 882808.71 | M19: =+IF(ISNUMBER(G19/K19-1),G19/K19-1,"…") -> 0.17348032 | N19: 527177.4 | O19: 390072.41 | P19: =+N19-O19 -> 137104.99 | Q19: =+IF(ISNUMBER(N19/O19-1),N19/O19-1,"…") -> 0.35148599 | R19: 390434.24 | S19: =+N19-R19 -> 136743.16 | T19: =+IF(ISNUMBER(N19/R19-1),N19/R19-1,"…") -> 0.35023352
A20: 712 | B20: =+VLOOKUP($A20,Master!$D$30:$G$226,4,FALSE) -> Doprinosi | G20: 4.4430324e+08 | H20: 3.9782317e+08 | I20: =+G20-H20 -> 46480071 | J20: =+IF(ISNUMBER(G20/H20-1),G20/H20-1,"…") -> 0.11683601 | K20: 3.9849428e+08 | L20: =+G20-K20 -> 45808960 | M20: =+IF(ISNUMBER(G20/K20-1),G20/K20-1,"…") -> 0.11495513 | N20: 75176039 | O20: 59783745 | P20: =+N20-O20 -> 15392294 | Q20: =+IF(ISNUMBER(N20/O20-1),N20/O20-1,"…") -> 0.25746621 | R20: 60241081 | S20: =+N20-R20 -> 14934958 | T20: =+IF(ISNUMBER(N20/R20-1),N20/R20-1,"…") -> 0.24791982
A21: 7121 | B21: =+VLOOKUP($A21,Master!$D$30:$G$226,4,FALSE) -> Doprinosi za penzijsko i invalidsko osiguranje | G21: 2.7012023e+08 | H21: 2.348824e+08 | I21: =+G21-H21 -> 35237831 | J21: =+IF(ISNUMBER(G21/H21-1),G21/H21-1,"…") -> 0.1500233 | K21: 2.4194936e+08 | L21: =+G21-K21 -> 28170872 | M21: =+IF(ISNUMBER(G21/K21-1),G21/K21-1,"…") -> 0.11643293 | N21: 45661636 | O21: 35471517 | P21: =+N21-O21 -> 10190118 | Q21: =+IF(ISNUMBER(N21/O21-1),N21/O21-1,"…") -> 0.28727607 | R21: 36741485 | S21: =+N21-R21 -> 8920151 | T21: =+IF(ISNUMBER(N21/R21-1),N21/R21-1,"…") -> 0.24278145
... A53: 462 | B53: =+VLOOKUP($A53,Master!$D$30:$G$226,4,FALSE) -> Otplata garancija | G53: 15258931 | H53: 0 | I53: =+G53-H53 -> 15258931 | J53: =+IF(ISNUMBER(G53/H53-1),G53/H53-1,"…") -> … | K53: 1.0723059e+08 | L53: =+G53-K53 -> -91971662 | M53: =+IF(ISNUMBER(G53/K53-1),G53/K53-1,"…") -> -0.85769984 | N53: 0 | O53: 0 | P53: =+N53-O53 -> 0 | Q53: =+IF(ISNUMBER(N53/O53-1),N53/O53-1,"…") -> … | R53: 575548.03 | S53: =+N53-R53 -> -575548.03 | T53: =+IF(ISNUMBER(N53/R53-1),N53/R53-1,"…") -> -1
A54: 4630 | B54: =+VLOOKUP($A54,Master!$D$30:$G$226,4,FALSE) -> Otplata obaveza iz prethodnog perioda | G54: 65272880 | H54: 0 | I54: =+G54-H54 -> 65272880 | J54: =+IF(ISNUMBER(G54/H54-1),G54/H54-1,"…") -> … | K54: 60543190 | L54: =+G54-K54 -> 4729690.1 | M54: =+IF(ISNUMBER(G54/K54-1),G54/K54-1,"…") -> 0.078120926 | N54: 18916388 | O54: 0 | P54: =+N54-O54 -> 18916388 | Q54: =+IF(ISNUMBER(N54/O54-O592),N54/O54-1,"…") -> … | R54: 7480893.2 | S54: =+N54-R54 -> 11435495 | T54: =+IF(ISNUMBER(N54/R54-1),N54/R54-1,"…") -> 1.5286269
A55: 1005 | B55: =+VLOOKUP($A55,Master!$D$30:$G$228,4,FALSE) -> Neto povećanje obaveza | G55: 0 | H55: 0 | I55: =+G55-H55 -> 0 | J55: =+IF(ISNUMBER(G55/H55-1),G55/H55-1,"…") -> … | K55: 14438105 | L55: =+G55-K55 -> -14438105 | M55: =+IF(ISNUMBER(G55/K55-1),G55/K55-1,"…") -> -1 | N55: 0 | O55: 0 | P55: =+N55-O55 -> 0 | Q55: =+IF(ISNUMBER(N55/O55-O593),N55/O55-1,"…") -> … | R55: 14438105 | S55: =+N55-R55 -> -14438105 | T55: =+IF(ISNUMBER(N55/R55-1),N55/R55-1,"…") -> -1
A56: 1000 | B56: =+VLOOKUP($A56,Master!$D$30:$G$226,4,FALSE) -> Suficit / deficit | G56: -1.0257142e+08 | H56: -61509738 | I56: =+G56-H56 -> -41061678 | J56: =+IF(ISNUMBER(G56/H56-1),G56/H56-1,"…") -> 0.66756386 | K56: -2.1579131e+08 | L56: =+G56-K56 -> 1.132199e+08 | M56: =+IF(ISNUMBER(G56/K56-1),G56/K56-1,"…") -> -0.52467309 | N56: -18669590 | O56: 34982925 | P56: =+N56-O56 -> -53652515 | Q56: =+IF(ISNUMBER(N56/O56-1),N56/O56-1,"…") -> -1.5336772 | R56: -29741467 | S56: =+N56-R56 -> 11071877 | T56: =+IF(ISNUMBER(N56/R56-1),N56/R56-1,"…") -> -0.3722707
A57: 1001 | B57: =+VLOOKUP($A57,Master!$D$30:$G$226,4,FALSE) -> Primarni suficit/deficit | G57: -27589445 | H57: 11767453 | I57: =+G57-H57 -> -39356898 | J57: =+IF(ISNUMBER(G57/H57-1),G57/H57-1,"…") -> -3.3445554 | K57: -1.4786854e+08 | L57: =+G57-K57 -> 1.2027909e+08 | M57: =+IF(ISNUMBER(G57/K57-1),G57/K57-1,"…") -> -0.81341909 | N57: -12993473 | O57: 41280039 | P57: =+N57-O57 -> -54273511 | Q57: =+IF(ISNUMBER(N57/O57-1),N57/O57-1,"…") -> -1.3147641 | R57: -24129601 | S57: =+N57-R57 -> 11136128 | T57: =+IF(ISNUMBER(N57/R57-1),N57/R57-1,"…") -> -0.46151315
A58: 46 | B58: =+VLOOKUP($A58,Master!$D$30:$G$226,4,FALSE) -> Otplata dugova | G58: 2.0975095e+08 | H58: 1.7142691e+08 | I58: =+G58-H58 -> 38324047 | J58: =+IF(ISNUMBER(G58/H58-1),G58/H58-1,"…") -> 0.22355911 | K58: 1.7402545e+08 | L58: =+G58-K58 -> 35725501 | M58: =+IF(ISNUMBER(G58/K58-1),G58/K58-1,"…") -> 0.20528894 | N58: 31216208 | O58: 14285575 | P58: =+N58-O58 -> 16930633 | Q58: =+IF(ISNUMBER(N58/O58-1),N58/O58-1,"…") -> 1.1851558 | R58: 64186409 | S58: =+N58-R58 -> -32970200 | T58: =+IF(ISNUMBER(N58/R58-1),N58/R58-1,"…") -> -0.51366327
A59: 4611 | B59: =+VLOOKUP($A59,Master!$D$30:$G$226,4,FALSE) -> Otplata hartija od vrijednosti i kredita rezidentima | G59: 99756837 | H59: 30008345 | I59: =+G59-H59 -> 69748492 | J59: =+IF(ISNUMBER(G59/H59-1),G59/H59-1,"…") -> 2.3243032 | K59: 1.0762102e+08 | L59: =+G59-K59 -> -7864183.6 | M59: =+IF(ISNUMBER(G59/K59-1),G59/K59-1,"…") -> -0.073072933 | N59: 9805053.8 | O59: 2500695.4 | P59: =+N59-O59 -> 7304358.4 | Q59: =+IF(ISNUMBER(N59/O59-1),N59/O59-1,"…") -> 2.9209308 | R59: 48820983 | S59: =+N59-R59 -> -39015929 | T59: =+IF(ISNUMBER(N59/R59-1),N59/R59-1,"…") -> -0.79916312
A60: 4612 | B60: =+VLOOKUP($A60,Master!$D$30:$G$226,4,FALSE) -> Otplata hartija od vrijednosti i kredita nerezidentima | G60: 1.0999412e+08 | H60: 1.080804e+08 | I60: =+G60-H60 -> 1913715.2 | J60: =+IF(ISNUMBER(G60/H60-1),G60/H60-1,"…") -> 0.017706404 | K60: 66404431 | L60: =+G60-K60 -> 43589684 | M60: =+IF(ISNUMBER(G60/K60-1),G60/K60-1,"…") -> 0.65642734 | N60: 21411155 | O60: 9006700 | P60: =+N60-O60 -> 12404455 | Q60: =+IF(ISNUMBER(N60/O60-1),N60/O60-1,"…") -> 1.3772474 | R60: 15365426 | S60: =+N60-R60 -> 6045728.8 | T60: =+IF(ISNUMBER(N60/R60-1),N60/R60-1,"…") -> 0.39346314
A61: 4630p | B61: =+B54 -> Otplata obaveza iz prethodnog perioda | H61: 33338160 | I61: =+G61-H61 -> -33338160 | J61: =+IF(ISNUMBER(G61/H61-1),G61/H61-1,"…") -> -1 | L61: =+G61-K61 -> 0 | M61: =+IF(ISNUMBER(G61/K61-1),G61/K61-1,"…") -> … | O61: 2778180
A62: 1002 | B62: =+VLOOKUP($A62,Master!$D$30:$G$226,4,FALSE) -> Nedostajuća sredstva | G62: -3.1232237e+08 | H62: -2.3293664e+08 | I62: =+G62-H62 -> -79385725 | J62: =+IF(ISNUMBER(G62/H62-1),G62/H62-1,"…") -> 0.34080394 | K62: -3.8981676e+08 | L62: =+G62-K62 -> 77494395 | M62: =+IF(ISNUMBER(G62/K62-1),G62/K62-1,"…") -> -0.19879698 | N62: -49885799 | O62: 20697350 | P62: =+N62-O62 -> -70583148 | Q62: =+IF(ISNUMBER(N62/O62-1),N62/O62-1,"…") -> -3.4102506 | R62: -93927876 | S62: =+N62-R62 -> 44042077 | T62: =+IF(ISNUMBER(N62/R62-1),N62/R62-1,"…") -> -0.46889251
A63: 1003 | B63: =+VLOOKUP($A63,Master!$D$30:$G$226,4,FALSE) -> Finansiranje | G63: 3.1232237e+08 | H63: 2.3293664e+08 | I63: =+G63-H63 -> 79385725 | J63: =+IF(ISNUMBER(G63/H63-1),G63/H63-1,"…") -> 0.34080394 | K63: 3.8981676e+08 | L63: =+G63-K63 -> -77494395 | M63: =+IF(ISNUMBER(G63/K63-1),G63/K63-1,"…") -> -0.19879698 | N63: 49885799 | O63: -20697350 | P63: =+N63-O63 -> 70583148 | Q63: =+IF(ISNUMBER(N63/O63-1),N63/O63-1,"…") -> -3.4102506 | R63: 93927876 | S63: =+N63-R63 -> -44042077 | T63: =+IF(ISNUMBER(N63/R63-1),N63/R63-1,"…") -> -0.46889251
A64: 7511 | B64: =+VLOOKUP($A64,Master!$D$30:$G$226,4,FALSE) -> Pozajmice i krediti od domaćih izvora | G64: 1.0441076e+08 | H64: 0 | I64: =+G64-H64 -> 1.0441076e+08 | J64: =+IF(ISNUMBER(G64/H64-1),G64/H64-1,"…") -> … | K64: 145350142 | L64: =+G64-K64 -> -40939382 | M64: =+IF(ISNUMBER(G64/K64-1),G64/K64-1,"…") -> -0.28166042 | N64: 6000000 | O64: 0 | P64: =+N64-O64 -> 6000000 | Q64: =+IF(ISNUMBER(N64/O64-1),N64/O64-1,"…") -> … | R64: 20000000 | S64: =+N64-R64 -> -14000000 | T64: =+IF(ISNUMBER(N64/R64-1),N64/R64-1,"…") -> -0.7
A65: 7512 | B65: =+VLOOKUP($A65,Master!$D$30:$G$226,4,FALSE) -> Pozajmice i krediti od inostranih izvora | G65: 2.057475e+08 | H65: 2.2797558e+08 | I65: =+G65-H65 -> -22228072 | J65: =+IF(ISNUMBER(G65/H65-1),G65/H65-1,"…") -> -0.097501989 | K65: 1.8851721e+08 | L65: =+G65-K65 -> 17230295 | M65: =+IF(ISNUMBER(G65/K65-1),G65/K65-1,"…") -> 0.091399059 | N65: 991400.61 | O65: 18997965 | P65: =+N65-O65 -> -18006564 | Q65: =+IF(ISNUMBER(N65/O65-1),N65/O65-1,"…") -> -0.94781543 | R65: 83544900 | S65: =+N65-R65 -> -82553500 | T65: =+IF(ISNUMBER(N65/R65-1),N65/R65-1,"…") -> -0.98813332
A66: 72 | B66: =+VLOOKUP($A66,Master!$D$30:$G$226,4,FALSE) -> Primici od prodaje imovine | G66: 3918918.7 | H66: 5000000 | I66: =+G66-H66 -> -1081081.3 | J66: =+IF(ISNUMBER(G66/H66-1),G66/H66-1,"…") -> -0.21621626 | K66: 11948846 | L66: =+G66-K66 -> -8029927.6 | M66: =+IF(ISNUMBER(G66/K66-1),G66/K66-1,"…") -> -0.67202535 | N66: 462623.71 | O66: 416666.67 | P66: =+N66-O66 -> 45957.043 | Q66: =+IF(ISNUMBER(N66/O66-1),N66/O66-1,"…") -> 0.1102969 | R66: 27299.41 | S66: =+N66-R66 -> 435324.3 | T66: =+IF(ISNUMBER(N66/R66-1),N66/R66-1,"…") -> 15.94629
A67: 1004 | B67: =+VLOOKUP($A67,Master!$D$30:$G$226,4,FALSE) -> Povećanje / smanjenje depozita | G67: -1754813.6 | H67: -38932.408 | I67: =+G67-H67 -> -1715881.2 | J67: =+IF(ISNUMBER(G67/H67-1),G67/H67-1,"…") -> 44.073338 | K67: 44000567 | L67: =+G67-K67 -> -45755380 | M67: =+IF(ISNUMBER(G67/K67-1),G67/K67-1,"…") -> -1.0398816 | N67: 42431774 | O67: -40111981 | P67: =+N67-O67 -> 82543755 | Q67: =+IF(ISNUMBER(N67/O67-1),N67/O67-1,"…") -> -2.0578329 | R67: -9644323.8 | S67: =+N67-R67 -> 52076098 | T67: =+IF(ISNUMBER(N67/R67-1),N67/R67-1,"…") -> -5.399663

Sheet Pregled
E2: =+Master!G6 -> Crna Gora
E3: =+Master!G7 -> Ministarstvo finansija
E4: =+Master!G8 -> Direktorat za državni budžet
D11: =+Master!G270 -> Prihodi za mjesec Septembar | G11: =+Master!G274 -> Prihodi za period Januar - Septembar
D12: =+'Analitika 2026'!N10 -> 3.1283896e+08 | E12: =+D12/'2026'!T7 -> 0.036413884 | G12: =+'Analitika 2026'!G10 -> 2.3184663e+09 | H12: =+G12/'2026'!T7 -> 0.26986525
D13: mil. € | E13: =+Master!G250 -> % BDP | G13: mil. € | H13: % BDP
D15: =+Master!G271 -> Rashodi za mjesec Septembar | G15: =+Master!G275 -> Rashodi za period Januar - Septembar
D16: =+'Analitika 2026'!N29 -> 2.908089e+08 | E16: =+D16/'2026'!T7 -> 0.033849625 | G16: =+'Analitika 2026'!G29 -> 2.4426756e+09 | H16: =+G16/'2026'!T7 -> 0.28432298
D17: =+D13 -> mil. € | E17: =+E13 -> % BDP | G17: mil. € | H17: % BDP
D19: =+Master!G272 -> Suficit/Deficit za mjesec Septembar | G19: =+Master!G276 -> Suficit/Deficit za period Januar - Septembar
D20: =+'Analitika 2026'!N53 -> 22030061 | E20: =+D20/'2026'!T7 -> 0.0025642589 | G20: =+'Analitika 2026'!G53 -> -1.2420931e+08 | H20: =+G20/'2026'!T7 -> -0.014457737
D21: =+D17 -> mil. € | E21: =+E17 -> % BDP | G21: mil. € | H21: % BDP

Sheet 2024
E2: =+Master!G6 -> Crna Gora
E3: =+Master!G7 -> Ministarstvo finansija
E4: =+Master!G8 -> Direktorat za državni budžet
G5: =+RIGHT(G6,2)*1 -> 1 | H5: =+RIGHT(H6,2)*1 -> 2 | I5: =+RIGHT(I6,2)*1 -> 3 | J5: =+RIGHT(J6,2)*1 -> 4 | K5: =+RIGHT(K6,2)*1 -> 5 | L5: =+RIGHT(L6,2)*1 -> 6 | M5: =+RIGHT(M6,2)*1 -> 7 | N5: =+RIGHT(N6,2)*1 -> 8 | ... R5: =+RIGHT(R6,2)*1 -> 12
G6: 2024-01 | H6: 2024-02 | I6: 2024-03 | J6: 2024-04 | K6: 2024-05 | L6: 2024-06 | M6: 2024-07 | N6: 2024-08 | O6: 2024-09 | P6: 2024-10 | Q6: 2024-11 | R6: 2024-12
B7: =+Master!G252 -> Ostvarenje budžeta | G7: 2024 | S7: =+Master!G249 -> BDP | T7: 7459213000
G8: =+[1]Master!G232 -> Januar | H8: =+[1]Master!G233 -> Februar | I8: =+[1]Master!G234 -> Mart | J8: =+[1]Master!G235 -> April | K8: =+[1]Master!G236 -> Maj | L8: =+[1]Master!G237 -> Jun | M8: =+Master!G238 -> Jul | N8: =+Master!G239 -> Avgust | O8: =+Master!G240 -> Septembar | P8: =+Master!G241 -> Oktobar | Q8: =+Master!G242 -> Novembar | R8: =+Master!G243 -> Decembar | S8: =+Master!G247 -> Jan - Dec
G9: mil. € | H9: mil. € | I9: mil. € | J9: mil. € | K9: mil. € | L9: mil. € | M9: mil. € | N9: mil. € | O9: mil. € | P9: mil. € | Q9: mil. € | R9: mil. € | S9: mil. € | T9: =+Master!G250 -> % BDP
A10: 7 | B10: =+VLOOKUP($A10,Master!$D$30:$G$226,4,FALSE) -> Prihodi budžeta | G10: =G11+G19+G24+G25+G26+G27+G28 -> 1.5093062e+08 | H10: =+H11+H19+SUM(H24:H28) -> 1.8024866e+08 | I10: =+I11+I19+SUM(I24:I28) -> 2.4454711e+08 | J10: =+J11+J19+SUM(J24:J28) -> 3.1757457e+08 | K10: =+K11+K19+SUM(K24:K28) -> 1.9519929e+08 | L10: =+L11+L19+SUM(L24:L28) -> 2.2123042e+08 | M10: =+M11+M19+SUM(M24:M28) -> 2.6323693e+08 | N10: =+N11+N19+SUM(N24:N28) -> 2.549402e+08 | O10: =+O11+O19+SUM(O24:O28) -> 2.4791114e+08 | ... R10: =+R11+R19+SUM(R24:R28) -> 2.5806531e+08 | S10: =+SUM(G10:R10) -> 2.7557173e+09 | T10: =+S10/$T$7*100 -> 36.943807
A11: 711 | B11: =+VLOOKUP($A11,Master!$D$30:$G$226,4,FALSE) -> Porezi | G11: =+SUM(G12:G18) -> 1.2201195e+08 | H11: =+SUM(H12:H18) -> 1.213086e+08 | I11: =+SUM(I12:I18) -> 1.8455737e+08 | J11: =+SUM(J12:J18) -> 237707133 | K11: =+SUM(K12:K18) -> 1.4072551e+08 | L11: =+SUM(L12:L18) -> 1.5300341e+08 | M11: =+SUM(M12:M18) -> 1.7628745e+08 | N11: =+SUM(N12:N18) -> 1.8777203e+08 | ... R11: =+SUM(R12:R18) -> 1.6863797e+08 | S11: =+SUM(G11:R11) -> 1.9685996e+09 | T11: =+S11/$T$7*100 -> 26.391519
A12: 7111 | B12: =+VLOOKUP($A12,Master!$D$30:$G$226,4,FALSE) -> Porez na dohodak fizičkih lica | G12: 1998079.1 | H12: 6162755.9 | I12: 6774640.8 | J12: 9120679.7 | K12: 7999182.8 | L12: 5714143.4 | M12: 8103849.5 | N12: 7506393.2 | O12: 6129815.2 | P12: 10490867 | Q12: 5042014.3 | R12: 13112925 | S12: =+SUM(G12:R12) -> 88155346 | T12: =+S12/$T$7*100 -> 1.1818317
A13: 7112 | B13: =+VLOOKUP($A13,Master!$D$30:$G$226,4,FALSE) -> Porez na dobit pravnih lica | G13: 1951464.9 | H13: 5771727.9 | I13: 71210823 | J13: 1.002699e+08 | K13: 6533790.2 | L13: 5452063.1 | M13: 6399901.1 | N13: 3297843.9 | O13: 3451625.8 | P13: 1559675.8 | Q13: 1503515.8 | R13: 6565545.1 | S13: =+SUM(G13:R13) -> 213967877 | T13: =+S13/$T$7*100 -> 2.8685047
A14: 7113 | B14: =+VLOOKUP($A14,Master!$D$30:$G$226,4,FALSE) -> Porez na promet nepokretnosti | G14: 0 | H14: 0 | I14: 0 | J14: 0 | K14: 0 | L14: 0 | M14: 0 | N14: 0 | O14: 0 | P14: 0 | Q14: 0 | R14: 0 | S14: =+SUM(G14:R14) -> 0 | T14: =+S14/$T$7*100 -> 0
A15: 7114 | B15: =+VLOOKUP($A15,Master!$D$30:$G$226,4,FALSE) -> Porez na dodatu vrijednost | G15: 91572727 | H15: 81980320 | I15: 78800497 | J15: 94537942 | K15: 88184793 | L15: 1.0088548e+08 | M15: 1.1941821e+08 | N15: 1.2648001e+08 | O15: 1.1969988e+08 | P15: 1.1892965e+08 | Q15: 90529869 | R15: 1.1157755e+08 | S15: =+SUM(G15:R15) -> 1.2225969e+09 | T15: =+S15/$T$7*100 -> 16.390428
A16: 7115 | B16: =+VLOOKUP($A16,Master!$D$30:$G$226,4,FALSE) -> Akcize | G16: 22556345 | H16: 22366847 | I16: 21994790 | J16: 26932676 | K16: 31723754 | L16: 34644163 | M16: 34841982 | N16: 43213446 | O16: 38641288 | P16: 33032025 | Q16: 28020759 | R16: 30621580 | S16: =+SUM(G16:R16) -> 3.6858965e+08 | T16: =+S16/$T$7*100 -> 4.9414014
A17: 7116 | B17: =+VLOOKUP($A17,Master!$D$30:$G$226,4,FALSE) -> Porez na međunarodnu trgovinu i transakcije | G17: 2997811.1 | H17: 3849203.3 | I17: 4636318.1 | J17: 5632584.2 | K17: 5010618.8 | L17: 5120393.1 | M17: 6113583.8 | N17: 5829872.3 | O17: 5498962.2 | P17: 5536331.3 | Q17: 4591287.3 | R17: 5559914.1 | S17: =+SUM(G17:R17) -> 60376880 | T17: =+S17/$T$7*100 -> 0.80942694
A18: 7118 | B18: =+VLOOKUP($A18,Master!$D$30:$G$226,4,FALSE) -> Ostali državni porezi | G18: 935525.03 | H18: 1177745.5 | I18: 1140306.6 | J18: 1213350.5 | K18: 1273370.3 | L18: 1187162.6 | M18: 1409919.1 | N18: 1444461.3 | O18: 1245145.1 | P18: 1392153.3 | Q18: 1293293.5 | R18: 1200461.9 | S18: =+SUM(G18:R18) -> 14912895 | T18: =+S18/$T$7*100 -> 0.19992585
A19: 712 | B19: =+VLOOKUP($A19,Master!$D$30:$G$226,4,FALSE) -> Doprinosi | G19: =SUM(G20:G23) -> 13548213 | H19: =SUM(H20:H23) -> 51209302 | I19: =SUM(I20:I23) -> 50079163 | J19: =SUM(J20:J23) -> 58312080 | K19: =SUM(K20:K23) -> 44239433 | L19: =SUM(L20:L23) -> 48567224 | M19: =SUM(M20:M23) -> 55016980 | N19: =SUM(N20:N23) -> 54498568 | ... R19: =SUM(R20:R23) -> 62375513 | S19: =+SUM(G19:R19) -> 5.8470654e+08 | T19: =+S19/$T$7*100 -> 7.8387163
A20: 7121 | B20: =+VLOOKUP($A20,Master!$D$30:$G$226,4,FALSE) -> Doprinosi za penzijsko i invalidsko osiguranje | G20: 12277377 | H20: 47091163 | I20: 45892078 | J20: 53612426 | K20: 40659762 | L20: 44568701 | M20: 50382564 | N20: 49830258 | O20: 50178880 | P20: 50008955 | Q20: 33816106 | R20: 54430291 | S20: =+SUM(G20:R20) -> 5.3274856e+08 | T20: =+S20/$T$7*100 -> 7.1421551
A21: 7122 | B21: =+VLOOKUP($A21,Master!$D$30:$G$226,4,FALSE) -> Doprinosi za zdravstveno osiguranje | G21: 307850.36 | H21: 382153.8 | I21: 494660.43 | J21: 456232.43 | K21: 296984.02 | L21: 372046.09 | M21: 516613.79 | N21: 463962.06 | O21: 380875.64 | P21: 631287.55 | Q21: 382115.57 | R21: 739249.91 | S21: =+SUM(G21:R21) -> 5424031.7 | T21: =+S21/$T$7*100 -> 0.07271587
A22: 7123 | B22: =+VLOOKUP($A22,Master!$D$30:$G$226,4,FALSE) -> Doprinosi za osiguranje od nezaposlenosti | G22: 569229.31 | H22: 2203988.6 | I22: 2137007.7 | J22: 2464722.1 | K22: 1910648.7 | L22: 2095564.4 | M22: 2381944.4 | N22: 2401758.4 | O22: 2372941.4 | P22: 2360830.6 | Q22: 1848685.1 | R22: 4213340.6 | S22: =+SUM(G22:R22) -> 26960661 | T22: =+S22/$T$7*100 -> 0.3614411
A23: 7124 | B23: =+VLOOKUP($A23,Master!$D$30:$G$226,4,FALSE) -> Ostali doprinosi | G23: 393756.44 | H23: 1531996.2 | I23: 1555417.1 | J23: 1778698.9 | K23: 1372039.1 | L23: 1530912.3 | M23: 1735857 | N23: 1802589.3 | O23: 1764765.6 | P23: 1761576.8 | Q23: 1353049 | R23: 2992632.1 | S23: =+SUM(G23:R23) -> 19573290 | T23: =+S23/$T$7*100 -> 0.26240422
A24: 713 | B24: =+VLOOKUP($A24,Master!$D$30:$G$226,4,FALSE) -> Takse | G24: 859681.09 | H24: 998586.78 | I24: 986568.83 | J24: 1424375.8 | K24: 1250720.2 | L24: 1305037.7 | M24: 1842088.1 | N24: 1839749.1 | O24: 1512961 | P24: 1483761.5 | Q24: 1124852.7 | R24: 1630932.8 | S24: =+SUM(G24:R24) -> 16259316 | T24: =+S24/$T$7*100 -> 0.21797629
A25: 714 | B25: =+VLOOKUP($A25,Master!$D$30:$G$226,4,FALSE) -> Naknade | G25: 2491580.7 | H25: 4111753.2 | I25: 3497306.6 | J25: 5307671.2 | K25: 3457943.4 | L25: 4104367.6 | M25: 6739444.4 | N25: 3916013.2 | O25: 4184422.2 | P25: 5561939.8 | Q25: 4081588.3 | R25: 5674136 | S25: =+SUM(G25:R25) -> 53128167 | T25: =+S25/$T$7*100 -> 0.71224896
A26: 715 | B26: =+VLOOKUP($A26,Master!$D$30:$G$226,4,FALSE) -> Ostali prihodi | G26: 7786873 | H26: 2506480.7 | I26: 2145814.9 | J26: 12837058 | K26: 3927503.8 | L26: 11737785 | M26: 20189939 | N26: 3567908.3 | O26: 9667575.5 | P26: 4545482.2 | Q26: 2028102.1 | R26: 11227785 | S26: =+SUM(G26:R26) -> 92168307 | T26: =+S26/$T$7*100 -> 1.2356305
A27: 73 | B27: =+VLOOKUP($A27,Master!$D$30:$G$226,4,FALSE) -> Primici od otplate kredita i sredstva prenesena iz prethodne godine | G27: 0 | H27: 0 | I27: 0 | J27: 0 | K27: 0 | L27: 0 | M27: 0 | N27: 0 | O27: 0 | P27: 0 | Q27: 0 | R27: 0 | S27: =+SUM(G27:R27) -> 0 | T27: =+S27/$T$7*100 -> 0
A28: 74 | B28: =+VLOOKUP($A28,Master!$D$30:$G$226,4,FALSE) -> Donacije i transferi | G28: 4232324.4 | H28: 113935.73 | I28: 3280879.6 | J28: 1986252.2 | K28: 1598183.9 | L28: 2512594.9 | M28: 3161033.9 | N28: 3345939.2 | O28: 3182006.7 | P28: 5569166 | Q28: 3354070.5 | R28: 8518966.4 | S28: =+SUM(G28:R28) -> 40855353 | T28: =+S28/$T$7*100 -> 0.54771667
A29: 4 | B29: =+VLOOKUP($A29,Master!$D$30:$G$226,4,FALSE) -> Izdaci budžeta | G29: =+G30+G40+G46+SUM(G47:G51) -> 1.3763596e+08 | H29: =+H30+H40+H46+SUM(H47:H51) -> 2.1435647e+08 | I29: =+I30+I40+I46+SUM(I47:I51) -> 2.3111336e+08 | J29: =+J30+J40+J46+SUM(J47:J51) -> 2.5886642e+08 | K29: =+K30+K40+K46+SUM(K47:K51) -> 2.1397279e+08 | L29: =+L30+L40+L46+SUM(L47:L51) -> 2.2430952e+08 | M29: =+M30+M40+M46+SUM(M47:M51) -> 2.4882782e+08 | N29: =+N30+N40+N46+SUM(N47:N51) -> 2.0435718e+08 | ... R29: =+R30+R40+R46+SUM(R47:R51) -> 5.0653009e+08 | S29: =+SUM(G29:R29) -> 3.0032656e+09 | T29: =+S29/$T$7*100 -> 40.262499
A30: 41 | B30: =+VLOOKUP($A30,Master!$D$30:$G$226,4,FALSE) -> Tekući izdaci | G30: =+SUM(G31:G39) -> 61594736 | H30: =+SUM(H31:H39) -> 82043744 | I30: =+SUM(I31:I39) -> 89978481 | J30: =+SUM(J31:J39) -> 1.0766289e+08 | K30: =+SUM(K31:K39) -> 86392977 | L30: =+SUM(L31:L39) -> 85927319 | M30: =+SUM(M31:M39) -> 88262304 | N30: =+SUM(N31:N39) -> 78686212 | ... R30: =+SUM(R31:R39) -> 1.898722e+08 | S30: =+SUM(G30:R30) -> 1.191702e+09 | T30: =+S30/$T$7*100 -> 15.976243
A31: 411 | B31: =+VLOOKUP($A31,Master!$D$30:$G$226,4,FALSE) -> Bruto zarade i doprinosi na teret poslodavca | G31: 55136606 | H31: 55692235 | I31: 55409710 | J31: 52206357 | K31: 59775777 | L31: 56817584 | M31: 56265870 | N31: 55237690 | O31: 57435269 | P31: 57178614 | Q31: 56295292 | R31: 57788253 | S31: =+SUM(G31:R31) -> 6.7523926e+08 | T31: =+S31/$T$7*100 -> 9.0524196
A32: 412 | B32: =+VLOOKUP($A32,Master!$D$30:$G$226,4,FALSE) -> Ostala lična primanja | G32: 104790.61 | H32: 1837884.5 | I32: 2257740.9 | J32: 1683604.6 | K32: 1510365 | L32: 1609176.7 | M32: 1737204.9 | N32: 1253292 | O32: 1536869.7 | P32: 1989821.8 | Q32: 1815072.9 | R32: 3369371.7 | S32: =+SUM(G32:R32) -> 20705195 | T32: =+S32/$T$7*100 -> 0.27757882
A33: 413 | B33: =+VLOOKUP($A33,Master!$D$30:$G$226,4,FALSE) -> Rashodi za materijal | G33: 201738.94 | H33: 3185464.5 | I33: 3529714.8 | J33: 3285232.9 | K33: 2227446.3 | L33: 2342625.5 | M33: 3340983.5 | N33: 1736766.4 | O33: 4477979 | P33: 3454251.1 | Q33: 2993781.4 | R33: 9282038 | S33: =+SUM(G33:R33) -> 40058022 | T33: =+S33/$T$7*100 -> 0.53702746
A34: 414 | B34: =+VLOOKUP($A34,Master!$D$30:$G$226,4,FALSE) -> Rashodi za usluge | G34: 757981.92 | H34: 3300375.7 | I34: 6875965.7 | J34: 6034145.7 | K34: 4158479.1 | L34: 5569605.4 | M34: 6877088.6 | N34: 3795777.3 | O34: 4358161.2 | P34: 7251119.8 | Q34: 8211565.2 | R34: 24116043 | S34: =+SUM(G34:R34) -> 81306308 | T34: =+S34/$T$7*100 -> 1.0900119
A35: 415 | B35: =+VLOOKUP($A35,Master!$D$30:$G$226,4,FALSE) -> Rashodi za tekuće održavanje | G35: 4201.6 | H35: 1444596.6 | I35: 1881519.3 | J35: 3225823.8 | K35: 501842.65 | L35: 3134652.5 | M35: 3729643.1 | N35: 2811315.1 | O35: 4060157.4 | P35: 2529921.9 | Q35: 2986528.8 | R35: 7558144.3 | S35: =+SUM(G35:R35) -> 33868347 | T35: =+S35/$T$7*100 -> 0.45404719
A36: 416 | B36: =+VLOOKUP($A36,Master!$D$30:$G$226,4,FALSE) -> Kamate | G36: 4029329.5 | H36: 4134269.1 | I36: 7187851.3 | J36: 31152461 | K36: 8072726.6 | L36: 5854358.3 | M36: 3738849.7 | N36: 3976245.2 | O36: 25966444 | P36: 14869851 | Q36: 13088142 | R36: 27215873 | S36: =+SUM(G36:R36) -> 1.492864e+08 | T36: =+S36/$T$7*100 -> 2.0013693
A37: 417 | B37: =+VLOOKUP($A37,Master!$D$30:$G$226,4,FALSE) -> Renta | G37: 155.47 | H37: 1060133 | I37: 1228548.3 | J37: 1368144.2 | K37: 707637.62 | L37: 996164.27 | M37: 1022257.6 | N37: 1097677.1 | O37: 456664.23 | P37: 871596.95 | Q37: 1032976.1 | R37: 3659045.2 | S37: =+SUM(G37:R37) -> 13501000 | T37: =+S37/$T$7*100 -> 0.18099765
A38: 418 | B38: =+VLOOKUP($A38,Master!$D$30:$G$226,4,FALSE) -> Subvencije | G38: 1261570 | H38: 3823193.8 | I38: 6034941.5 | J38: 4256461.2 | K38: 4091213.4 | L38: 5603254.6 | M38: 6020163.6 | N38: 5377628.5 | O38: 8420721.1 | P38: 11936637 | Q38: 14006808 | R38: 17955568 | S38: =+SUM(G38:R38) -> 88788161 | T38: =+S38/$T$7*100 -> 1.1903154
A39: 419 | B39: =+VLOOKUP($A39,Master!$D$30:$G$226,4,FALSE) -> Ostali izdaci | G39: 98362.58 | H39: 7565592.4 | I39: 5572488.8 | J39: 4450664.5 | K39: 5347489.5 | L39: 3999898.1 | M39: 5530243.2 | N39: 3399820.2 | O39: 3056347.7 | P39: 4834785.4 | Q39: 6165732.4 | R39: 38927861 | S39: =+SUM(G39:R39) -> 88949286 | T39: =+S39/$T$7*100 -> 1.1924755
A40: 42 | B40: =+VLOOKUP($A40,Master!$D$30:$G$226,4,FALSE) -> Transferi za socijalnu zaštitu | G40: =+SUM(G41:G45) -> 68104396 | H40: =+SUM(H41:H45) -> 82001954 | I40: =+SUM(I41:I45) -> 83531081 | J40: =+SUM(J41:J45) -> 83362794 | K40: =+SUM(K41:K45) -> 81960399 | L40: =+SUM(L41:L45) -> 84080432 | M40: =+SUM(M41:M45) -> 88657241 | N40: =+SUM(N41:N45) -> 85093908 | ... R40: =+SUM(R41:R45) -> 93229645 | S40: =+SUM(G40:R40) -> 1.0081678e+09 | T40: =+S40/$T$7*100 -> 13.515739
A41: 421 | B41: =+VLOOKUP($A41,Master!$D$30:$G$226,4,FALSE) -> Prava iz oblasti socijalne zaštite | G41: 17183647 | H41: 17507547 | I41: 16928238 | J41: 17627062 | K41: 17001906 | L41: 17979186 | M41: 16917527 | N41: 18622201 | O41: 16239773 | P41: 18952776 | Q41: 20366430 | R41: 17669067 | S41: =+SUM(G41:R41) -> 2.1299536e+08 | T41: =+S41/$T$7*100 -> 2.8554669
A42: 422 | B42: =+VLOOKUP($A42,Master!$D$30:$G$226,4,FALSE) -> Sredstva za tehnološke viškove | G42: 0 | H42: 1977301.4 | I42: 1962698.8 | J42: 1911485.8 | K42: 1876474.3 | L42: 1850184.2 | M42: 1906089.1 | N42: 1848788.1 | O42: 1914382.3 | P42: 1817889.2 | Q42: 1692636.9 | R42: 7258641.3 | S42: =+SUM(G42:R42) -> 26016571 | T42: =+S42/$T$7*100 -> 0.3487844
A43: 423 | B43: =+VLOOKUP($A43,Master!$D$30:$G$226,4,FALSE) -> Prava iz oblasti penzijskog i invalidskog osiguranja | G43: 49992837 | H43: 60436837 | I43: 61009060 | J43: 61180415 | K43: 60912898 | L43: 61972227 | M43: 61550828 | N43: 62111988 | O43: 62041260 | P43: 62741829 | Q43: 62810409 | R43: 63648278 | S43: =+SUM(G43:R43) -> 7.3040886e+08 | T43: =+S43/$T$7*100 -> 9.7920366
A44: 424 | B44: =+VLOOKUP($A44,Master!$D$30:$G$226,4,FALSE) -> Ostala prava iz oblasti zdravstvene zaštite | G44: 893164.24 | H44: 857362.15 | I44: 1257824.8 | J44: 1233497.6 | K44: 1005825.7 | L44: 1033640.7 | M44: 6613796.1 | N44: 1831545.7 | O44: 1235670.4 | P44: 1750407.3 | Q44: 1490076.6 | R44: 2910810 | S44: =+SUM(G44:R44) -> 22113621 | T44: =+S44/$T$7*100 -> 0.29646052
A45: 425 | B45: =+VLOOKUP($A45,Master!$D$30:$G$226,4,FALSE) -> Ostala prava iz zdravstvenog osiguranja | G45: 34748.05 | H45: 1222905.5 | I45: 2373259.2 | J45: 1410333.5 | K45: 1163295.3 | L45: 1245194.9 | M45: 1669001.2 | N45: 679384.88 | O45: 1758483.1 | P45: 1449378.4 | Q45: 1884503.8 | R45: 1742849.8 | S45: =+SUM(G45:R45) -> 16633338 | T45: =+S45/$T$7*100 -> 0.22299052
A46: 43 | B46: =+VLOOKUP($A46,Master!$D$30:$G$226,4,FALSE) -> Transferi institucijama, pojedincima, nevladinom i javnom sektoru | G46: 2751107.6 | H46: 35873258 | I46: 38911278 | J46: 41196450 | K46: 23893855 | L46: 33632618 | M46: 42177726 | N46: 25513178 | O46: 33676929 | P46: 30731069 | Q46: 34757124 | R46: 86071555 | S46: =+SUM(G46:R46) -> 4.2918615e+08 | T46: =+S46/$T$7*100 -> 5.7537725
A47: 44 | B47: =+VLOOKUP($A47,Master!$D$30:$G$226,4,FALSE) -> Kapitalni izdaci | G47: 3531423.5 | H47: 9832570.8 | I47: 15207244 | J47: 22608926 | K47: 11794813 | L47: 14825602 | M47: 21925196 | N47: 10857866 | O47: 26558156 | P47: 27898833 | Q47: 24234767 | R47: 1.0985309e+08 | S47: =+SUM(G47:R47) -> 2.9912849e+08 | T47: =+S47/$T$7*100 -> 4.0101883
A48: 451 | B48: =+VLOOKUP($A48,Master!$D$30:$G$226,4,FALSE) -> Pozajmice i krediti | G48: 0 | H48: 0 | I48: 0 | J48: 0 | K48: 0 | L48: 0 | M48: 0 | N48: 0 | O48: 0 | P48: 0 | Q48: 0 | R48: 0 | S48: =+SUM(G48:R48) -> 0 | T48: =+S48/$T$7*100 -> 0
A49: 47 | B49: =+VLOOKUP($A49,Master!$D$30:$G$226,4,FALSE) -> Rezerve | G49: 0 | H49: 0 | I49: 754804.72 | J49: 2241991.6 | K49: 8144950 | L49: 3778637.9 | M49: 5528221.5 | N49: 13662.2 | O49: 5725 | P49: 2349062.9 | Q49: 623337.71 | R49: 25368889 | S49: =+SUM(G49:R49) -> 48809283 | T49: =+S49/$T$7*100 -> 0.65434896
A50: 462 | B50: =+VLOOKUP($A50,Master!$D$30:$G$226,4,FALSE) -> Otplata garancija | G50: 0 | H50: 2301161.2 | I50: 0 | J50: 0 | K50: 0 | L50: 0 | M50: 0 | N50: 3548206.5 | O50: 0 | P50: 0 | Q50: 0 | R50: 0 | S50: =+SUM(G50:R50) -> 5849367.7 | T50: =+S50/$T$7*100 -> 0.078418027
A51: 4630 | B51: =+VLOOKUP($A51,Master!$D$30:$G$226,4,TRUE) -> Otplata obaveza iz prethodnog perioda | G51: 1654296.3 | H51: 2303779.2 | I51: 2730473.4 | J51: 1793362.9 | K51: 1785794.9 | L51: 2064913.5 | M51: 2277126.5 | N51: 644150 | O51: 1059498.3 | P51: 886966.89 | Q51: 1087506.2 | R51: 2134708.5 | S51: =+SUM(G51:R51) -> 20422577 | T51: =+S51/$T$7*100 -> 0.27378996
A52: 1005 | B52: =+VLOOKUP($A52,Master!$D$30:$G$228,4,FALSE) -> Neto povećanje obaveza | G52: 0 | H52: 0 | I52: 0 | J52: 0 | K52: 0 | L52: 0 | M52: 0 | N52: 0 | O52: 0 | P52: 0 | Q52: 0 | R52: 0 | S52: =+SUM(G52:R52) -> 0 | T52: =+S52/$T$7*100 -> 0
A53: 1000 | B53: =+VLOOKUP($A53,Master!$D$30:$G$226,4,FALSE) -> Suficit / deficit | G53: =+G10-G29 -> 13294665 | H53: =+H10-H29 -> -34107810 | I53: =+I10-I29 -> 13433747 | J53: =+J10-J29 -> 58708151 | K53: =+K10-K29 -> -18773496 | L53: =+L10-L29 -> -3079107.9 | M53: =+M10-M29 -> 14409119 | N53: =+N10-N29 -> 50583023 | ... R53: =+R10-R29 -> -2.4846478e+08 | S53: =SUM(G53:R53) -> -2.4754832e+08 | T53: =+S53/$T$7*100 -> -3.3186922
A54: 1001 | B54: =+VLOOKUP($A54,Master!$D$30:$G$226,4,FALSE) -> Primarni suficit/deficit | G54: =+G53+G36 -> 17323994 | H54: =+H53+H36 -> -29973541 | I54: =+I53+I36 -> 20621598 | J54: =+J53+J36 -> 89860612 | K54: =+K53+K36 -> -10700770 | L54: =+L53+L36 -> 2775250.3 | M54: =+M53+M36 -> 18147969 | N54: =+N53+N36 -> 54559268 | ... R54: =+R53+R36 -> -2.2124891e+08 | S54: =+SUM(G54:R54) -> -98261923 | T54: =+S54/$T$7*100 -> -1.3173229
A55: 46 | B55: =+VLOOKUP($A55,Master!$D$30:$G$226,4,FALSE) -> Otplata dugova | G55: =+SUM(G56:G57) -> 34807942 | H55: =+SUM(H56:H57) -> 6742029.2 | I55: =+SUM(I56:I57) -> 59758227 | J55: =+SUM(J56:J57) -> 1.1717132e+08 | K55: =+SUM(K56:K57) -> 39194399 | L55: =+SUM(L56:L57) -> 49926360 | M55: =+SUM(M56:M57) -> 35337295 | N55: =+SUM(N56:N57) -> 7581311.3 | ... R55: =+SUM(R56:R57) -> 36634253 | S55: =+SUM(G55:R55) -> 4.9564054e+08 | T55: =+S55/$T$7*100 -> 6.6446761
A56: 4611 | B56: =+VLOOKUP($A56,Master!$D$30:$G$226,4,FALSE) -> Otplata hartija od vrijednosti i kredita rezidentima | G56: 2494755.5 | H56: 2954245.7 | I56: 23477657 | J56: 95643966 | K56: 9858911.3 | L56: 27246632 | M56: 2591103.6 | N56: 3042001.9 | O56: 13593166 | P56: 2641469.5 | Q56: 9977859.9 | R56: 13242556 | S56: =+SUM(G56:R56) -> 2.0676433e+08 | T56: =+S56/$T$7*100 -> 2.7719322
A57: 4612 | B57: =+VLOOKUP($A57,Master!$D$30:$G$226,4,FALSE) -> Otplata hartija od vrijednosti i kredita nerezidentima | G57: 32313187 | H57: 3787783.5 | I57: 36280570 | J57: 21527356 | K57: 29335488 | L57: 22679728 | M57: 32746191 | N57: 4539309.4 | O57: 30932477 | P57: 4512450.2 | Q57: 46829981 | R57: 23391697 | S57: =+SUM(G57:R57) -> 2.8887622e+08 | T57: =+S57/$T$7*100 -> 3.8727439
A58: 4418 | B58: =+VLOOKUP($A58,Master!$D$30:$G$226,4,FALSE) -> Izdaci za kupovinu hartija od vrijednosti | G58: 0 | H58: 0 | I58: 1410390.8 | J58: 0 | K58: 1495372.2 | L58: 360695.5 | M58: 0 | N58: 0 | O58: 0 | P58: 3105 | Q58: 0 | R58: 0 | S58: =SUM(G58:R58) -> 3269563.5 | T58: =+S58/$T$7*100 -> 0.043832552
A59: 451 | B59: =+VLOOKUP($A59,Master!$D$30:$G$226,4,FALSE) -> Pozajmice i krediti | G59: 714721.61 | H59: 511310 | I59: 913671.44 | J59: 968084.1 | K59: 667226.13 | L59: 1012363.7 | M59: 136349.23 | N59: 1003067.9 | O59: 841263.3 | P59: 716355.96 | Q59: 341504.15 | R59: 1326787.4 | S59: =SUM(G59:R59) -> 9152705 | T59: =+S59/$T$7*100 -> 0.12270336
A60: 1002 | B60: =+VLOOKUP($A60,Master!$D$30:$G$226,4,FALSE) -> Nedostajuća sredstva | G60: =+G53-G55-G58-G59 -> -22227999 | H60: =+H53-H55-H58-H59 -> -41361149 | I60: =+I53-I55-I58-I59 -> -48648543 | J60: =+J53-J55-J58-J59 -> -59431256 | K60: =+K53-K55-K58-K59 -> -60130494 | L60: =+L53-L55-L58-L59 -> -54378527 | M60: =+M53-M55-M58-M59 -> -21064525 | N60: =+N53-N55-N58-N59 -> 41998644 | ... S60: =+S53-S55-S58-S59 -> -7.5561113e+08 | T60: =+S60/$T$7*100 -> -10.129904
A61: 1003 | B61: =+VLOOKUP($A61,Master!$D$30:$G$226,4,FALSE) -> Finansiranje | G61: =+SUM(G62:G66) -> 22227999 | H61: =+SUM(H62:H66) -> 41361149 | I61: =+SUM(I62:I66) -> 48648543 | J61: =+SUM(J62:J66) -> 59431256 | K61: =+SUM(K62:K66) -> 60130494 | L61: =+SUM(L62:L66) -> 54378527 | M61: =+SUM(M62:M66) -> 21064525 | N61: =+SUM(N62:N66) -> -41998644 | ... R61: =+SUM(R62:R66) -> 2.8642582e+08 | S61: =+SUM(G61:R61) -> 7.5561113e+08 | T61: =+S61/$T$7*100 -> 10.129904
A62: 7511 | B62: =+VLOOKUP($A62,Master!$D$30:$G$226,4,FALSE) -> Pozajmice i krediti od domaćih izvora | G62: 0 | H62: 0 | I62: 0 | J62: 0 | K62: 0 | L62: 0 | M62: 0 | N62: 0 | O62: 0 | P62: 0 | Q62: 0 | R62: 0 | S62: =+SUM(G62:R62) -> 0 | T62: =+S62/$T$7*100 -> 0
A63: 7512 | B63: =+VLOOKUP($A63,Master!$D$30:$G$226,4,FALSE) -> Pozajmice i krediti od inostranih izvora | G63: 1570614 | H63: 1799527.2 | I63: 6.9108442e+08 | J63: 4579976.1 | K63: 275366.86 | L63: 3040803.3 | M63: 7067114.1 | N63: 1379630.8 | O63: 6297708.3 | P63: 5933627.7 | Q63: 10223361 | R63: 2.0887266e+08 | S63: =+SUM(G63:R63) -> 9.4212481e+08 | T63: =+S63/$T$7*100 -> 12.630351
A64: 72 | B64: =+VLOOKUP($A64,Master!$D$30:$G$226,4,FALSE) -> Primici od prodaje imovine | G64: 29140.72 | H64: 223106.54 | I64: 24726.44 | J64: 107366.27 | K64: 292415.26 | L64: 390561.8 | M64: 369935.11 | N64: 79361.94 | O64: 51811.23 | P64: 128331.11 | Q64: 142869.78 | R64: 521948.26 | S64: =+SUM(G64:R64) -> 2361574.5 | T64: =+S64/$T$7*100 -> 0.031659834
A65: 73 | B65: Primici od otplate kredita | G65: 3141946 | H65: 1296535.4 | I65: 960869.5 | J65: 1155440.2 | K65: 1453164 | L65: 2214616.4 | M65: 3057323.5 | N65: 591472.64 | O65: 548308.03 | P65: 675338.76 | Q65: 2340020 | R65: 2884134.8 | S65: =+SUM(G65:R65) -> 20319169 | T65: =+S65/$T$7*100 -> 0.27240366
A66: 1004 | B66: =+VLOOKUP($A66,Master!$D$30:$G$226,4,FALSE) -> Povećanje / smanjenje depozita | G66: =-G60-SUM(G62:G65) -> 17486298 | H66: =-H60-SUM(H62:H65) -> 38041980 | I66: =-I60-SUM(I62:I65) -> -6.4342148e+08 | J66: =-J60-SUM(J62:J65) -> 53588473 | K66: =-K60-SUM(K62:K65) -> 58109548 | L66: =-L60-SUM(L62:L65) -> 48732546 | M66: =-M60-SUM(M62:M65) -> 10570152 | N66: =-N60-SUM(N62:N65) -> -44049109 | ... S66: =-S60-SUM(S62:S65) -> -2.0919442e+08 | T66: =+S66/$T$7*100 -> -2.8045106
G82: =+CONCATENATE(G6,"p") -> 2024-01p | H82: =+CONCATENATE(H6,"p") -> 2024-02p | I82: =+CONCATENATE(I6,"p") -> 2024-03p | J82: =+CONCATENATE(J6,"p") -> 2024-04p | K82: =+CONCATENATE(K6,"p") -> 2024-05p | L82: =+CONCATENATE(L6,"p") -> 2024-06p | M82: =+CONCATENATE(M6,"p") -> 2024-07p | N82: =+CONCATENATE(N6,"p") -> 2024-08p | ... R82: =+CONCATENATE(R6,"p") -> 2024-12p
B83: =+Master!G253 -> Plan ostvarenja budžeta | G83: 2024 | S83: =+S7 -> BDP | T83: 7279700000
G84: =+G8 -> Januar | H84: =+H8 -> Februar | I84: =+I8 -> Mart | J84: =+J8 -> April | K84: =+K8 -> Maj | L84: =+L8 -> Jun | M84: =+M8 -> Jul | N84: =+N8 -> Avgust | ... R84: =+R8 -> Decembar | S84: =+Master!G247 -> Jan - Dec | T84: =+T8 -> 0
G85: mil. € | H85: mil. € | I85: mil. € | J85: mil. € | K85: mil. € | L85: mil. € | M85: mil. € | N85: mil. € | O85: mil. € | P85: mil. € | Q85: mil. € | R85: mil. € | S85: mil. € | T85: =+T9 -> % BDP
A86: =+CONCATENATE(A10,"p") -> 7p | B86: =+VLOOKUP(LEFT($A86,LEN(A86)-1)*1,Master!$D$30:$G$226,4,FALSE) -> Prihodi budžeta | G86: =+G87+G95+SUM(G100:G104) -> 1.5093082e+08 | H86: =+H87+H95+SUM(H100:H104) -> 1.8024867e+08 | I86: =+I87+I95+SUM(I100:I104) -> 2.4454712e+08 | J86: =+J87+J95+SUM(J100:J104) -> 3.1757244e+08 | K86: =+K87+K95+SUM(K100:K104) -> 1.9329665e+08 | L86: =+L87+L95+SUM(L100:L104) -> 2.2262577e+08 | M86: =+M87+M95+SUM(M100:M104) -> 2.6155428e+08 | N86: =+N87+N95+SUM(N100:N104) -> 2.5453893e+08 | ... R86: =+R87+R95+SUM(R100:R104) -> 2.8250394e+08 | S86: =+SUM(G86:R86) -> 2.7726481e+09 | T86: =+S86/$T$83*100 -> 38.087396
A87: =+CONCATENATE(A11,"p") -> 711p | B87: =+VLOOKUP(LEFT($A87,LEN(A87)-1)*1,Master!$D$30:$G$226,4,FALSE) -> Porezi | G87: =+SUM(G88:G94) -> 1.2201195e+08 | H87: =+SUM(H88:H94) -> 1.213086e+08 | I87: =+SUM(I88:I94) -> 1.8455737e+08 | J87: =+SUM(J88:J94) -> 237707133 | K87: =+SUM(K88:K94) -> 1.4072551e+08 | L87: =+SUM(L88:L94) -> 1.5300341e+08 | M87: =+SUM(M88:M94) -> 1.7628745e+08 | N87: =+SUM(N88:N94) -> 1.8777203e+08 | ... R87: =+SUM(R88:R94) -> 1.5189943e+08 | S87: =+SUM(G87:R87) -> 1.9303157e+09 | T87: =+S87/$T$83*100 -> 26.516418
A88: =+CONCATENATE(A12,"p") -> 7111p | B88: =+VLOOKUP(LEFT($A88,LEN(A88)-1)*1,Master!$D$30:$G$229,4,FALSE) -> Porez na dohodak fizičkih lica | G88: 1998079.1 | H88: 6162755.9 | I88: 6774640.8 | J88: 9120679.7 | K88: 7999182.8 | L88: 5714143.4 | M88: 8103849.5 | N88: 7506393.2 | O88: 5157699.7 | P88: 8280983 | Q88: 6910150.8 | R88: 12889716 | S88: =+SUM(G88:R88) -> 86618274 | T88: =+S88/$T$83*100 -> 1.1898605
A89: =+CONCATENATE(A13,"p") -> 7112p | B89: =+VLOOKUP(LEFT($A89,LEN(A89)-1)*1,Master!$D$30:$G$229,4,FALSE) -> Porez na dobit pravnih lica | G89: 1951464.9 | H89: 5771727.9 | I89: 71210823 | J89: 1.002699e+08 | K89: 6533790.2 | L89: 5452063.1 | M89: 6399901.1 | N89: 3297843.9 | O89: 1093117.9 | P89: 998970.88 | Q89: 1001456.9 | R89: 1669995.8 | S89: =+SUM(G89:R89) -> 2.0565106e+08 | T89: =+S89/$T$83*100 -> 2.8249936
A90: =+CONCATENATE(A14,"p") -> 7113p | B90: =+VLOOKUP(LEFT($A90,LEN(A90)-1)*1,Master!$D$30:$G$229,4,FALSE) -> Porez na promet nepokretnosti | G90: 0 | H90: 0 | I90: 0 | J90: 0 | K90: 0 | L90: 0 | M90: 0 | N90: 0 | O90: 0 | P90: 0 | Q90: 0 | R90: 0 | S90: =+SUM(G90:R90) -> 0 | T90: =+S90/$T$83*100 -> 0
A91: =+CONCATENATE(A15,"p") -> 7114p | B91: =+VLOOKUP(LEFT($A91,LEN(A91)-1)*1,Master!$D$30:$G$229,4,FALSE) -> Porez na dodatu vrijednost | G91: 91572727 | H91: 81980320 | I91: 78800497 | J91: 94537942 | K91: 88184793 | L91: 1.0088548e+08 | M91: 1.1941821e+08 | N91: 1.2648001e+08 | O91: 1.1581045e+08 | P91: 1.065921e+08 | Q91: 96782846 | R91: 98587067 | S91: =+SUM(G91:R91) -> 1.1996324e+09 | T91: =+S91/$T$83*100 -> 16.479147
A92: =+CONCATENATE(A16,"p") -> 7115p | B92: =+VLOOKUP(LEFT($A92,LEN(A92)-1)*1,Master!$D$30:$G$229,4,FALSE) -> Akcize | G92: 22556345 | H92: 22366847 | I92: 21994790 | J92: 26932676 | K92: 31723754 | L92: 34644163 | M92: 34841982 | N92: 43213446 | O92: 35235664 | P92: 32313707 | Q92: 27518868 | R92: 32457758 | S92: =+SUM(G92:R92) -> 365800000 | T92: =+S92/$T$83*100 -> 5.0249323
A93: =+CONCATENATE(A17,"p") -> 7116p | B93: =+VLOOKUP(LEFT($A93,LEN(A93)-1)*1,Master!$D$30:$G$229,4,FALSE) -> Porez na međunarodnu trgovinu i transakcije | G93: 2997811.1 | H93: 3849203.3 | I93: 4636318.1 | J93: 5632584.2 | K93: 5010618.8 | L93: 5120393.1 | M93: 6113583.8 | N93: 5829872.3 | O93: 5167443.2 | P93: 4514924 | Q93: 4265187.6 | R93: 5157250.1 | S93: =+SUM(G93:R93) -> 58295189 | T93: =+S93/$T$83*100 -> 0.8007911
A94: =+CONCATENATE(A18,"p") -> 7118p | B94: =+VLOOKUP(LEFT($A94,LEN(A94)-1)*1,Master!$D$30:$G$229,4,FALSE) -> Ostali državni porezi | G94: 935525.03 | H94: 1177745.5 | I94: 1140306.6 | J94: 1213350.5 | K94: 1273370.3 | L94: 1187162.6 | M94: 1409919.1 | N94: 1444461.3 | O94: 1218192.1 | P94: 1006146 | Q94: 1174869.6 | R94: 1137639.8 | S94: =+SUM(G94:R94) -> 14318688 | T94: =+S94/$T$83*100 -> 0.19669338
A95: =+CONCATENATE(A19,"p") -> 712p | B95: =+VLOOKUP(LEFT($A95,LEN(A95)-1)*1,Master!$D$30:$G$229,4,FALSE) -> Doprinosi | G95: =+SUM(G96:G99) -> 13548213 | H95: =+SUM(H96:H99) -> 51209302 | I95: =+SUM(I96:I99) -> 50079163 | J95: =+SUM(J96:J99) -> 58312080 | K95: =+SUM(K96:K99) -> 44239433 | L95: =+SUM(L96:L99) -> 48567224 | M95: =+SUM(M96:M99) -> 55016980 | N95: =+SUM(N96:N99) -> 54208065 | ... R95: =+SUM(R96:R99) -> 70138716 | S95: =+SUM(G95:R95) -> 5.8539905e+08 | T95: =+S95/$T$83*100 -> 8.0415271
A96: =+CONCATENATE(A20,"p") -> 7121p | B96: =+VLOOKUP(LEFT($A96,LEN(A96)-1)*1,Master!$D$30:$G$229,4,FALSE) -> Doprinosi za penzijsko i invalidsko osiguranje | G96: 12277377 | H96: 47091163 | I96: 45892078 | J96: 53612426 | K96: 40659762 | L96: 44568701 | M96: 50382564 | N96: 49830258 | O96: 43811540 | P96: 50246199 | Q96: 35735848 | R96: 65674432 | S96: =+SUM(G96:R96) -> 5.3978235e+08 | T96: =+S96/$T$83*100 -> 7.4148982
A97: =+CONCATENATE(A21,"p") -> 7122p | B97: =+VLOOKUP(LEFT($A97,LEN(A97)-1)*1,Master!$D$30:$G$229,4,FALSE) -> Doprinosi za zdravstveno osiguranje | G97: 307850.36 | H97: 382153.8 | I97: 494660.43 | J97: 456232.43 | K97: 296984.02 | L97: 372046.09 | M97: 516613.79 | N97: 173459.08 | O97: 0 | P97: 0 | Q97: 0 | R97: 0 | S97: =+SUM(G97:R97) -> 3000000 | T97: =+S97/$T$83*100 -> 0.041210489
A98: =+CONCATENATE(A22,"p") -> 7123p | B98: =+VLOOKUP(LEFT($A98,LEN(A98)-1)*1,Master!$D$30:$G$229,4,FALSE) -> Doprinosi za osiguranje od nezaposlenosti | G98: 569229.31 | H98: 2203988.6 | I98: 2137007.7 | J98: 2464722.1 | K98: 1910648.7 | L98: 2095564.4 | M98: 2381944.4 | N98: 2401758.4 | O98: 2261919.6 | P98: 1799280.7 | Q98: 1500429.4 | R98: 2271124.8 | S98: =+SUM(G98:R98) -> 23997618 | T98: =+S98/$T$83*100 -> 0.32965119
A99: =+CONCATENATE(A23,"p") -> 7124p | B99: =+VLOOKUP(LEFT($A99,LEN(A99)-1)*1,Master!$D$30:$G$229,4,FALSE) -> Ostali doprinosi | G99: 393756.44 | H99: 1531996.2 | I99: 1555417.1 | J99: 1778698.9 | K99: 1372039.1 | L99: 1530912.3 | M99: 1735857 | N99: 1802589.3 | O99: 1682374.5 | P99: 1420349.6 | Q99: 1621932.6 | R99: 2193158.9 | S99: =+SUM(G99:R99) -> 18619082 | T99: =+S99/$T$83*100 -> 0.25576716
A100: =+CONCATENATE(A24,"p") -> 713p | B100: =+VLOOKUP(LEFT($A100,LEN(A100)-1)*1,Master!$D$30:$G$229,4,FALSE) -> Takse | G100: 859681.09 | H100: 998586.78 | I100: 986568.83 | J100: 1424375.8 | K100: 1250720.2 | L100: 1305037.7 | M100: 1800426.6 | N100: 1808424.7 | O100: 1276524.3 | P100: 1366751.6 | Q100: 1263473 | R100: 1510973.9 | S100: =+SUM(G100:R100) -> 15851544 | T100: =+S100/$T$83*100 -> 0.21774997
A101: =+CONCATENATE(A25,"p") -> 714p | B101: =+VLOOKUP(LEFT($A101,LEN(A101)-1)*1,Master!$D$30:$G$229,4,FALSE) -> Naknade | G101: 2491580.7 | H101: 4111753.2 | I101: 3497306.6 | J101: 5307671.2 | K101: 3457943.4 | L101: 4104367.6 | M101: 6739444.4 | N101: 3916013.2 | O101: 3596943.3 | P101: 8444856.6 | Q101: 9539829.9 | R101: 7615370.5 | S101: =+SUM(G101:R101) -> 62823081 | T101: =+S101/$T$83*100 -> 0.86298997
A102: =+CONCATENATE(A26,"p") -> 715p | B102: =+VLOOKUP(LEFT($A102,LEN(A102)-1)*1,Master!$D$30:$G$229,4,FALSE) -> Ostali prihodi | G102: 7787071.8 | H102: 2506490.7 | I102: 2145824.9 | J102: 12834932 | K102: 2024117.1 | L102: 13130823 | M102: 18548150 | N102: 3488463.1 | O102: 4235278.5 | P102: 14669179 | Q102: 14632746 | R102: 25955742 | S102: =+SUM(G102:R102) -> 1.2195882e+08 | T102: =+S102/$T$83*100 -> 1.6753275
A103: =+CONCATENATE(A27,"p") -> 73p | B103: =+VLOOKUP(LEFT($A103,LEN(A103)-1)*1,Master!$D$30:$G$229,4,FALSE) -> Primici od otplate kredita i sredstva prenesena iz prethodne godine | G103: 0 | H103: 0 | I103: 0 | J103: 0 | K103: 0 | L103: 0 | M103: 0 | N103: 0 | O103: 0 | P103: 0 | Q103: 0 | R103: 0 | S103: =+SUM(G103:R103) -> 0 | T103: =+S103/$T$83*100 -> 0
A104: =+CONCATENATE(A28,"p") -> 74p | B104: =+VLOOKUP(LEFT($A104,LEN(A104)-1)*1,Master!$D$30:$G$229,4,FALSE) -> Donacije i transferi | G104: 4232324.4 | H104: 113935.73 | I104: 3280879.6 | J104: 1986252.2 | K104: 1598929.7 | L104: 2514909.9 | M104: 3161833.9 | N104: 3345939.2 | O104: 2160528.6 | P104: 4071103.8 | Q104: 4449653.6 | R104: 25383709 | S104: =+SUM(G104:R104) -> 56300000 | T104: =+S104/$T$83*100 -> 0.77338352
A105: =+CONCATENATE(A29,"p") -> 4p | B105: =+VLOOKUP(LEFT($A105,LEN(A105)-1)*1,Master!$D$30:$G$229,4,FALSE) -> Izdaci budžeta | G105: =+G106+G116+G122+SUM(G123:G127) -> 1.8382067e+08 | H105: =+H106+H116+H122+SUM(H123:H127) -> 2.0903455e+08 | I105: =+I106+I116+I122+SUM(I123:I127) -> 2.2338995e+08 | J105: =+J106+J116+J122+SUM(J123:J127) -> 2.4592215e+08 | K105: =+K106+K116+K122+SUM(K123:K127) -> 2.2939596e+08 | L105: =+L106+L116+L122+SUM(L123:L127) -> 2.2577025e+08 | M105: =+M106+M116+M122+SUM(M123:M127) -> 2.4178921e+08 | N105: =+N106+N116+N122+SUM(N123:N127) -> 1.9577508e+08 | ... R105: =+R106+R116+R122+SUM(R123:R127) -> 3.0951221e+08 | S105: =+SUM(G105:R105) -> 3.0081176e+09 | T105: =+S105/$T$83*100 -> 41.322
A106: =+CONCATENATE(A30,"p") -> 41p | B106: =+VLOOKUP(LEFT($A106,LEN(A106)-1)*1,Master!$D$30:$G$229,4,FALSE) -> Tekući izdaci | G106: =+SUM(G107:G115) -> 78841207 | H106: =+SUM(H107:H115) -> 83014021 | I106: =+SUM(I107:I115) -> 92048933 | J106: =+SUM(J107:J115) -> 1.0705035e+08 | K106: =+SUM(K107:K115) -> 97740761 | L106: =+SUM(L107:L115) -> 88589893 | M106: =+SUM(M107:M115) -> 89195136 | N106: =+SUM(N107:N115) -> 74903604 | ... R106: =+SUM(R107:R115) -> 1.2660968e+08 | S106: =+SUM(G106:R106) -> 1.227248e+09 | T106: =+S106/$T$83*100 -> 16.858496
A107: =+CONCATENATE(A31,"p") -> 411p | B107: =+VLOOKUP(LEFT($A107,LEN(A107)-1)*1,Master!$D$30:$G$229,4,FALSE) -> Bruto zarade i doprinosi na teret poslodavca | G107: 55090718 | H107: 55927682 | I107: 55523778 | J107: 55425859 | K107: 56381450 | L107: 56771012 | M107: 56426792 | N107: 55778240 | O107: 62806361 | P107: 62805999 | Q107: 62805999 | R107: 62805992 | S107: =+SUM(G107:R107) -> 6.9854988e+08 | T107: =+S107/$T$83*100 -> 9.5958609
A108: =+CONCATENATE(A32,"p") -> 412p | B108: =+VLOOKUP(LEFT($A108,LEN(A108)-1)*1,Master!$D$30:$G$229,4,FALSE) -> Ostala lična primanja | G108: 1845012.4 | H108: 1121381.1 | I108: 1789478.1 | J108: 1613860.6 | K108: 1532334.9 | L108: 1656073 | M108: 1758849.7 | N108: 1228863.4 | O108: 2615345.4 | P108: 2604939.9 | Q108: 2604939.9 | R108: 2604938.6 | S108: =+SUM(G108:R108) -> 22976017 | T108: =+S108/$T$83*100 -> 0.31561764
A109: =+CONCATENATE(A33,"p") -> 413p | B109: =+VLOOKUP(LEFT($A109,LEN(A109)-1)*1,Master!$D$30:$G$229,4,FALSE) -> Rashodi za materijal | G109: 2369982.6 | H109: 4309740 | I109: 4627461 | J109: 3794525 | K109: 3824230.9 | L109: 4216176.8 | M109: 3288042 | N109: 2536576.8 | O109: 5879314.2 | P109: 5015153 | Q109: 5015153 | R109: 5015149.2 | S109: =+SUM(G109:R109) -> 49891504 | T109: =+S109/$T$83*100 -> 0.68535111
A110: =+CONCATENATE(A34,"p") -> 414p | B110: =+VLOOKUP(LEFT($A110,LEN(A110)-1)*1,Master!$D$30:$G$229,4,FALSE) -> Rashodi za usluge | G110: 2784249.9 | H110: 5200756.5 | I110: 5783209.4 | J110: 6441506.1 | K110: 4515023.8 | L110: 5470012.6 | M110: 4997441.2 | N110: 2840935.8 | O110: 11163602 | P110: 10908881 | Q110: 10908881 | R110: 10908873 | S110: =+SUM(G110:R110) -> 81923372 | T110: =+S110/$T$83*100 -> 1.1253674
A111: =+CONCATENATE(A35,"p") -> 415p | B111: =+VLOOKUP(LEFT($A111,LEN(A111)-1)*1,Master!$D$30:$G$229,4,FALSE) -> Rashodi za tekuće održavanje | G111: 421997.91 | H111: 2207116.1 | I111: 2227194.2 | J111: 3630794 | K111: 1842653.5 | L111: 3199704.1 | M111: 5358791.5 | N111: 1479981.5 | O111: 4707282.7 | P111: 4676428.3 | Q111: 4676428.3 | R111: 4676427 | S111: =+SUM(G111:R111) -> 39104799 | T111: =+S111/$T$83*100 -> 0.53717597
A112: =+CONCATENATE(A36,"p") -> 416p | B112: =+VLOOKUP(LEFT($A112,LEN(A112)-1)*1,Master!$D$30:$G$229,4,FALSE) -> Kamate | G112: 4503949.3 | H112: 3756292.3 | I112: 7092103.2 | J112: 23844712 | K112: 16055592 | L112: 5378731.6 | M112: 3774375.9 | N112: 4401369 | O112: 25791431 | P112: 17655487 | Q112: 17655487 | R112: 17655487 | S112: =+SUM(G112:R112) -> 1.4756502e+08 | T112: =+S112/$T$83*100 -> 2.0270755
A113: =+CONCATENATE(A37,"p") -> 417p | B113: =+VLOOKUP(LEFT($A113,LEN(A113)-1)*1,Master!$D$30:$G$229,4,FALSE) -> Renta | G113: 1145827.7 | H113: 1121922.1 | I113: 1173734.9 | J113: 1216286.5 | K113: 1123391.9 | L113: 1136951 | M113: 1173779.9 | N113: 955386.8 | O113: 1256374.8 | P113: 1251288 | Q113: 1251288 | R113: 1251287.8 | S113: =+SUM(G113:R113) -> 14057519 | T113: =+S113/$T$83*100 -> 0.19310575
A114: =+CONCATENATE(A38,"p") -> 418p | B114: =+VLOOKUP(LEFT($A114,LEN(A114)-1)*1,Master!$D$30:$G$229,4,FALSE) -> Subvencije | G114: 2731666.7 | H114: 4565116 | I114: 6441730.7 | J114: 6542895.7 | K114: 7137211.9 | L114: 5996551 | M114: 6613693.3 | N114: 2663566.7 | O114: 9829142 | P114: 9829142 | Q114: 9829142 | R114: 9829142 | S114: =+SUM(G114:R114) -> 82009000 | T114: =+S114/$T$83*100 -> 1.1265437
A115: =+CONCATENATE(A39,"p") -> 419p | B115: =+VLOOKUP(LEFT($A115,LEN(A115)-1)*1,Master!$D$30:$G$229,4,FALSE) -> Ostali izdaci | G115: 7947802.7 | H115: 4804015.2 | I115: 7390243.7 | J115: 4539908.4 | K115: 5328872.1 | L115: 4764681.1 | M115: 5803371.2 | N115: 3018683.9 | O115: 11986107 | P115: 11862386 | Q115: 11862386 | R115: 11862382 | S115: =+SUM(G115:R115) -> 91170840 | T115: =+S115/$T$83*100 -> 1.2523983
A116: =+CONCATENATE(A40,"p") -> 42p | B116: =+VLOOKUP(LEFT($A116,LEN(A116)-1)*1,Master!$D$30:$G$229,4,FALSE) -> Transferi za socijalnu zaštitu | G116: =+SUM(G117:G121) -> 73494601 | H116: =+SUM(H117:H121) -> 82093001 | I116: =+SUM(I117:I121) -> 81100925 | J116: =+SUM(J117:J121) -> 83912020 | K116: =+SUM(K117:K121) -> 82988777 | L116: =+SUM(L117:L121) -> 87080192 | M116: =+SUM(M117:M121) -> 83205496 | N116: =+SUM(N117:N121) -> 85610351 | ... R116: =+SUM(R117:R121) -> 86802593 | S116: =+SUM(G116:R116) -> 1.0073326e+09 | T116: =+S116/$T$83*100 -> 13.837556
...

Sheet Analitika 2026
E2: =+Master!G6 -> Crna Gora
E3: =+Master!G7 -> Ministarstvo finansija
E4: =+Master!G8 -> Direktorat za državni budžet
N6: =+IF(Master!B3-10>=0,CONCATENATE(Master!B4,"-",Master!B3),CONCATENATE(Master!B4,"-0",Master!B3)) -> 2026-09 | O6: =+CONCATENATE(N6,"p") -> 2026-09p | R6: =+IF(Master!B3-10>=0,CONCATENATE(Master!B4-1,"-",Master!B3),CONCATENATE(Master!B4-1,"-0",Master!B3)) -> 2025-09
B7: =+Master!G254 -> Analitika za period Jan - Sep | G7: =+Master!G246 -> Jan - Sep | N7: =+Master!G245 -> Septembar
G8: =+Master!G26 -> Ostvarenje | H8: =+Master!G25 -> Plan | I8: =+Master!G261 -> Odstupanje | K8: =+CONCATENATE(Master!G246," ",Master!B4-1) -> Jan - Sep 2025 | L8: =+I8 -> Odstupanje | N8: =+G8 -> Ostvarenje | O8: =+H8 -> Plan | P8: =+I8 -> Odstupanje | R8: =+CONCATENATE(Master!G245," ",Master!B4-1) -> Septembar 2025 | S8: =+P8 -> Odstupanje
G9: mil. € | H9: mil. € | I9: mil. € | J9: % | K9: mil. € | L9: mil. € | M9: % | N9: mil. € | O9: mil. € | P9: mil. € | Q9: % | R9: mil. € | S9: mil. € | T9: %
A10: 7 | B10: =+VLOOKUP($A10,Master!$D$30:$G$226,4,FALSE) -> Prihodi budžeta | G10: ='2026'!S10 -> 2.3184663e+09 | H10: =SUM('2026'!G86:O86) -> 2.2719566e+09 | I10: =+G10-H10 -> 46509730 | J10: =IF(+IF(ISERROR(G10/H10),"…",G10/H10-1)>200%,"...",IF(ISERROR(G10/H10),"…",G10/H10-1)) -> 0.020471223 | K10: =SUM('2025'!G10:O10) -> 2.1017023e+09 | L10: =+G10-K10 -> 2.1676401e+08 | M10: =IF(+IF(ISERROR(G10/K10),"…",G10/K10-1)>200%,"...",IF(ISERROR(G10/K10),"…",G10/K10-1)) -> 0.10313735 | N10: ='2026'!O10 -> 3.1283896e+08 | O10: ='2026'!O86 -> 2.8725622e+08 | P10: =+N10-O10 -> 25582738 | Q10: =IF(+IF(ISERROR(N10/O10),"…",N10/O10-1)>200%,"...",IF(ISERROR(N10/O10),"…",N10/O10-1)) -> 0.089058952 | R10: ='2025'!O10 -> 2.6188269e+08 | S10: =+N10-R10 -> 50956269 | T10: =IF(+IF(ISERROR(N10/R10),"…",N10/R10-1)>200%,"...",IF(ISERROR(N10/R10),"…",N10/R10-1)) -> 0.1945767
A11: 711 | B11: =+VLOOKUP($A11,Master!$D$30:$G$226,4,FALSE) -> Porezi | G11: ='2026'!S11 -> 1.8152465e+09 | H11: =SUM('2026'!G87:O87) -> 1.7883794e+09 | I11: =+G11-H11 -> 26867127 | J11: =IF(+IF(ISERROR(G11/H11-1),"…",G11/H11-1)>200%,"...",IF(ISERROR(G11/H11-1),"…",G11/H11-1)) -> 0.01502317 | K11: =SUM('2025'!G11:O11) -> 1.693534e+09 | L11: =+G11-K11 -> 1.2171256e+08 | M11: =IF(+IF(ISERROR(G11/K11),"…",G11/K11-1)>200%,"...",IF(ISERROR(G11/K11),"…",G11/K11-1)) -> 0.071868978 | N11: ='2026'!O11 -> 2.332855e+08 | O11: ='2026'!O87 -> 2.1926237e+08 | P11: =+N11-O11 -> 14023130 | Q11: =IF(+IF(ISERROR(N11/O11),"…",N11/O11-1)>200%,"...",IF(ISERROR(N11/O11),"…",N11/O11-1)) -> 0.063955934 | R11: ='2025'!O11 -> 2.1115435e+08 | S11: =+N11-R11 -> 22131158 | T11: =IF(+IF(ISERROR(N11/R11),"…",N11/R11-1)>200%,"...",IF(ISERROR(N11/R11),"…",N11/R11-1)) -> 0.10481034
A12: 7111 | B12: =+VLOOKUP($A12,Master!$D$30:$G$226,4,FALSE) -> Porez na dohodak fizičkih lica | G12: ='2026'!S12 -> 94902902 | H12: =SUM('2026'!G88:O88) -> 82162553 | I12: =+G12-H12 -> 12740349 | J12: =IF(+IF(ISERROR(G12/H12-1),"…",G12/H12-1)>200%,"...",IF(ISERROR(G12/H12-1),"…",G12/H12-1)) -> 0.15506272 | K12: =SUM('2025'!G12:O12) -> 77928569 | L12: =+G12-K12 -> 16974333 | M12: =IF(+IF(ISERROR(G12/K12),"…",G12/K12-1)>200%,"...",IF(ISERROR(G12/K12),"…",G12/K12-1)) -> 0.21781912 | N12: ='2026'!O12 -> 13634403 | O12: ='2026'!O88 -> 10706229 | P12: =+N12-O12 -> 2928173.9 | Q12: =IF(+IF(ISERROR(N12/O12),"…",N12/O12-1)>200%,"...",IF(ISERROR(N12/O12),"…",N12/O12-1)) -> 0.27350188 | R12: ='2025'!O12 -> 11794722 | S12: =+N12-R12 -> 1839681.7 | T12: =IF(+IF(ISERROR(N12/R12),"…",N12/R12-1)>200%,"...",IF(ISERROR(N12/R12),"…",N12/R12-1)) -> 0.155975
A13: 7112 | B13: =+VLOOKUP($A13,Master!$D$30:$G$226,4,FALSE) -> Porez na dobit pravnih lica | G13: ='2026'!S13 -> 2.3080626e+08 | H13: =SUM('2026'!G89:O89) -> 2.3332746e+08 | I13: =+G13-H13 -> -2521196.7 | J13: =IF(+IF(ISERROR(G13/H13-1),"…",G13/H13-1)>200%,"...",IF(ISERROR(G13/H13-1),"…",G13/H13-1)) -> -0.010805401 | K13: =SUM('2025'!G13:O13) -> 2.2254713e+08 | L13: =+G13-K13 -> 8259136.1 | M13: =IF(+IF(ISERROR(G13/K13),"…",G13/K13-1)>200%,"...",IF(ISERROR(G13/K13),"…",G13/K13-1)) -> 0.037111852 | N13: ='2026'!O13 -> 3062872.8 | O13: ='2026'!O89 -> 4675368.7 | P13: =+N13-O13 -> -1612495.9 | Q13: =IF(+IF(ISERROR(N13/O13),"…",N13/O13-1)>200%,"...",IF(ISERROR(N13/O13),"…",N13/O13-1)) -> -0.34489171 | R13: ='2025'!O13 -> 3732962 | S13: =+N13-R13 -> -670089.26 | T13: =IF(+IF(ISERROR(N13/R13),"…",N13/R13-1)>200%,"...",IF(ISERROR(N13/R13),"…",N13/R13-1)) -> -0.17950605
A14: 7113 | B14: =+VLOOKUP($A14,Master!$D$30:$G$226,4,FALSE) -> Porez na promet nepokretnosti | G14: ='2026'!S14 -> 1 | H14: =SUM('2026'!G90:O90) -> 0 | I14: =+G14-H14 -> 1 | J14: =IF(+IF(ISERROR(G14/H14-1),"…",G14/H14-1)>200%,"...",IF(ISERROR(G14/H14-1),"…",G14/H14-1)) -> ... | K14: =SUM('2025'!G14:O14) -> 0 | L14: =+G14-K14 -> 1 | M14: =IF(+IF(ISERROR(G14/K14),"…",G14/K14-1)>200%,"...",IF(ISERROR(G14/K14),"…",G14/K14-1)) -> ... | N14: ='2026'!O14 -> 1 | O14: ='2026'!O90 -> 0 | P14: =+N14-O14 -> 1 | Q14: =IF(+IF(ISERROR(N14/O14),"…",N14/O14-1)>200%,"...",IF(ISERROR(N14/O14),"…",N14/O14-1)) -> ... | R14: ='2025'!O14 -> 0 | S14: =+N14-R14 -> 1 | T14: =IF(+IF(ISERROR(N14/R14),"…",N14/R14-1)>200%,"...",IF(ISERROR(N14/R14),"…",N14/R14-1)) -> ...
A15: 7114 | B15: =+VLOOKUP($A15,Master!$D$30:$G$226,4,FALSE) -> Porez na dodatu vrijednost | G15: ='2026'!S15 -> 1.105042e+09 | H15: =SUM('2026'!G91:O91) -> 1.0881822e+09 | I15: =+G15-H15 -> 16859780 | J15: =IF(+IF(ISERROR(G15/H15-1),"…",G15/H15-1)>200%,"...",IF(ISERROR(G15/H15-1),"…",G15/H15-1)) -> 0.015493527 | K15: =SUM('2025'!G15:O15) -> 1.03018e+09 | L15: =+G15-K15 -> 74861972 | M15: =IF(+IF(ISERROR(G15/K15),"…",G15/K15-1)>200%,"...",IF(ISERROR(G15/K15),"…",G15/K15-1)) -> 0.072668828 | N15: ='2026'!O15 -> 1.7061687e+08 | O15: ='2026'!O91 -> 1.539032e+08 | P15: =+N15-O15 -> 16713671 | Q15: =IF(+IF(ISERROR(N15/O15),"…",N15/O15-1)>200%,"...",IF(ISERROR(N15/O15),"…",N15/O15-1)) -> 0.1085986 | R15: ='2025'!O15 -> 1.4985356e+08 | S15: =+N15-R15 -> 20763314 | T15: =IF(+IF(ISERROR(N15/R15),"…",N15/R15-1)>200%,"...",IF(ISERROR(N15/R15),"…",N15/R15-1)) -> 0.13855736
A16: 7115 | B16: =+VLOOKUP($A16,Master!$D$30:$G$226,4,FALSE) -> Akcize | G16: ='2026'!S16 -> 3.1723789e+08 | H16: =SUM('2026'!G92:O92) -> 3.2000348e+08 | I16: =+G16-H16 -> -2765590.4 | J16: =IF(+IF(ISERROR(G16/H16-1),"…",G16/H16-1)>200%,"...",IF(ISERROR(G16/H16-1),"…",G16/H16-1)) -> -0.0086423762 | K16: =SUM('2025'!G16:O16) -> 2.9865419e+08 | L16: =+G16-K16 -> 18583696 | M16: =IF(+IF(ISERROR(G16/K16),"…",G16/K16-1)>200%,"...",IF(ISERROR(G16/K16),"…",G16/K16-1)) -> 0.062224797 | N16: ='2026'!O16 -> 37614234 | O16: ='2026'!O92 -> 41937531 | P16: =+N16-O16 -> -4323297.7 | Q16: =IF(+IF(ISERROR(N16/O16),"…",N16/O16-1)>200%,"...",IF(ISERROR(N16/O16),"…",N16/O16-1)) -> -0.10308899 | R16: ='2025'!O16 -> 38082169 | S16: =+N16-R16 -> -467934.82 | T16: =IF(+IF(ISERROR(N16/R16),"…",N16/R16-1)>200%,"...",IF(ISERROR(N16/R16),"…",N16/R16-1)) -> -0.012287505
A17: 7116 | B17: =+VLOOKUP($A17,Master!$D$30:$G$226,4,FALSE) -> Porez na međunarodnu trgovinu i transakcije | G17: ='2026'!S17 -> 54311195 | H17: =SUM('2026'!G93:O93) -> 51589702 | I17: =+G17-H17 -> 2721493.2 | J17: =IF(+IF(ISERROR(G17/H17-1),"…",G17/H17-1)>200%,"...",IF(ISERROR(G17/H17-1),"…",G17/H17-1)) -> 0.052752644 | K17: =SUM('2025'!G17:O17) -> 52309548 | L17: =+G17-K17 -> 2001646.7 | M17: =IF(+IF(ISERROR(G17/K17),"…",G17/K17-1)>200%,"...",IF(ISERROR(G17/K17),"…",G17/K17-1)) -> 0.038265417 | N17: ='2026'!O17 -> 6669687.4 | O17: ='2026'!O93 -> 6493627.6 | P17: =+N17-O17 -> 176059.82 | Q17: =IF(+IF(ISERROR(N17/O17),"…",N17/O17-1)>200%,"...",IF(ISERROR(N17/O17),"…",N17/O17-1)) -> 0.027112706 | R17: ='2025'!O17 -> 6435243.2 | S17: =+N17-R17 -> 234444.28 | T17: =IF(+IF(ISERROR(N17/R17),"…",N17/R17-1)>200%,"...",IF(ISERROR(N17/R17),"…",N17/R17-1)) -> 0.036431301
A18: 7118 | B18: =+VLOOKUP($A18,Master!$D$30:$G$226,4,FALSE) -> Ostali državni porezi | G18: ='2026'!S18 -> 12946321 | H18: =SUM('2026'!G94:O94) -> 13114031 | I18: =+G18-H18 -> -167709.56 | J18: =IF(+IF(ISERROR(G18/H18-1),"…",G18/H18-1)>200%,"...",IF(ISERROR(G18/H18-1),"…",G18/H18-1)) -> -0.012788559 | K18: =SUM('2025'!G18:O18) -> 11914551 | L18: =+G18-K18 -> 1031770.7 | M18: =IF(+IF(ISERROR(G18/K18),"…",G18/K18-1)>200%,"...",IF(ISERROR(G18/K18),"…",G18/K18-1)) -> 0.086597533 | N18: ='2026'!O18 -> 1687434.9 | O18: ='2026'!O94 -> 1546417.5 | P18: =+N18-O18 -> 141017.47 | Q18: =IF(+IF(ISERROR(N18/O18),"…",N18/O18-1)>200%,"...",IF(ISERROR(N18/O18),"…",N18/O18-1)) -> 0.09118978 | R18: ='2025'!O18 -> 1255693.2 | S18: =+N18-R18 -> 431741.75 | T18: =IF(+IF(ISERROR(N18/R18),"…",N18/R18-1)>200%,"...",IF(ISERROR(N18/R18),"…",N18/R18-1)) -> 0.34382742
A19: 712 | B19: =+VLOOKUP($A19,Master!$D$30:$G$226,4,FALSE) -> Doprinosi | G19: ='2026'!S19 -> 3.2242738e+08 | H19: =SUM('2026'!G95:O95) -> 3.1739363e+08 | I19: =+G19-H19 -> 5033754.5 | J19: =IF(+IF(ISERROR(G19/H19-1),"…",G19/H19-1)>200%,"...",IF(ISERROR(G19/H19-1),"…",G19/H19-1)) -> 0.015859658 | K19: =SUM('2025'!G19:O19) -> 2.9065299e+08 | L19: =+G19-K19 -> 31774393 | M19: =IF(+IF(ISERROR(G19/K19),"…",G19/K19-1)>200%,"...",IF(ISERROR(G19/K19),"…",G19/K19-1)) -> 0.10932072 | N19: ='2026'!O19 -> 34223724 | O19: ='2026'!O95 -> 36622022 | P19: =+N19-O19 -> -2398297.9 | Q19: =IF(+IF(ISERROR(N19/O19),"…",N19/O19-1)>200%,"...",IF(ISERROR(N19/O19),"…",N19/O19-1)) -> -0.065487862 | R19: ='2025'!O19 -> 35020873 | S19: =+N19-R19 -> -797148.9 | T19: =IF(+IF(ISERROR(N19/R19),"…",N19/R19-1)>200%,"...",IF(ISERROR(N19/R19),"…",N19/R19-1)) -> -0.022762108
A20: 7121 | B20: =+VLOOKUP($A20,Master!$D$30:$G$226,4,FALSE) -> Doprinosi za penzijsko i invalidsko osiguranje | G20: ='2026'!S20 -> 2.7293646e+08 | H20: =SUM('2026'!G96:O96) -> 2.799091e+08 | I20: =+G20-H20 -> -6972640.2 | J20: =IF(+IF(ISERROR(G20/H20-1),"…",G20/H20-1)>200%,"...",IF(ISERROR(G20/H20-1),"…",G20/H20-1)) -> -0.024910373 | K20: =SUM('2025'!G20:O20) -> 2.4489235e+08 | L20: =+G20-K20 -> 28044106 | M20: =IF(+IF(ISERROR(G20/K20),"…",G20/K20-1)>200%,"...",IF(ISERROR(G20/K20),"…",G20/K20-1)) -> 0.11451606 | N20: ='2026'!O20 -> 27761595 | O20: ='2026'!O96 -> 32049538 | P20: =+N20-O20 -> -4287942.9 | Q20: =IF(+IF(ISERROR(N20/O20),"…",N20/O20-1)>200%,"...",IF(ISERROR(N20/O20),"…",N20/O20-1)) -> -0.1337911 | R20: ='2025'!O20 -> 29269872 | S20: =+N20-R20 -> -1508277.2 | T20: =IF(+IF(ISERROR(N20/R20),"…",N20/R20-1)>200%,"...",IF(ISERROR(N20/R20),"…",N20/R20-1)) -> -0.051530024
A21: 7122 | B21: =+VLOOKUP($A21,Master!$D$30:$G$226,4,FALSE) -> Doprinosi za zdravstveno osiguranje | G21: ='2026'!S21 -> 3958750 | H21: =SUM('2026'!G97:O97) -> 3666607 | I21: =+G21-H21 -> 292143.04 | J21: =IF(+IF(ISERROR(G21/H21-1),"…",G21/H21-1)>200%,"...",IF(ISERROR(G21/H21-1),"…",G21/H21-1)) -> 0.079676672 | K21: =SUM('2025'!G21:O21) -> 5177992.9 | L21: =+G21-K21 -> -1219242.8 | M21: =IF(+IF(ISERROR(G21/K21),"…",G21/K21-1)>200%,"...",IF(ISERROR(G21/K21),"…",G21/K21-1)) -> -0.2354663 | N21: ='2026'!O21 -> 284499.56 | O21: ='2026'!O97 -> 504633.1 | P21: =+N21-O21 -> -220133.54 | Q21: =IF(+IF(ISERROR(N21/O21),"…",N21/O21-1)>200%,"...",IF(ISERROR(N21/O21),"…",N21/O21-1)) -> -0.43622493 | R21: ='2025'!O21 -> 536571.03 | S21: =+N21-R21 -> -252071.47 | T21: =IF(+IF(ISERROR(N21/R21),"…",N21/R21-1)>200%,"...",IF(ISERROR(N21/R21),"…",N21/R21-1)) -> -0.46978211
A22: 7123 | B22: =+VLOOKUP($A22,Master!$D$30:$G$226,4,FALSE) -> Doprinosi za osiguranje od nezaposlenosti | G22: ='2026'!S22 -> 26326911 | H22: =SUM('2026'!G98:O98) -> 19444769 | I22: =+G22-H22 -> 6882142.8 | J22: =IF(+IF(ISERROR(G22/H22-1),"…",G22/H22-1)>200%,"...",IF(ISERROR(G22/H22-1),"…",G22/H22-1)) -> 0.35393287 | K22: =SUM('2025'!G22:O22) -> 23745875 | L22: =+G22-K22 -> 2581036.4 | M22: =IF(+IF(ISERROR(G22/K22),"…",G22/K22-1)>200%,"...",IF(ISERROR(G22/K22),"…",G22/K22-1)) -> 0.10869409 | N22: ='2026'!O22 -> 3584019.4 | O22: ='2026'!O98 -> 2597255.7 | P22: =+N22-O22 -> 986763.71 | Q22: =IF(+IF(ISERROR(N22/O22),"…",N22/O22-1)>200%,"...",IF(ISERROR(N22/O22),"…",N22/O22-1)) -> 0.37992551 | R22: ='2025'!O22 -> 3032409.4 | S22: =+N22-R22 -> 551610.03 | T22: =IF(+IF(ISERROR(N22/R22),"…",N22/R22-1)>200%,"...",IF(ISERROR(N22/R22),"…",N22/R22-1)) -> 0.18190487
... A47: 44 | B47: =+VLOOKUP($A47,Master!$D$30:$G$226,4,FALSE) -> Kapitalni izdaci | G47: ='2026'!S47 -> 2.7849472e+08 | H47: =SUM('2026'!G123:O123) -> 2.6130148e+08 | I47: =+G47-H47 -> 17193244 | J47: =IF(+IF(ISERROR(G47/H47-1),"…",G47/H47-1)>200%,"...",IF(ISERROR(G47/H47-1),"…",G47/H47-1)) -> 0.065798496 | K47: =SUM('2025'!G47:O47) -> 1.8772332e+08 | L47: =+G47-K47 -> 90771401 | M47: =IF(+IF(ISERROR(G47/K47),"…",G47/K47-1)>200%,"...",IF(ISERROR(G47/K47),"…",G47/K47-1)) -> 0.48353822 | N47: ='2026'!O47 -> 45878756 | O47: ='2026'!O123 -> 28685725 | P47: =+N47-O47 -> 17193031 | Q47: =IF(+IF(ISERROR(N47/O47),"…",N47/O47-1)>200%,"...",IF(ISERROR(N47/O47),"…",N47/O47-1)) -> 0.59935843 | R47: ='2025'!O47 -> 32840221 | S47: =+N47-R47 -> 13038535 | T47: =IF(+IF(ISERROR(N47/R47),"…",N47/R47-1)>200%,"...",IF(ISERROR(N47/R47),"…",N47/R47-1)) -> 0.39702946
A48: 451 | B48: =+VLOOKUP($A48,Master!$D$30:$G$226,4,FALSE) -> Pozajmice i krediti | G48: ='2026'!S48 -> 0 | H48: =SUM('2026'!G124:O124) -> 0 | I48: =G48-H48 -> 0 | J48: =IF(+IF(ISERROR(G48/H48-1),"…",G48/H48-1)>200%,"...",IF(ISERROR(G48/H48-1),"…",G48/H48-1)) -> ... | K48: =SUM('2025'!G48:O48) -> 0 | L48: =+G48-K48 -> 0 | M48: =IF(+IF(ISERROR(G48/K48),"…",G48/K48-1)>200%,"...",IF(ISERROR(G48/K48),"…",G48/K48-1)) -> ... | N48: ='2026'!O48 -> 0 | O48: ='2026'!O124 -> 0 | P48: =+N48-O48 -> 0 | Q48: =IF(+IF(ISERROR(N48/O48),"…",N48/O48-1)>200%,"...",IF(ISERROR(N48/O48),"…",N48/O48-1)) -> ... | R48: ='2025'!O48 -> 0 | S48: =+N48-R48-S58 -> 0 | T48: =IF(+IF(ISERROR(N48/R48),"…",N48/R48-1)>200%,"...",IF(ISERROR(N48/R48),"…",N48/R48-1)) -> ...
A49: 47 | B49: =+VLOOKUP($A49,Master!$D$30:$G$226,4,FALSE) -> Rezerve | G49: ='2026'!S49 -> 976601.95 | H49: =SUM('2026'!G125:O125) -> 23102123 | I49: =G49-H49 -> -22125521 | J49: =IF(+IF(ISERROR(G49/H49-1),"…",G49/H49-1)>200%,"...",IF(ISERROR(G49/H49-1),"…",G49/H49-1)) -> -0.95772674 | K49: =SUM('2025'!G49:O49) -> 4671079.9 | L49: =+G49-K49 -> -3694478 | M49: =IF(+IF(ISERROR(G49/K49),"…",G49/K49-1)>200%,"...",IF(ISERROR(G49/K49),"…",G49/K49-1)) -> -0.79092587 | N49: ='2026'!O49 -> 4100 | O49: ='2026'!O125 -> 229771.06 | P49: =+N49-O49 -> -225671.06 | Q49: =IF(+IF(ISERROR(N49/O49),"…",N49/O49-1)>200%,"...",IF(ISERROR(N49/O49),"…",N49/O49-1)) -> -0.98215615 | R49: ='2025'!O49 -> 53111.65 | S49: =+N49-R49 -> -49011.65 | T49: =IF(+IF(ISERROR(N49/R49),"…",N49/R49-1)>200%,"...",IF(ISERROR(N49/R49),"…",N49/R49-1)) -> -0.92280413
A50: 462 | B50: =+VLOOKUP($A50,Master!$D$30:$G$226,4,FALSE) -> Otplata garancija | G50: ='2026'!S50 -> 1533780.9 | H50: =SUM('2026'!G126:O126) -> 1.44 | I50: =G50-H50 -> 1533779.5 | J50: =IF(+IF(ISERROR(G50/H50-1),"…",G50/H50-1)>200%,"...",IF(ISERROR(G50/H50-1),"…",G50/H50-1)) -> ... | K50: =SUM('2025'!G50:O50) -> 4062323 | L50: =+G50-K50 -> -2528542 | M50: =IF(+IF(ISERROR(G50/K50),"…",G50/K50-1)>200%,"...",IF(ISERROR(G50/K50),"…",G50/K50-1)) -> -0.62243748 | N50: ='2026'!O50 -> 0 | O50: ='2026'!O126 -> 0.16 | P50: =+N50-O50 -> -0.16 | Q50: =IF(+IF(ISERROR(N50/O50),"…",N50/O50-1)>200%,"...",IF(ISERROR(N50/O50),"…",N50/O50-1)) -> -1 | R50: ='2025'!O50 -> 0 | S50: =+N50-R50 -> 0 | T50: =IF(+IF(ISERROR(N50/R50),"…",N50/R50-1)>200%,"...",IF(ISERROR(N50/R50),"…",N50/R50-1)) -> ...
A51: 4630 | B51: =+VLOOKUP($A51,Master!$D$30:$G$226,4,FALSE) -> Otplata obaveza iz prethodnog perioda | G51: ='2026'!S51 -> 21698943 | H51: =SUM('2026'!G127:O127) -> 4533264.7 | I51: =G51-H51 -> 17165678 | J51: =IF(+IF(ISERROR(G51/H51-1),"…",G51/H51-1)>200%,"...",IF(ISERROR(G51/H51-1),"…",G51/H51-1)) -> ... | K51: =SUM('2025'!G51:O51) -> 20919937 | L51: =+G51-K51 -> 779006.13 | M51: =IF(+IF(ISERROR(G51/K51),"…",G51/K51-1)>200%,"...",IF(ISERROR(G51/K51),"…",G51/K51-1)) -> 0.037237499 | N51: ='2026'!O51 -> 1125217.3 | O51: ='2026'!O127 -> 1234560.1 | P51: =N51-O51 -> -109342.84 | Q51: =IF(+IF(ISERROR(N51/O51),"…",N51/O51-1)>200%,"...",IF(ISERROR(N51/O51),"…",N51/O51-1)) -> -0.088568257 | R51: ='2025'!O51 -> 6379172.6 | S51: =+N51-R51 -> -5253955.3 | T51: =IF(+IF(ISERROR(N51/R51),"…",N51/R51-1)>200%,"...",IF(ISERROR(N51/R51),"…",N51/R51-1)) -> -0.82361078
A52: 1005 | B52: =+VLOOKUP($A52,Master!$D$30:$G$228,4,FALSE) -> Neto povećanje obaveza | G52: ='2026'!S52 -> 0 | H52: =SUM('2026'!G128:O128) -> 0 | I52: =G52-H52 -> 0 | J52: =IF(+IF(ISERROR(G52/H52-1),"…",G52/H52-1)>200%,"...",IF(ISERROR(G52/H52-1),"…",G52/H52-1)) -> ... | K52: =SUM('2025'!G52:O52) -> 0 | L52: =+G52-K52 -> 0 | M52: =IF(+IF(ISERROR(G52/K52),"…",G52/K52-1)>200%,"...",IF(ISERROR(G52/K52),"…",G52/K52-1)) -> ... | N52: ='2026'!O52 -> 0 | O52: ='2026'!O128 -> 0 | P52: =N52-O52 -> 0 | Q52: =IF(+IF(ISERROR(N52/O52),"…",N52/O52-1)>200%,"...",IF(ISERROR(N52/O52),"…",N52/O52-1)) -> ... | R52: ='2025'!O52 -> 0 | S52: =+N52-R52 -> 0 | T52: =IF(+IF(ISERROR(N52/R52),"…",N52/R52-1)>200%,"...",IF(ISERROR(N52/R52),"…",N52/R52-1)) -> ...
A53: 1000 | B53: =+VLOOKUP($A53,Master!$D$30:$G$226,4,FALSE) -> Suficit / deficit | G53: ='2026'!S53 -> -1.2420931e+08 | H53: =SUM('2026'!G129:O129) -> -1.8115309e+08 | I53: =+G53-H53 -> 56943785 | J53: =IF(+IF(ISERROR(G53/H53-1),"…",G53/H53-1)>200%,"...",IF(ISERROR(G53/H53-1),"…",G53/H53-1)) -> -0.31434067 | K53: =SUM('2025'!G53:O53) -> -84743100 | L53: =+G53-K53 -> -39466207 | M53: =IF(+IF(ISERROR(G53/K53),"…",G53/K53-1)>200%,"...",IF(ISERROR(G53/K53),"…",G53/K53-1)) -> 0.46571588 | N53: ='2026'!O53 -> 22030061 | O53: ='2026'!O129 -> 10327855 | P53: =N53-O53 -> 11702207 | Q53: =IF(+IF(ISERROR(N53/O53),"…",N53/O53-1)>200%,"...",IF(ISERROR(N53/O53),"…",N53/O53-1)) -> 1.1330723 | R53: ='2025'!O53 -> -14490746 | S53: =+N53-R53 -> 36520807 | T53: =IF(+IF(ISERROR(N53/R53),"…",N53/R53-1)>200%,"...",IF(ISERROR(N53/R53),"…",N53/R53-1)) -> -2.5202848
A54: 1001 | B54: =+VLOOKUP($A54,Master!$D$30:$G$226,4,FALSE) -> Primarni suficit/deficit | G54: ='2026'!S54 -> 3805188.7 | H54: =SUM('2026'!G130:O130) -> -47910032 | I54: =+G54-H54 -> 51715221 | J54: =IF(+IF(ISERROR(G54/H54-1),"…",G54/H54-1)>200%,"...",IF(ISERROR(G54/H54-1),"…",G54/H54-1)) -> -1.0794236 | K54: =SUM('2025'!G54:O54) -> 26791455 | L54: =+G54-K54 -> -22986266 | M54: =IF(+IF(ISERROR(G54/K54),"…",G54/K54-1)>200%,"...",IF(ISERROR(G54/K54),"…",G54/K54-1)) -> -0.85797006 | N54: ='2026'!O54 -> 43415658 | O54: ='2026'!O130 -> 31995569 | P54: =+N54-O54 -> 11420089 | Q54: =IF(+IF(ISERROR(N54/O54),"…",N54/O54-1)>200%,"...",IF(ISERROR(N54/O54),"…",N54/O54-1)) -> 0.35692721 | R54: ='2025'!O54 -> 8780867.5 | S54: =+N54-R54 -> 34634790 | T54: =IF(+IF(ISERROR(N54/R54),"…",N54/R54-1)>200%,"...",IF(ISERROR(N54/R54),"…",N54/R54-1)) -> ...
A55: 46 | B55: =+VLOOKUP($A55,Master!$D$30:$G$226,4,FALSE) -> Otplata dugova | G55: ='2026'!S55 -> 2.8528148e+08 | H55: =SUM('2026'!G131:O131) -> 2.769753e+08 | I55: =+G55-H55 -> 8306177.2 | J55: =IF(+IF(ISERROR(G55/H55-1),"…",G55/H55-1)>200%,"...",IF(ISERROR(G55/H55-1),"…",G55/H55-1)) -> 0.029988873 | K55: =SUM('2025'!G55:O55) -> 7.4177949e+08 | L55: =+G55-K55 -> -4.5649802e+08 | M55: =IF(+IF(ISERROR(G55/K55),"…",G55/K55-1)>200%,"...",IF(ISERROR(G55/K55),"…",G55/K55-1)) -> -0.61540932 | N55: ='2026'!O55 -> 6016896.1 | O55: ='2026'!O131 -> 10991740 | P55: =+N55-O55 -> -4974844.3 | Q55: =IF(+IF(ISERROR(N55/O55),"…",N55/O55-1)>200%,"...",IF(ISERROR(N55/O55),"…",N55/O55-1)) -> -0.45259841 | R55: ='2025'!O55 -> 26105147 | S55: =+N55-R55 -> -20088251 | T55: =IF(+IF(ISERROR(N55/R55),"…",N55/R55-1)>200%,"...",IF(ISERROR(N55/R55),"…",N55/R55-1)) -> -0.76951303
A56: 4611 | B56: =+VLOOKUP($A56,Master!$D$30:$G$226,4,FALSE) -> Otplata hartija od vrijednosti i kredita rezidentima | G56: ='2026'!S56 -> 82226437 | H56: =SUM('2026'!G132:O132) -> 82531582 | I56: =+G56-H56 -> -305144.44 | J56: =IF(+IF(ISERROR(G56/H56-1),"…",G56/H56-1)>200%,"...",IF(ISERROR(G56/H56-1),"…",G56/H56-1)) -> -0.0036973051 | K56: =SUM('2025'!G56:O56) -> 36423514 | L56: =+G56-K56 -> 45802923 | M56: =IF(+IF(ISERROR(G56/K56),"…",G56/K56-1)>200%,"...",IF(ISERROR(G56/K56),"…",G56/K56-1)) -> 1.2575097 | N56: ='2026'!O56 -> 4780681.8 | O56: ='2026'!O132 -> 5060550.8 | P56: =+N56-O56 -> -279869.03 | Q56: =IF(+IF(ISERROR(N56/O56),"…",N56/O56-1)>200%,"...",IF(ISERROR(N56/O56),"…",N56/O56-1)) -> -0.055304065 | R56: ='2025'!O56 -> 4555783.9 | S56: =+N56-R56 -> 224897.86 | T56: =IF(+IF(ISERROR(N56/R56),"…",N56/R56-1)>200%,"...",IF(ISERROR(N56/R56),"…",N56/R56-1)) -> 0.049365349
A57: 4612 | B57: =+VLOOKUP($A57,Master!$D$30:$G$226,4,FALSE) -> Otplata hartija od vrijednosti i kredita nerezidentima | G57: ='2026'!S57 -> 2.0305504e+08 | H57: =SUM('2026'!G133:O133) -> 1.9444372e+08 | I57: =+G57-H57 -> 8611321.6 | J57: =IF(+IF(ISERROR(G57/H57-1),"…",G57/H57-1)>200%,"...",IF(ISERROR(G57/H57-1),"…",G57/H57-1)) -> 0.044286963 | K57: =SUM('2025'!G57:O57) -> 7.0535598e+08 | L57: =+G57-K57 -> -5.0230094e+08 | M57: =IF(+IF(ISERROR(G57/K57),"…",G57/K57-1)>200%,"...",IF(ISERROR(G57/K57),"…",G57/K57-1)) -> -0.71212403 | N57: ='2026'!O57 -> 1236214.4 | O57: ='2026'!O133 -> 5931189.6 | P57: =+N57-O57 -> -4694975.2 | Q57: =IF(+IF(ISERROR(N57/O57),"…",N57/O57-1)>200%,"...",IF(ISERROR(N57/O57),"…",N57/O57-1)) -> -0.79157396 | R57: ='2025'!O57 -> 21549363 | S57: =+N57-R57 -> -20313149 | T57: =IF(+IF(ISERROR(N57/R57),"…",N57/R57-1)>200%,"...",IF(ISERROR(N57/R57),"…",N57/R57-1)) -> -0.94263337
A58: 4418 | B58: =+VLOOKUP($A58,Master!$D$30:$G$226,4,FALSE) -> Izdaci za kupovinu hartija od vrijednosti | G58: ='2026'!S58 -> 15149178 | H58: =SUM('2026'!G134:O134) -> 34179003 | I58: =+G58-H58 -> -19029826 | J58: =IF(+IF(ISERROR(G58/H58-1),"…",G58/H58-1)>200%,"...",IF(ISERROR(G58/H58-1),"…",G58/H58-1)) -> -0.55676947 | K58: =SUM('2025'!G58:O58) -> 1485557.5 | L58: =+G58-K58 -> 13663620 | M58: =IF(+IF(ISERROR(G58/K58),"…",G58/K58-1)>200%,"...",IF(ISERROR(G58/K58),"…",G58/K58-1)) -> ... | N58: ='2026'!O58 -> 0 | O58: ='2026'!O134 -> 0 | P58: =+N58-O58 -> 0 | Q58: =IF(+IF(ISERROR(N58/O58),"…",N58/O58-1)>200%,"...",IF(ISERROR(N58/O58),"…",N58/O58-1)) -> ... | R58: ='2025'!O58 -> 0 | S58: =+N58-R58 -> 0 | T58: =IF(+IF(ISERROR(N58/R58),"…",N58/R58-1)>200%,"...",IF(ISERROR(N58/R58),"…",N58/R58-1)) -> ...
A59: 451 | B59: =+VLOOKUP($A59,Master!$D$30:$G$226,4,FALSE) -> Pozajmice i krediti | G59: ='2026'!S59 -> 7537207.2 | H59: =SUM('2026'!G135:O135) -> 6031660.8 | I59: =+G59-H59 -> 1505546.4 | J59: =IF(+IF(ISERROR(G59/H59-1),"…",G59/H59-1)>200%,"...",IF(ISERROR(G59/H59-1),"…",G59/H59-1)) -> 0.24960727 | K59: =SUM('2025'!G59:O59) -> 6675916.6 | L59: =+G59-K59 -> 861290.63 | M59: =IF(+IF(ISERROR(G59/K59),"…",G59/K59-1)>200%,"...",IF(ISERROR(G59/K59),"…",G59/K59-1)) -> 0.12901459 | N59: ='2026'!O59 -> 1040929.7 | O59: ='2026'!O135 -> 830950.94 | P59: =+N59-O59 -> 209978.8 | Q59: =IF(+IF(ISERROR(N59/O59),"…",N59/O59-1)>200%,"...",IF(ISERROR(N59/O59),"…",N59/O59-1)) -> 0.25269699 | R59: ='2025'!O59 -> 1103772.8 | S59: =+N59-R59 -> -62843.08 | T59: =IF(+IF(ISERROR(N59/R59),"…",N59/R59-1)>200%,"...",IF(ISERROR(N59/R59),"…",N59/R59-1)) -> -0.056934796
A60: 1002 | B60: =+VLOOKUP($A60,Master!$D$30:$G$226,4,FALSE) -> Nedostajuća sredstva | G60: ='2026'!S60 -> -4.3217717e+08 | H60: =SUM('2026'!G136:O136) -> -4.9833905e+08 | I60: =+G60-H60 -> 66161887 | J60: =IF(+IF(ISERROR(G60/H60-1),"…",G60/H60-1)>200%,"...",IF(ISERROR(G60/H60-1),"…",G60/H60-1)) -> -0.1327648 | K60: =SUM('2025'!G60:O60) -> -8.3468407e+08 | L60: =+G60-K60 -> 4.025069e+08 | M60: =IF(+IF(ISERROR(G60/K60),"…",G60/K60-1)>200%,"...",IF(ISERROR(G60/K60),"…",G60/K60-1)) -> -0.48222665 | N60: ='2026'!O60 -> 14972235 | O60: ='2026'!O136 -> -1494836.6 | P60: =+N60-O60 -> 16467072 | Q60: =IF(+IF(ISERROR(N60/O60),"…",N60/O60-1)>200%,"...",IF(ISERROR(N60/O60),"…",N60/O60-1)) -> -11.015968 | R60: ='2025'!O60 -> -41699666 | S60: =+N60-R60 -> 56671901 | T60: =IF(+IF(ISERROR(N60/R60),"…",N60/R60-1)>200%,"...",IF(ISERROR(N60/R60),"…",N60/R60-1)) -> -1.3590493
A61: 1003 | B61: =+VLOOKUP($A61,Master!$D$30:$G$226,4,FALSE) -> Finansiranje | G61: ='2026'!S61 -> 4.3217717e+08 | H61: =SUM('2026'!G137:O137) -> 4.9833905e+08 | I61: =+G61-H61 -> -66161887 | J61: =IF(+IF(ISERROR(G61/H61-1),"…",G61/H61-1)>200%,"...",IF(ISERROR(G61/H61-1),"…",G61/H61-1)) -> -0.1327648 | K61: =SUM('2025'!G61:O61) -> 8.3468407e+08 | L61: =+G61-K61 -> -4.025069e+08 | M61: =IF(+IF(ISERROR(G61/K61),"…",G61/K61-1)>200%,"...",IF(ISERROR(G61/K61),"…",G61/K61-1)) -> -0.48222665 | N61: ='2026'!O61 -> -14972235 | O61: ='2026'!O137 -> 1494836.6 | P61: =+N61-O61 -> -16467072 | Q61: =IF(+IF(ISERROR(N61/O61),"…",N61/O61-1)>200%,"...",IF(ISERROR(N61/O61),"…",N61/O61-1)) -> -11.015968 | R61: ='2025'!O61 -> 41699666 | S61: =+N61-R61 -> -56671901 | T61: =IF(+IF(ISERROR(N61/R61),"…",N61/R61-1)>200%,"...",IF(ISERROR(N61/R61),"…",N61/R61-1)) -> -1.3590493
A62: 7511 | B62: =+VLOOKUP($A62,Master!$D$30:$G$226,4,FALSE) -> Pozajmice i krediti od domaćih izvora | G62: ='2026'!S62 -> 13854700 | H62: =SUM('2026'!G138:O138) -> 50000000 | I62: =+G62-H62 -> -36145300 | J62: =IF(+IF(ISERROR(G62/H62-1),"…",G62/H62-1)>200%,"...",IF(ISERROR(G62/H62-1),"…",G62/H62-1)) -> -0.722906 | K62: =SUM('2025'!G62:O62) -> 6127675 | L62: =+G62-K62 -> 7727025 | M62: =IF(+IF(ISERROR(G62/K62),"…",G62/K62-1)>200%,"...",IF(ISERROR(G62/K62),"…",G62/K62-1)) -> 1.2610044 | N62: ='2026'!O62 -> 0 | O62: ='2026'!O138 -> 50000000 | P62: =+N62-O62 -> -50000000 | Q62: =IF(+IF(ISERROR(N62/O62),"…",N62/O62-1)>200%,"...",IF(ISERROR(N62/O62),"…",N62/O62-1)) -> -1 | R62: ='2025'!O62 -> 0 | S62: =+N62-R62 -> 0 | T62: =IF(+IF(ISERROR(N62/R62),"…",N62/R62-1)>200%,"...",IF(ISERROR(N62/R62),"…",N62/R62-1)) -> ...
A63: 7512 | B63: =+VLOOKUP($A63,Master!$D$30:$G$226,4,FALSE) -> Pozajmice i krediti od inostranih izvora | G63: ='2026'!S63 -> 1.3684164e+08 | H63: =SUM('2026'!G139:O139) -> 3.8831897e+08 | I63: =+G63-H63 -> -2.5147733e+08 | J63: =IF(+IF(ISERROR(G63/H63-1),"…",G63/H63-1)>200%,"...",IF(ISERROR(G63/H63-1),"…",G63/H63-1)) -> -0.64760507 | K63: =SUM('2025'!G63:O63) -> 9.4209154e+08 | L63: =+G63-K63 -> -8.052499e+08 | M63: =IF(+IF(ISERROR(G63/K63),"…",G63/K63-1)>200%,"...",IF(ISERROR(G63/K63),"…",G63/K63-1)) -> -0.85474699 | N63: ='2026'!O63 -> 5364999.8 | O63: ='2026'!O139 -> 0 | P63: =+N63-O63 -> 5364999.8 | Q63: =IF(+IF(ISERROR(N63/O63),"…",N63/O63-1)>200%,"...",IF(ISERROR(N63/O63),"…",N63/O63-1)) -> ... | R63: ='2025'!O63 -> 11385735 | S63: =+N63-R63 -> -6020734.7 | T63: =IF(+IF(ISERROR(N63/R63),"…",N63/R63-1)>200%,"...",IF(ISERROR(N63/R63),"…",N63/R63-1)) -> -0.52879634
A64: 72 | B64: =+VLOOKUP($A64,Master!$D$30:$G$226,4,FALSE) -> Primici od prodaje imovine | G64: ='2026'!S64 -> 945189.11 | H64: =SUM('2026'!G140:O140) -> 4500000 | I64: =+G64-H64 -> -3554810.9 | J64: =IF(+IF(ISERROR(G64/H64-1),"…",G64/H64-1)>200%,"...",IF(ISERROR(G64/H64-1),"…",G64/H64-1)) -> -0.78995798 | K64: =SUM('2025'!G64:O64) -> 1406114.9 | L64: =+G64-K64 -> -460925.74 | M64: =IF(+IF(ISERROR(G64/K64),"…",G64/K64-1)>200%,"...",IF(ISERROR(G64/K64),"…",G64/K64-1)) -> -0.32780092 | N64: ='2026'!O64 -> 21227.87 | O64: ='2026'!O140 -> 500000 | P64: =+N64-O64 -> -478772.13 | Q64: =IF(+IF(ISERROR(N64/O64),"…",N64/O64-1)>200%,"...",IF(ISERROR(N64/O64),"…",N64/O64-1)) -> -0.95754426 | R64: ='2025'!O64 -> 103884.06 | S64: =+N64-R64 -> -82656.19 | T64: =IF(+IF(ISERROR(N64/R64),"…",N64/R64-1)>200%,"...",IF(ISERROR(N64/R64),"…",N64/R64-1)) -> -0.79565806
A65: 73 | B65: =+VLOOKUP($A65,Master!$D$30:$G$226,4,FALSE) -> Primici od otplate kredita i sredstva prenesena iz prethodne godine | G65: ='2026'!S65 -> 17056468 | H65: =SUM('2026'!G141:O141) -> 7310925 | I65: =+G65-H65 -> 9745543.5 | J65: =IF(+IF(ISERROR(G65/H65-1),"…",G65/H65-1)>200%,"...",IF(ISERROR(G65/H65-1),"…",G65/H65-1)) -> 1.333011 | K65: =SUM('2025'!G65:O65) -> 14360067 | L65: =+G65-K65 -> 2696401.9 | M65: =IF(+IF(ISERROR(G65/K65),"…",G65/K65-1)>200%,"...",IF(ISERROR(G65/K65),"…",G65/K65-1)) -> 0.18777085 | N65: ='2026'!O65 -> 241912.71 | O65: ='2026'!O141 -> 812325 | P65: =+N65-O65 -> -570412.29 | Q65: =IF(+IF(ISERROR(N65/O65),"…",N65/O65-1)>200%,"...",IF(ISERROR(N65/O65),"…",N65/O65-1)) -> -0.70219714 | R65: ='2025'!O65 -> 577156.09 | S65: =+N65-R65 -> -335243.38 | T65: =IF(+IF(ISERROR(N65/R65),"…",N65/R65-1)>200%,"...",IF(ISERROR(N65/R65),"…",N65/R65-1)) -> -0.58085392
A66: 1004 | B66: =+VLOOKUP($A66,Master!$D$30:$G$226,4,FALSE) -> Povećanje / smanjenje depozita | G66: ='2026'!S66 -> 2.6347917e+08 | H66: =SUM('2026'!G142:O142) -> 48209161 | I66: =+G66-H66 -> 2.1527001e+08 | J66: =IF(+IF(ISERROR(G66/H66-1),"…",G66/H66-1)>200%,"...",IF(ISERROR(G66/H66-1),"…",G66/H66-1)) -> ... | K66: =SUM('2025'!G66:O66) -> -1.2930133e+08 | L66: =+G66-K66 -> 3.927805e+08 | M66: =IF(+IF(ISERROR(G66/K66),"…",G66/K66-1)>200%,"...",IF(ISERROR(G66/K66),"…",G66/K66-1)) -> -3.0377143 | N66: ='2026'!O66 -> -20600376 | O66: ='2026'!O142 -> -49817488 | P66: =+N66-O66 -> 29217113 | Q66: =IF(+IF(ISERROR(N66/O66),"…",N66/O66-1)>200%,"...",IF(ISERROR(N66/O66),"…",N66/O66-1)) -> -0.58648305 | R66: ='2025'!O66 -> 29632891 | S66: =+N66-R66 -> -50233267 | T66: =IF(+IF(ISERROR(N66/R66),"…",N66/R66-1)>200%,"...",IF(ISERROR(N66/R66),"…",N66/R66-1)) -> -1.6951862

Sheet 2025
E2: =+Master!G6 -> Crna Gora
E3: =+Master!G7 -> Ministarstvo finansija
E4: =+Master!G8 -> Direktorat za državni budžet
G5: =+RIGHT(G6,2)*1 -> 1 | H5: =+RIGHT(H6,2)*1 -> 2 | I5: =+RIGHT(I6,2)*1 -> 3 | J5: =+RIGHT(J6,2)*1 -> 4 | K5: =+RIGHT(K6,2)*1 -> 5 | L5: =+RIGHT(L6,2)*1 -> 6 | M5: =+RIGHT(M6,2)*1 -> 7 | N5: =+RIGHT(N6,2)*1 -> 8 | ... R5: =+RIGHT(R6,2)*1 -> 12
G6: 2025-01 | H6: 2025-02 | I6: 2025-03 | J6: 2025-04 | K6: 2025-05 | L6: 2025-06 | M6: 2025-07 | N6: 2025-08 | O6: 2025-09 | P6: 2025-10 | Q6: 2025-11 | R6: 2025-12
B7: =+Master!G252 -> Ostvarenje budžeta | G7: 2025 | S7: =+Master!G249 -> BDP | T7: 8170744000
G8: =+[1]Master!G232 -> Januar | H8: =+[1]Master!G233 -> Februar | I8: =+[1]Master!G234 -> Mart | J8: =+[1]Master!G235 -> April | K8: =+[1]Master!G236 -> Maj | L8: =+[1]Master!G237 -> Jun | M8: =+Master!G238 -> Jul | N8: =+Master!G239 -> Avgust | O8: =+Master!G240 -> Septembar | P8: =+Master!G241 -> Oktobar | Q8: =+Master!G242 -> Novembar | R8: =+Master!G243 -> Decembar | S8: =+Master!G247 -> Jan - Dec
G9: mil. € | H9: mil. € | I9: mil. € | J9: mil. € | K9: mil. € | L9: mil. € | M9: mil. € | N9: mil. € | O9: mil. € | P9: mil. € | Q9: mil. € | R9: mil. € | S9: mil. € | T9: =+Master!G250 -> % BDP
A10: 7 | B10: =+VLOOKUP($A10,Master!$D$30:$G$226,4,FALSE) -> Prihodi budžeta | G10: =G11+G19+G24+G25+G26+G27+G28 -> 1.5674992e+08 | H10: =+H11+H19+SUM(H24:H28) -> 1.7834706e+08 | I10: =+I11+I19+SUM(I24:I28) -> 2.4534931e+08 | J10: =+J11+J19+SUM(J24:J28) -> 3.1711437e+08 | K10: =+K11+K19+SUM(K24:K28) -> 1.995319e+08 | L10: =+L11+L19+SUM(L24:L28) -> 2.2590201e+08 | M10: =+M11+M19+SUM(M24:M28) -> 2.5679608e+08 | N10: =+N11+N19+SUM(N24:N28) -> 2.6002896e+08 | O10: =+O11+O19+SUM(O24:O28) -> 2.6188269e+08 | ... R10: =+R11+R19+SUM(R24:R28) -> 3.2990614e+08 | S10: =+SUM(G10:R10) -> 2.8736565e+09 | T10: =+S10/$T$7*100 -> 35.170071
A11: 711 | B11: =+VLOOKUP($A11,Master!$D$30:$G$226,4,FALSE) -> Porezi | G11: =+SUM(G12:G18) -> 1.3270263e+08 | H11: =+SUM(H12:H18) -> 1.3465723e+08 | I11: =+SUM(I12:I18) -> 2.0251804e+08 | J11: =+SUM(J12:J18) -> 2.6570764e+08 | K11: =+SUM(K12:K18) -> 1.5797815e+08 | L11: =+SUM(L12:L18) -> 1.7787122e+08 | M11: =+SUM(M12:M18) -> 2.0225214e+08 | N11: =+SUM(N12:N18) -> 2.0869258e+08 | ... R11: =+SUM(R12:R18) -> 1.965195e+08 | S11: =+SUM(G11:R11) -> 2.2386037e+09 | T11: =+S11/$T$7*100 -> 27.397795
A12: 7111 | B12: =+VLOOKUP($A12,Master!$D$30:$G$226,4,FALSE) -> Porez na dohodak fizičkih lica | G12: 3030555.4 | H12: 8431658.6 | I12: 8822636.6 | J12: 10595893 | K12: 7860769.3 | L12: 7843776.3 | M12: 9900438.6 | N12: 9648119.4 | O12: 11794722 | P12: 7543936.3 | Q12: 9039647.1 | R12: 17519056 | S12: =+SUM(G12:R12) -> 1.1203121e+08 | T12: =+S12/$T$7*100 -> 1.3711262
A13: 7112 | B13: =+VLOOKUP($A13,Master!$D$30:$G$226,4,FALSE) -> Porez na dobit pravnih lica | G13: 4758743.2 | H13: 4374185.2 | I13: 69066546 | J13: 1.1283837e+08 | K13: 8765336.7 | L13: 10311269 | M13: 5773713.3 | N13: 2926004.8 | O13: 3732962 | P13: 4156534 | Q13: 3525815.4 | R13: 3201756.7 | S13: =+SUM(G13:R13) -> 2.3343123e+08 | T13: =+S13/$T$7*100 -> 2.8569153
A14: 7113 | B14: =+VLOOKUP($A14,Master!$D$30:$G$226,4,FALSE) -> Porez na promet nepokretnosti | G14: 0 | H14: 0 | I14: 0 | J14: 0 | K14: 0 | L14: 0 | M14: 0 | N14: 0 | O14: 0 | P14: 0 | Q14: 0 | R14: 0 | S14: =+SUM(G14:R14) -> 0 | T14: =+S14/$T$7*100 -> 0
A15: 7114 | B15: =+VLOOKUP($A15,Master!$D$30:$G$226,4,FALSE) -> Porez na dodatu vrijednost | G15: 96606705 | H15: 90486320 | I15: 95190601 | J15: 1.0162094e+08 | K15: 1.0330213e+08 | L15: 1.1485218e+08 | M15: 1.3601504e+08 | N15: 1.4225252e+08 | O15: 1.4985356e+08 | P15: 1.3454573e+08 | Q15: 1.0759279e+08 | R15: 1.3133601e+08 | S15: =+SUM(G15:R15) -> 1.4036545e+09 | T15: =+S15/$T$7*100 -> 17.179029
A16: 7115 | B16: =+VLOOKUP($A16,Master!$D$30:$G$226,4,FALSE) -> Akcize | G16: 23651765 | H16: 25416734 | I16: 22396676 | J16: 33254768 | K16: 31121619 | L16: 37020226 | M16: 41468885 | N16: 46241348 | O16: 38082169 | P16: 39651633 | Q16: 28401549 | R16: 36470532 | S16: =+SUM(G16:R16) -> 4.031779e+08 | T16: =+S16/$T$7*100 -> 4.9344087
A17: 7116 | B17: =+VLOOKUP($A17,Master!$D$30:$G$226,4,FALSE) -> Porez na međunarodnu trgovinu i transakcije | G17: 3527264.2 | H17: 4794688.7 | I17: 5839125.4 | J17: 6146881 | K17: 5626245 | L17: 6373571.1 | M17: 7389935 | N17: 6176594.9 | O17: 6435243.2 | P17: 6274901.9 | Q17: 4834041.2 | R17: 6489078 | S17: =+SUM(G17:R17) -> 69907570 | T17: =+S17/$T$7*100 -> 0.85558389
A18: 7118 | B18: =+VLOOKUP($A18,Master!$D$30:$G$226,4,FALSE) -> Ostali državni porezi | G18: 1127597 | H18: 1153646.6 | I18: 1202456.7 | J18: 1250788.4 | K18: 1302048.2 | L18: 1470199.7 | M18: 1704127.3 | N18: 1447993.4 | O18: 1255693.2 | P18: 1530427.1 | Q18: 1453219.7 | R18: 1503059.9 | S18: =+SUM(G18:R18) -> 16401257 | T18: =+S18/$T$7*100 -> 0.2007315
A19: 712 | B19: =+VLOOKUP($A19,Master!$D$30:$G$226,4,FALSE) -> Doprinosi | G19: =SUM(G20:G23) -> 16612976 | H19: =SUM(H20:H23) -> 35354453 | I19: =SUM(I20:I23) -> 32433143 | J19: =SUM(J20:J23) -> 33755128 | K19: =SUM(K20:K23) -> 31771983 | L19: =SUM(L20:L23) -> 34152041 | M19: =SUM(M20:M23) -> 34931492 | N19: =SUM(N20:N23) -> 36620901 | ... R19: =SUM(R20:R23) -> 64170339 | S19: =+SUM(G19:R19) -> 4.2038128e+08 | T19: =+S19/$T$7*100 -> 5.1449572
A20: 7121 | B20: =+VLOOKUP($A20,Master!$D$30:$G$226,4,FALSE) -> Doprinosi za penzijsko i invalidsko osiguranje | G20: 14262452 | H20: 29554149 | I20: 27476314 | J20: 28513630 | K20: 27075161 | L20: 28518289 | M20: 29314001 | N20: 30908485 | O20: 29269872 | P20: 28683630 | Q20: 25906267 | R20: 53818913 | S20: =+SUM(G20:R20) -> 3.5330116e+08 | T20: =+S20/$T$7*100 -> 4.3239779
A21: 7122 | B21: =+VLOOKUP($A21,Master!$D$30:$G$226,4,FALSE) -> Doprinosi za zdravstveno osiguranje | G21: 314658.88 | H21: 1154569.9 | I21: 583561.47 | J21: 524440.96 | K21: 499269.08 | L21: 572757.14 | M21: 514025.99 | N21: 478138.37 | O21: 536571.03 | P21: 591623.41 | Q21: 423550.17 | R21: 1273029.9 | S21: =+SUM(G21:R21) -> 7466196.3 | T21: =+S21/$T$7*100 -> 0.09137719
A22: 7123 | B22: =+VLOOKUP($A22,Master!$D$30:$G$226,4,FALSE) -> Doprinosi za osiguranje od nezaposlenosti | G22: 1216722.6 | H22: 2764148 | I22: 2567338.7 | J22: 2726994.1 | K22: 2429549.1 | L22: 2974122.8 | M22: 2992596.3 | N22: 3041994 | O22: 3032409.4 | P22: 3092583.3 | Q22: 2699467.2 | R22: 5217248.7 | S22: =+SUM(G22:R22) -> 34755174 | T22: =+S22/$T$7*100 -> 0.42536119
A23: 7124 | B23: =+VLOOKUP($A23,Master!$D$30:$G$226,4,FALSE) -> Ostali doprinosi | G23: 819141.76 | H23: 1881585.6 | I23: 1805929.1 | J23: 1990062.4 | K23: 1768003.9 | L23: 2086871.5 | M23: 2110868.6 | N23: 2192283.5 | O23: 2182020.2 | P23: 2228833.6 | Q23: 1931997.8 | R23: 3861148.1 | S23: =+SUM(G23:R23) -> 24858746 | T23: =+S23/$T$7*100 -> 0.30424091
A24: 713 | B24: =+VLOOKUP($A24,Master!$D$30:$G$226,4,FALSE) -> Takse | G24: 876568.74 | H24: 1052557.4 | I24: 1107384.4 | J24: 1282834.5 | K24: 1223227.8 | L24: 1517861.2 | M24: 1891582.1 | N24: 1783600.4 | O24: 1722264.7 | P24: 1671469.6 | Q24: 1247965.6 | R24: 2009599.3 | S24: =+SUM(G24:R24) -> 17386916 | T24: =+S24/$T$7*100 -> 0.21279477
A25: 714 | B25: =+VLOOKUP($A25,Master!$D$30:$G$226,4,FALSE) -> Naknade | G25: 4273770.1 | H25: 3496530.8 | I25: 4383671.1 | J25: 7314217.7 | K25: 4743652.5 | L25: 7205854.9 | M25: 6884049.9 | N25: 6686850.3 | O25: 7408352.7 | P25: 7790053.6 | Q25: 5619437.5 | R25: 10024473 | S25: =+SUM(G25:R25) -> 75830914 | T25: =+S25/$T$7*100 -> 0.92807844
A26: 715 | B26: =+VLOOKUP($A26,Master!$D$30:$G$226,4,FALSE) -> Ostali prihodi | G26: 2283978 | H26: 2933436.6 | I26: 2889208.7 | J26: 8456369.6 | K26: 3091410.9 | L26: 4106763.9 | M26: 7202667.8 | N26: 3894652.8 | O26: 4915237.8 | P26: 3930003.9 | Q26: 2629441.8 | R26: 7816771.7 | S26: =+SUM(G26:R26) -> 54149944 | T26: =+S26/$T$7*100 -> 0.66272966
A27: 73 | B27: =+VLOOKUP($A27,Master!$D$30:$G$226,4,FALSE) -> Primici od otplate kredita i sredstva prenesena iz prethodne godine | G27: 0 | H27: 0 | I27: 0 | J27: 0 | K27: 0 | L27: 0 | M27: 0 | N27: 0 | O27: 0 | P27: 0 | Q27: 0 | R27: 0 | S27: =+SUM(G27:R27) -> 0 | T27: =+S27/$T$7*100 -> 0
A28: 74 | B28: =+VLOOKUP($A28,Master!$D$30:$G$226,4,FALSE) -> Donacije i transferi | G28: 0 | H28: 852853.61 | I28: 2017857.5 | J28: 598180.56 | K28: 723470.79 | L28: 1048269 | M28: 3634151.9 | N28: 2350373.6 | O28: 1661616.1 | P28: 4237701.3 | Q28: 813779.33 | R28: 49365463 | S28: =+SUM(G28:R28) -> 67303717 | T28: =+S28/$T$7*100 -> 0.82371589
A29: 4 | B29: =+VLOOKUP($A29,Master!$D$30:$G$226,4,FALSE) -> Izdaci budžeta | G29: =+G30+G40+G46+SUM(G47:G51) -> 1.5438447e+08 | H29: =+H30+H40+H46+SUM(H47:H51) -> 2.1272481e+08 | I29: =+I30+I40+I46+SUM(I47:I51) -> 2.784423e+08 | J29: =+J30+J40+J46+SUM(J47:J51) -> 2.841956e+08 | K29: =+K30+K40+K46+SUM(K47:K51) -> 2.3597863e+08 | L29: =+L30+L40+L46+SUM(L47:L51) -> 2.6691607e+08 | M29: =+M30+M40+M46+SUM(M47:M51) -> 2.421454e+08 | N29: =+N30+N40+N46+SUM(N47:N51) -> 2.3528468e+08 | ... R29: =+R30+R40+R46+SUM(R47:R51) -> 4.7083051e+08 | S29: =+SUM(G29:R29) -> 3.1873367e+09 | T29: =+S29/$T$7*100 -> 39.009136
A30: 41 | B30: =+VLOOKUP($A30,Master!$D$30:$G$226,4,FALSE) -> Tekući izdaci | G30: =+SUM(G31:G39) -> 62038273 | H30: =+SUM(H31:H39) -> 75163430 | I30: =+SUM(I31:I39) -> 1.1088369e+08 | J30: =+SUM(J31:J39) -> 1.2232912e+08 | K30: =+SUM(K31:K39) -> 91165434 | L30: =+SUM(L31:L39) -> 96366604 | M30: =+SUM(M31:M39) -> 91779106 | N30: =+SUM(N31:N39) -> 83314313 | ... R30: =+SUM(R31:R39) -> 2.0424897e+08 | S30: =+SUM(G30:R30) -> 1.2498176e+09 | T30: =+S30/$T$7*100 -> 15.296253
A31: 411 | B31: =+VLOOKUP($A31,Master!$D$30:$G$226,4,FALSE) -> Bruto zarade i doprinosi na teret poslodavca | G31: 55835995 | H31: 57528910 | I31: 56257118 | J31: 57954305 | K31: 57928888 | L31: 57840380 | M31: 56112194 | N31: 55952683 | O31: 55640667 | P31: 58246793 | Q31: 57741199 | R31: 60027361 | S31: =+SUM(G31:R31) -> 6.8706649e+08 | T31: =+S31/$T$7*100 -> 8.4088608
A32: 412 | B32: =+VLOOKUP($A32,Master!$D$30:$G$226,4,FALSE) -> Ostala lična primanja | G32: 31766.52 | H32: 1841646.8 | I32: 1857108.4 | J32: 2510841.5 | K32: 1590999.9 | L32: 2655768.8 | M32: 1630670.8 | N32: 2785504.1 | O32: 1964043.7 | P32: 2921427.4 | Q32: 2198245.5 | R32: 5617411.1 | S32: =+SUM(G32:R32) -> 27605435 | T32: =+S32/$T$7*100 -> 0.33785705
A33: 413 | B33: =+VLOOKUP($A33,Master!$D$30:$G$226,4,FALSE) -> Rashodi za materijal | G33: 39625.34 | H33: 1478154.3 | I33: 4579901.9 | J33: 3857734.6 | K33: 2638841.9 | L33: 2829493.7 | M33: 3099861.9 | N33: 3587437.8 | O33: 5571109.4 | P33: 2787354.8 | Q33: 5419439.1 | R33: 10052003 | S33: =+SUM(G33:R33) -> 45940958 | T33: =+S33/$T$7*100 -> 0.56226162
A34: 414 | B34: =+VLOOKUP($A34,Master!$D$30:$G$226,4,FALSE) -> Rashodi za usluge | G34: 1240942.4 | H34: 3160477.2 | I34: 5711640.4 | J34: 8322105 | K34: 6656467.5 | L34: 7471155.9 | M34: 7213430.5 | N34: 5717007.4 | O34: 8387093.3 | P34: 9110727.5 | Q34: 8034131.3 | R34: 30196134 | S34: =+SUM(G34:R34) -> 1.0122131e+08 | T34: =+S34/$T$7*100 -> 1.2388261
A35: 415 | B35: =+VLOOKUP($A35,Master!$D$30:$G$226,4,FALSE) -> Rashodi za tekuće održavanje | G35: 1721.01 | H35: 948846.46 | I35: 3232733.7 | J35: 2562410 | K35: 2312536.5 | L35: 3212158.7 | M35: 2613689.5 | N35: 2769148.2 | O35: 1833197.9 | P35: 3421058.7 | Q35: 3136635.5 | R35: 9461668.7 | S35: =+SUM(G35:R35) -> 35505805 | T35: =+S35/$T$7*100 -> 0.434548
A36: 416 | B36: =+VLOOKUP($A36,Master!$D$30:$G$226,4,FALSE) -> Kamate | G36: 3788619.6 | H36: 3320549.1 | I36: 24471808 | J36: 33272515 | K36: 10340576 | L36: 5428174.2 | M36: 4924646.8 | N36: 2716052.3 | O36: 23271613 | P36: 15439496 | Q36: 7923419.1 | R36: 26197935 | S36: =+SUM(G36:R36) -> 1.610954e+08 | T36: =+S36/$T$7*100 -> 1.9716124
A37: 417 | B37: =+VLOOKUP($A37,Master!$D$30:$G$226,4,FALSE) -> Renta | G37: 17739.24 | H37: 658860.81 | I37: 1423590.1 | J37: 1025959.8 | K37: 804880.39 | L37: 1421600.7 | M37: 1142444 | N37: 749974.73 | O37: 1351493.9 | P37: 1130022.8 | Q37: 1212903.5 | R37: 3980738.2 | S37: =+SUM(G37:R37) -> 14920208 | T37: =+S37/$T$7*100 -> 0.18260526
A38: 418 | B38: =+VLOOKUP($A38,Master!$D$30:$G$226,4,FALSE) -> Subvencije | G38: 651862.93 | H38: 4133251.9 | I38: 6084455.6 | J38: 6925339.3 | K38: 4645561.2 | L38: 5186790.1 | M38: 6248831.5 | N38: 4290997.3 | O38: 1662216.3 | P38: 9523418.4 | Q38: 7111415.4 | R38: 34674374 | S38: =+SUM(G38:R38) -> 91138514 | T38: =+S38/$T$7*100 -> 1.1154249
A39: 419 | B39: =+VLOOKUP($A39,Master!$D$30:$G$226,4,FALSE) -> Ostali izdaci | G39: 430001.24 | H39: 2092733.1 | I39: 7265331.8 | J39: 5897910.6 | K39: 4246682.4 | L39: 10321082 | M39: 8793336.6 | N39: 4745507.8 | O39: 3841672.9 | P39: 8785897.2 | Q39: 4862010.5 | R39: 24041343 | S39: =+SUM(G39:R39) -> 85323509 | T39: =+S39/$T$7*100 -> 1.0442563
A40: 42 | B40: =+VLOOKUP($A40,Master!$D$30:$G$226,4,FALSE) -> Transferi za socijalnu zaštitu | G40: =+SUM(G41:G45) -> 82167965 | H40: =+SUM(H41:H45) -> 94348980 | I40: =+SUM(I41:I45) -> 92698392 | J40: =+SUM(J41:J45) -> 90293046 | K40: =+SUM(K41:K45) -> 90665419 | L40: =+SUM(L41:L45) -> 93385424 | M40: =+SUM(M41:M45) -> 92683231 | N40: =+SUM(N41:N45) -> 94391978 | ... R40: =+SUM(R41:R45) -> 95483683 | S40: =+SUM(G40:R40) -> 1.1071987e+09 | T40: =+S40/$T$7*100 -> 13.55077
A41: 421 | B41: =+VLOOKUP($A41,Master!$D$30:$G$226,4,FALSE) -> Prava iz oblasti socijalne zaštite | G41: 19199401 | H41: 22395141 | I41: 21236016 | J41: 19874612 | K41: 19544795 | L41: 20328528 | M41: 20317695 | N41: 21306571 | O41: 19728466 | P41: 22440562 | Q41: 17940954 | R41: 16694333 | S41: =+SUM(G41:R41) -> 2.4100707e+08 | T41: =+S41/$T$7*100 -> 2.9496343
A42: 422 | B42: =+VLOOKUP($A42,Master!$D$30:$G$226,4,FALSE) -> Sredstva za tehnološke viškove | G42: 37260 | H42: 2145915.9 | I42: 2167887.5 | J42: 2142786.8 | K42: 2091283.2 | L42: 2092533 | M42: 2074198.5 | N42: 2056772.5 | O42: 2096311.3 | P42: 2028607.2 | Q42: 2035555.4 | R42: 4695000.4 | S42: =+SUM(G42:R42) -> 25664112 | T42: =+S42/$T$7*100 -> 0.31409761
A43: 423 | B43: =+VLOOKUP($A43,Master!$D$30:$G$226,4,FALSE) -> Prava iz oblasti penzijskog i invalidskog osiguranja | G43: 62931303 | H43: 65497530 | I43: 65458141 | J43: 65623487 | K43: 65646944 | L43: 66986411 | M43: 66789127 | N43: 66911161 | O43: 67160706 | P43: 67815727 | Q43: 67918600 | R43: 67958081 | S43: =+SUM(G43:R43) -> 7.9669722e+08 | T43: =+S43/$T$7*100 -> 9.750608
A44: 424 | B44: =+VLOOKUP($A44,Master!$D$30:$G$226,4,FALSE) -> Ostala prava iz oblasti zdravstvene zaštite | G44: 0 | H44: 2943314.7 | I44: 1822777.6 | J44: 1453855.4 | K44: 1873268.4 | L44: 2658340.9 | M44: 2206882.4 | N44: 2543110.2 | O44: 2544955.6 | P44: 2451167.8 | Q44: 2785028.7 | R44: 3704496.6 | S44: =+SUM(G44:R44) -> 26987198 | T44: =+S44/$T$7*100 -> 0.33029059
A45: 425 | B45: =+VLOOKUP($A45,Master!$D$30:$G$226,4,FALSE) -> Ostala prava iz zdravstvenog osiguranja | G45: 0 | H45: 1367078.9 | I45: 2013570.4 | J45: 1198303.7 | K45: 1509129.5 | L45: 1319611.5 | M45: 1295328.1 | N45: 1574364.2 | O45: 1624128.8 | P45: 1666929.7 | Q45: 842885.63 | R45: 2431772.2 | S45: =+SUM(G45:R45) -> 16843102 | T45: =+S45/$T$7*100 -> 0.20613915
A46: 43 | B46: =+VLOOKUP($A46,Master!$D$30:$G$226,4,FALSE) -> Transferi institucijama, pojedincima, nevladinom i javnom sektoru | G46: 4939745.5 | H46: 29102084 | I46: 48341233 | J46: 36127442 | K46: 42171680 | L46: 42250978 | M46: 33069964 | N46: 32290264 | O46: 40423255 | P46: 41495278 | Q46: 35794173 | R46: 77290458 | S46: =+SUM(G46:R46) -> 4.6329656e+08 | T46: =+S46/$T$7*100 -> 5.6701881
A47: 44 | B47: =+VLOOKUP($A47,Master!$D$30:$G$226,4,FALSE) -> Kapitalni izdaci | G47: 125800.66 | H47: 11702686 | I47: 20234398 | J47: 33561366 | K47: 10208588 | L47: 33418874 | M47: 21083179 | N47: 24548211 | O47: 32840221 | P47: 26333388 | Q47: 25832124 | R47: 89256665 | S47: =+SUM(G47:R47) -> 3.291455e+08 | T47: =+S47/$T$7*100 -> 4.0283418
A48: 451 | B48: =+VLOOKUP($A48,Master!$D$30:$G$226,4,FALSE) -> Pozajmice i krediti | G48: 0 | H48: 0 | I48: 0 | J48: 0 | K48: 0 | L48: 0 | M48: 0 | N48: 0 | O48: 0 | P48: 0 | Q48: 0 | R48: 0 | S48: =+SUM(G48:R48) -> 0 | T48: =+S48/$T$7*100 -> 0
A49: 47 | B49: =+VLOOKUP($A49,Master!$D$30:$G$226,4,FALSE) -> Rezerve | G49: 0 | H49: 209850 | I49: 4097639.8 | J49: 60894.41 | K49: 22681.05 | L49: 196045.29 | M49: 28857.67 | N49: 2000 | O49: 53111.65 | P49: 22666.7 | Q49: 263081.6 | R49: 2397969.1 | S49: =+SUM(G49:R49) -> 7354797.3 | T49: =+S49/$T$7*100 -> 0.090013801
A50: 462 | B50: =+VLOOKUP($A50,Master!$D$30:$G$226,4,FALSE) -> Otplata garancija | G50: 4062323 | H50: 0 | I50: 0 | J50: 0 | K50: 0 | L50: 0 | M50: 0 | N50: 0 | O50: 0 | P50: 0 | Q50: 0 | R50: 0 | S50: =+SUM(G50:R50) -> 4062323 | T50: =+S50/$T$7*100 -> 0.049717908
A51: 4630 | B51: =+VLOOKUP($A51,Master!$D$30:$G$226,4,TRUE) -> Otplata obaveza iz prethodnog perioda | G51: 1050360.8 | H51: 2197777.1 | I51: 2186945.5 | J51: 1823733.4 | K51: 1744824.7 | L51: 1298140.2 | M51: 3501066.3 | N51: 737916.52 | O51: 6379172.6 | P51: 2068707.8 | Q51: 1319744.9 | R51: 2152765.2 | S51: =+SUM(G51:R51) -> 26461155 | T51: =+S51/$T$7*100 -> 0.32385245
A52: 1005 | B52: =+VLOOKUP($A52,Master!$D$30:$G$228,4,FALSE) -> Neto povećanje obaveza | G52: 0 | H52: 0 | I52: 0 | J52: 0 | K52: 0 | L52: 0 | M52: 0 | N52: 0 | O52: 0 | P52: 0 | Q52: 0 | R52: 0 | S52: =+SUM(G52:R52) -> 0 | T52: =+S52/$T$7*100 -> 0
A53: 1000 | B53: =+VLOOKUP($A53,Master!$D$30:$G$226,4,FALSE) -> Suficit / deficit | G53: =+G10-G29 -> 2365454.1 | H53: =+H10-H29 -> -34377742 | I53: =+I10-I29 -> -33092990 | J53: =+J10-J29 -> 32918765 | K53: =+K10-K29 -> -36446729 | L53: =+L10-L29 -> -41014061 | M53: =+M10-M29 -> 14650676 | N53: =+N10-N29 -> 24744273 | ... R53: =+R10-R29 -> -1.4092437e+08 | S53: =SUM(G53:R53) -> -3.1368021e+08 | T53: =+S53/$T$7*100 -> -3.8390654
A54: 1001 | B54: =+VLOOKUP($A54,Master!$D$30:$G$226,4,FALSE) -> Primarni suficit/deficit | G54: =+G53+G36 -> 6154073.7 | H54: =+H53+H36 -> -31057192 | I54: =+I53+I36 -> -8621182.6 | J54: =+J53+J36 -> 66191279 | K54: =+K53+K36 -> -26106153 | L54: =+L53+L36 -> -35585887 | M54: =+M53+M36 -> 19575323 | N54: =+N53+N36 -> 27460326 | ... R54: =+R53+R36 -> -1.1472643e+08 | S54: =+SUM(G54:R54) -> -1.5258481e+08 | T54: =+S54/$T$7*100 -> -1.867453
A55: 46 | B55: =+VLOOKUP($A55,Master!$D$30:$G$226,4,FALSE) -> Otplata dugova | G55: =+SUM(G56:G57) -> 34620663 | H55: =+SUM(H56:H57) -> 8280354.3 | I55: =+SUM(I56:I57) -> 35822753 | J55: =+SUM(J56:J57) -> 5.0736418e+08 | K55: =+SUM(K56:K57) -> 49335423 | L55: =+SUM(L56:L57) -> 38233496 | M55: =+SUM(M56:M57) -> 34467856 | N55: =+SUM(N56:N57) -> 7549624.9 | ... R55: =+SUM(R56:R57) -> 30219639 | S55: =+SUM(G55:R55) -> 8.0379399e+08 | T55: =+S55/$T$7*100 -> 9.8374638
A56: 4611 | B56: =+VLOOKUP($A56,Master!$D$30:$G$226,4,FALSE) -> Otplata hartija od vrijednosti i kredita rezidentima | G56: 1984895.3 | H56: 1705490.1 | I56: 4420486.7 | J56: 2049822.2 | K56: 2795674.9 | L56: 15431758 | M56: 1723907.9 | N56: 1755694.7 | O56: 4555783.9 | P56: 1755147.1 | Q56: 2864397.9 | R56: 15776243 | S56: =+SUM(G56:R56) -> 56819302 | T56: =+S56/$T$7*100 -> 0.69539936
A57: 4612 | B57: =+VLOOKUP($A57,Master!$D$30:$G$226,4,FALSE) -> Otplata hartija od vrijednosti i kredita nerezidentima | G57: 32635767 | H57: 6574864.2 | I57: 31402266 | J57: 5.0531435e+08 | K57: 46539748 | L57: 22801738 | M57: 32743948 | N57: 5793930.1 | O57: 21549363 | P57: 5314707 | Q57: 21860602 | R57: 14443396 | S57: =+SUM(G57:R57) -> 7.4697468e+08 | T57: =+S57/$T$7*100 -> 9.1420645
A58: 4418 | B58: =+VLOOKUP($A58,Master!$D$30:$G$226,4,FALSE) -> Izdaci za kupovinu hartija od vrijednosti | G58: 0 | H58: 0 | I58: 1042170.9 | J58: 0 | K58: 0 | L58: 360695.5 | M58: 82691.12 | N58: 0 | O58: 0 | P58: 0 | Q58: 0 | R58: 47.3 | S58: =SUM(G58:R58) -> 1485604.8 | T58: =+S58/$T$7*100 -> 0.018182002
A59: 451 | B59: =+VLOOKUP($A59,Master!$D$30:$G$226,4,FALSE) -> Pozajmice i krediti | G59: 0 | H59: 1478222 | I59: 1456725.6 | J59: 792552.3 | K59: 768533.87 | L59: 776984.56 | M59: 287960.95 | N59: 11164.5 | O59: 1103772.8 | P59: 1401425.2 | Q59: 280526.68 | R59: 630938.89 | S59: =SUM(G59:R59) -> 8988807.4 | T59: =+S59/$T$7*100 -> 0.1100121
A60: 1002 | B60: =+VLOOKUP($A60,Master!$D$30:$G$226,4,FALSE) -> Nedostajuća sredstva | G60: =+G53-G55-G58-G59 -> -32255209 | H60: =+H53-H55-H58-H59 -> -44136318 | I60: =+I53-I55-I58-I59 -> -71414640 | J60: =+J53-J55-J58-J59 -> -4.7523796e+08 | K60: =+K53-K55-K58-K59 -> -86550686 | L60: =+L53-L55-L58-L59 -> -80385237 | M60: =+M53-M55-M58-M59 -> -20187832 | N60: =+N53-N55-N58-N59 -> 17183484 | ... S60: =+S53-S55-S58-S59 -> -1.1279486e+09 | T60: =+S60/$T$7*100 -> -13.804723
A61: 1003 | B61: =+VLOOKUP($A61,Master!$D$30:$G$226,4,FALSE) -> Finansiranje | G61: =+SUM(G62:G66) -> 32255209 | H61: =+SUM(H62:H66) -> 44136318 | I61: =+SUM(I62:I66) -> 71414640 | J61: =+SUM(J62:J66) -> 4.7523796e+08 | K61: =+SUM(K62:K66) -> 86550686 | L61: =+SUM(L62:L66) -> 80385237 | M61: =+SUM(M62:M66) -> 20187832 | N61: =+SUM(N62:N66) -> -17183484 | ... R61: =+SUM(R62:R66) -> 1.7177499e+08 | S61: =+SUM(G61:R61) -> 1.1279486e+09 | T61: =+S61/$T$7*100 -> 13.804723
A62: 7511 | B62: =+VLOOKUP($A62,Master!$D$30:$G$226,4,FALSE) -> Pozajmice i krediti od domaćih izvora | G62: 0 | H62: 0 | I62: 0 | J62: 0 | K62: 0 | L62: 6127675 | M62: 0 | N62: 0 | O62: 0 | P62: 0 | Q62: 0 | R62: 49867022 | S62: =+SUM(G62:R62) -> 55994697 | T62: =+S62/$T$7*100 -> 0.6853072
A63: 7512 | B63: =+VLOOKUP($A63,Master!$D$30:$G$226,4,FALSE) -> Pozajmice i krediti od inostranih izvora | G63: 1824723.9 | H63: 12400328 | I63: 3541669.8 | J63: 8.751074e+08 | K63: 13247477 | L63: 17223432 | M63: 2262202.1 | N63: 5098569.6 | O63: 11385735 | P63: 8898787.9 | Q63: 7017571.4 | R63: 4.5578381e+08 | S63: =+SUM(G63:R63) -> 1.4137917e+09 | T63: =+S63/$T$7*100 -> 17.303096
A64: 72 | B64: =+VLOOKUP($A64,Master!$D$30:$G$226,4,FALSE) -> Primici od prodaje imovine | G64: 106186.27 | H64: 433611.13 | I64: 56765.9 | J64: 120196.98 | K64: 111116.88 | L64: 96396.75 | M64: 164141.3 | N64: 213815.58 | O64: 103884.06 | P64: 186399.44 | Q64: 3374181 | R64: 5201509.8 | S64: =+SUM(G64:R64) -> 10168205 | T64: =+S64/$T$7*100 -> 0.1244465
A65: 73 | B65: Primici od otplate kredita | G65: 2934144.9 | H65: 678005.91 | I65: 623345.79 | J65: 1934833.1 | K65: 870162.63 | L65: 2464199 | M65: 3116777.5 | N65: 1161441.7 | O65: 577156.09 | P65: 2238256.7 | Q65: 704735.7 | R65: 3281400.7 | S65: =+SUM(G65:R65) -> 20584460 | T65: =+S65/$T$7*100 -> 0.25192883
A66: 1004 | B66: =+VLOOKUP($A66,Master!$D$30:$G$226,4,FALSE) -> Povećanje / smanjenje depozita | G66: =-G60-SUM(G62:G65) -> 27390154 | H66: =-H60-SUM(H62:H65) -> 30624373 | I66: =-I60-SUM(I62:I65) -> 67192859 | J66: =-J60-SUM(J62:J65) -> -4.0192447e+08 | K66: =-K60-SUM(K62:K65) -> 72321930 | L66: =-L60-SUM(L62:L65) -> 54473534 | M66: =-M60-SUM(M62:M65) -> 14644711 | N66: =-N60-SUM(N62:N65) -> -23657311 | ... S66: =-S60-SUM(S62:S65) -> -3.7259046e+08 | T66: =+S66/$T$7*100 -> -4.5600555
G82: =+CONCATENATE(G6,"p") -> 2025-01p | H82: =+CONCATENATE(H6,"p") -> 2025-02p | I82: =+CONCATENATE(I6,"p") -> 2025-03p | J82: =+CONCATENATE(J6,"p") -> 2025-04p | K82: =+CONCATENATE(K6,"p") -> 2025-05p | L82: =+CONCATENATE(L6,"p") -> 2025-06p | M82: =+CONCATENATE(M6,"p") -> 2025-07p | N82: =+CONCATENATE(N6,"p") -> 2025-08p | ... R82: =+CONCATENATE(R6,"p") -> 2025-12p
B83: =+Master!G253 -> Plan ostvarenja budžeta | G83: 2025 | S83: =+S7 -> BDP | T83: =+T7 -> 8170744000
G84: =+G8 -> Januar | H84: =+H8 -> Februar | I84: =+I8 -> Mart | J84: =+J8 -> April | K84: =+K8 -> Maj | L84: =+L8 -> Jun | M84: =+M8 -> Jul | N84: =+N8 -> Avgust | ... R84: =+R8 -> Decembar | S84: =+Master!G247 -> Jan - Dec | T84: =+T8 -> 0
G85: mil. € | H85: mil. € | I85: mil. € | J85: mil. € | K85: mil. € | L85: mil. € | M85: mil. € | N85: mil. € | O85: mil. € | P85: mil. € | Q85: mil. € | R85: mil. € | S85: mil. € | T85: =+T9 -> % BDP
A86: =+CONCATENATE(A10,"p") -> 7p | B86: =+VLOOKUP(LEFT($A86,LEN(A86)-1)*1,Master!$D$30:$G$226,4,FALSE) -> Prihodi budžeta | G86: 1.5616536e+08 | H86: 1.8646577e+08 | I86: 2.5078115e+08 | J86: 3.1713493e+08 | K86: 2.0869697e+08 | L86: 2.4031769e+08 | M86: 2.4430391e+08 | N86: 2.6283756e+08 | O86: 2.5342498e+08 | P86: 2.6216778e+08 | Q86: 2.4070664e+08 | R86: 2.6307025e+08 | S86: =+SUM(G86:R86) -> 2.886073e+09 | T86: =+S86/$T$83*100 -> 35.322034
A87: =+CONCATENATE(A11,"p") -> 711p | B87: =+VLOOKUP(LEFT($A87,LEN(A87)-1)*1,Master!$D$30:$G$226,4,FALSE) -> Porezi | G87: 1.3270263e+08 | H87: 1.3685618e+08 | I87: 2.0192035e+08 | J87: 2.4731483e+08 | K87: 1.5876285e+08 | L87: 1.8736474e+08 | M87: 1.894172e+08 | N87: 2.0348809e+08 | O87: 1.9777419e+08 | P87: 1.8462259e+08 | Q87: 1.6472769e+08 | R87: 1.7862768e+08 | S87: =+SUM(G87:R87) -> 2.183579e+09 | T87: =+S87/$T$83*100 -> 26.72436
A88: =+CONCATENATE(A12,"p") -> 7111p | B88: =+VLOOKUP(LEFT($A88,LEN(A88)-1)*1,Master!$D$30:$G$229,4,FALSE) -> Porez na dohodak fizičkih lica | G88: 3030555.4 | H88: 8130802.2 | I88: 8923400.7 | J88: 10055740 | K88: 8682295.2 | L88: 8631219.9 | M88: 8191796 | N88: 9611353.9 | O88: 9089054.5 | P88: 9766273.5 | Q88: 9540892.4 | R88: 14670110 | S88: =+SUM(G88:R88) -> 1.0832349e+08 | T88: =+S88/$T$83*100 -> 1.3257482
A89: =+CONCATENATE(A13,"p") -> 7112p | B89: =+VLOOKUP(LEFT($A89,LEN(A89)-1)*1,Master!$D$30:$G$229,4,FALSE) -> Porez na dobit pravnih lica | G89: 4758743.2 | H89: 4914823.3 | I89: 72553472 | J89: 1.0683645e+08 | K89: 3872785.1 | L89: 5448872.6 | M89: 3374680.6 | N89: 3232098.1 | O89: 3724755.4 | P89: 2722374.5 | Q89: 3855532 | R89: 4568258.8 | S89: =+SUM(G89:R89) -> 2.1986285e+08 | T89: =+S89/$T$83*100 -> 2.6908547
A90: =+CONCATENATE(A14,"p") -> 7113p | B90: =+VLOOKUP(LEFT($A90,LEN(A90)-1)*1,Master!$D$30:$G$229,4,FALSE) -> Porez na promet nepokretnosti | G90: 0 | H90: 0 | I90: 0 | J90: 0 | K90: 0 | L90: 0 | M90: 0 | N90: 0 | O90: 0 | P90: 0 | Q90: 0 | R90: 0 | S90: =+SUM(G90:R90) -> 0 | T90: =+S90/$T$83*100 -> 0
A91: =+CONCATENATE(A15,"p") -> 7114p | B91: =+VLOOKUP(LEFT($A91,LEN(A91)-1)*1,Master!$D$30:$G$229,4,FALSE) -> Porez na dodatu vrijednost | G91: 96606705 | H91: 94686429 | I91: 90983846 | J91: 95799152 | K91: 1.0740876e+08 | L91: 1.2628e+08 | M91: 1.2836154e+08 | N91: 1.3623876e+08 | O91: 1.349121e+08 | P91: 1.2553712e+08 | Q91: 1.1522753e+08 | R91: 1.2055106e+08 | S91: =+SUM(G91:R91) -> 1.372593e+09 | T91: =+S91/$T$83*100 -> 16.798874
A92: =+CONCATENATE(A16,"p") -> 7115p | B92: =+VLOOKUP(LEFT($A92,LEN(A92)-1)*1,Master!$D$30:$G$229,4,FALSE) -> Akcize | G92: 23651765 | H92: 24000000 | I92: 23000000 | J92: 28000000 | K92: 32000000 | L92: 40000000 | M92: 42000000 | N92: 47000000 | O92: 43000000 | P92: 40000000 | Q92: 29000000 | R92: 31848235 | S92: =+SUM(G92:R92) -> 403500000 | T92: =+S92/$T$83*100 -> 4.9383508
A93: =+CONCATENATE(A17,"p") -> 7116p | B93: =+VLOOKUP(LEFT($A93,LEN(A93)-1)*1,Master!$D$30:$G$229,4,FALSE) -> Porez na međunarodnu trgovinu i transakcije | G93: 3527264.2 | H93: 3959801.9 | I93: 5206630.3 | J93: 5016508 | K93: 5327778.4 | L93: 5791471.9 | M93: 6106528.2 | N93: 6198763.4 | O93: 5739734.4 | P93: 5367439.9 | Q93: 5883786.1 | R93: 5867281.8 | S93: =+SUM(G93:R93) -> 63992989 | T93: =+S93/$T$83*100 -> 0.78319659
A94: =+CONCATENATE(A18,"p") -> 7118p | B94: =+VLOOKUP(LEFT($A94,LEN(A94)-1)*1,Master!$D$30:$G$229,4,FALSE) -> Ostali državni porezi | G94: 1127597 | H94: 1164326.8 | I94: 1252999.7 | J94: 1606977.9 | K94: 1471230.5 | L94: 1213174.9 | M94: 1382660.9 | N94: 1207110.5 | O94: 1308549 | P94: 1229374.2 | Q94: 1219951.2 | R94: 1122725.4 | S94: =+SUM(G94:R94) -> 15306678 | T94: =+S94/$T$83*100 -> 0.18733518
A95: =+CONCATENATE(A19,"p") -> 712p | B95: =+VLOOKUP(LEFT($A95,LEN(A95)-1)*1,Master!$D$30:$G$229,4,FALSE) -> Doprinosi | G95: 16612976 | H95: 37852524 | I95: 37594151 | J95: 36350589 | K95: 36620384 | L95: 37745306 | M95: 38491145 | N95: 37029247 | O95: 34518387 | P95: 34451717 | Q95: 34831552 | R95: 66953343 | S95: =+SUM(G95:R95) -> 4.4905132e+08 | T95: =+S95/$T$83*100 -> 5.4958437
A96: =+CONCATENATE(A20,"p") -> 7121p | B96: =+VLOOKUP(LEFT($A96,LEN(A96)-1)*1,Master!$D$30:$G$229,4,FALSE) -> Doprinosi za penzijsko i invalidsko osiguranje | G96: 14262452 | H96: 33693463 | I96: 33632307 | J96: 32550005 | K96: 32911672 | L96: 33551537 | M96: 34400667 | N96: 32533685 | O96: 30697940 | P96: 30021605 | Q96: 30769764 | R96: 58313830 | S96: =+SUM(G96:R96) -> 3.9733893e+08 | T96: =+S96/$T$83*100 -> 4.8629467
A97: =+CONCATENATE(A21,"p") -> 7122p | B97: =+VLOOKUP(LEFT($A97,LEN(A97)-1)*1,Master!$D$30:$G$229,4,FALSE) -> Doprinosi za zdravstveno osiguranje | G97: 314658.88 | H97: 500023.87 | I97: 500023.87 | J97: 500023.87 | K97: 585102.44 | L97: 500023.87 | M97: 500023.87 | N97: 500023.87 | O97: 500023.87 | P97: 500023.87 | Q97: 500023.87 | R97: 600023.87 | S97: =+SUM(G97:R97) -> 6000000 | T97: =+S97/$T$83*100 -> 0.073432725
A98: =+CONCATENATE(A22,"p") -> 7123p | B98: =+VLOOKUP(LEFT($A98,LEN(A98)-1)*1,Master!$D$30:$G$229,4,FALSE) -> Doprinosi za osiguranje od nezaposlenosti | G98: 1216722.6 | H98: 1942795.9 | I98: 1806831.8 | J98: 1856869.2 | K98: 1646859.6 | L98: 2083724.4 | M98: 1921208.7 | N98: 2372970.9 | O98: 2112789.2 | P98: 2212922.8 | Q98: 2098566.6 | R98: 4727738.4 | S98: =+SUM(G98:R98) -> 26000000 | T98: =+S98/$T$83*100 -> 0.31820848
A99: =+CONCATENATE(A23,"p") -> 7124p | B99: =+VLOOKUP(LEFT($A99,LEN(A99)-1)*1,Master!$D$30:$G$229,4,FALSE) -> Ostali doprinosi | G99: 819141.76 | H99: 1716241.2 | I99: 1654988.8 | J99: 1443690.5 | K99: 1476750 | L99: 1610021.6 | M99: 1669245.2 | N99: 1622566.8 | O99: 1207633.9 | P99: 1717166 | Q99: 1463198.2 | R99: 3311750.5 | S99: =+SUM(G99:R99) -> 19712395 | T99: =+S99/$T$83*100 -> 0.24125581
... A104: =+CONCATENATE(A28,"p") -> 74p | B104: =+VLOOKUP(LEFT($A104,LEN(A104)-1)*1,Master!$D$30:$G$229,4,FALSE) -> Donacije i transferi | G104: 0 | H104: 3000000 | I104: 2000000 | J104: 24153709 | K104: 3653709.4 | L104: 4153709.4 | M104: 3703709.4 | N104: 4403709.4 | O104: 4653709.4 | P104: 28153709 | Q104: 28153709 | R104: 3170324.8 | S104: =+SUM(G104:R104) -> 109200000 | T104: =+S104/$T$83*100 -> 1.3364756
A105: =+CONCATENATE(A29,"p") -> 4p | B105: =+VLOOKUP(LEFT($A105,LEN(A105)-1)*1,Master!$D$30:$G$229,4,FALSE) -> Izdaci budžeta | G105: =+G106+G116+G122+SUM(G123:G127) -> 1.918505e+08 | H105: =+H106+H116+H122+SUM(H123:H127) -> 2.079278e+08 | I105: =+I106+I116+I122+SUM(I123:I127) -> 2.7700873e+08 | J105: =+J106+J116+J122+SUM(J123:J127) -> 2.7188043e+08 | K105: =+K106+K116+K122+SUM(K123:K127) -> 2.5653146e+08 | L105: =+L106+L116+L122+SUM(L123:L127) -> 2.4643434e+08 | M105: =+M106+M116+M122+SUM(M123:M127) -> 2.6691523e+08 | N105: =+N106+N116+N122+SUM(N123:N127) -> 3.1616006e+08 | ... R105: =+R106+R116+R122+SUM(R123:R127) -> 2.8536409e+08 | S105: =+SUM(G105:R105) -> 3.1642214e+09 | T105: =+S105/$T$83*100 -> 38.726234
A106: =+CONCATENATE(A30,"p") -> 41p | B106: =+VLOOKUP(LEFT($A106,LEN(A106)-1)*1,Master!$D$30:$G$229,4,FALSE) -> Tekući izdaci | G106: =+SUM(G107:G115) -> 73899013 | H106: =+SUM(H107:H115) -> 76519007 | I106: =+SUM(I107:I115) -> 1.1379883e+08 | J106: =+SUM(J107:J115) -> 1.2118235e+08 | K106: =+SUM(K107:K115) -> 98021415 | L106: =+SUM(L107:L115) -> 98591846 | M106: =+SUM(M107:M115) -> 91078476 | N106: =+SUM(N107:N115) -> 1.2830615e+08 | ... R106: =+SUM(R107:R115) -> 1.0344528e+08 | S106: =+SUM(G106:R106) -> 1.2618153e+09 | T106: =+S106/$T$83*100 -> 15.44309
A107: =+CONCATENATE(A31,"p") -> 411p | B107: =+VLOOKUP(LEFT($A107,LEN(A107)-1)*1,Master!$D$30:$G$229,4,FALSE) -> Bruto zarade i doprinosi na teret poslodavca | G107: 54740563 | H107: 58682981 | I107: 56764031 | J107: 57444657 | K107: 57919125 | L107: 57898328 | M107: 56113641 | N107: 67404412 | O107: 57198032 | P107: 71633622 | Q107: 70481093 | R107: 48093301 | S107: =+SUM(G107:R107) -> 7.1437379e+08 | T107: =+S107/$T$83*100 -> 8.743069
A108: =+CONCATENATE(A32,"p") -> 412p | B108: =+VLOOKUP(LEFT($A108,LEN(A108)-1)*1,Master!$D$30:$G$229,4,FALSE) -> Ostala lična primanja | G108: 1310786 | H108: 1349281.2 | I108: 1992150.1 | J108: 2081222.4 | K108: 2134029.5 | L108: 2114169.6 | M108: 2190687.6 | N108: 3267790.2 | O108: 2502701.1 | P108: 2600813.6 | Q108: 2577314.5 | R108: 2409220.8 | S108: =+SUM(G108:R108) -> 26530167 | T108: =+S108/$T$83*100 -> 0.32469707
A109: =+CONCATENATE(A33,"p") -> 413p | B109: =+VLOOKUP(LEFT($A109,LEN(A109)-1)*1,Master!$D$30:$G$229,4,FALSE) -> Rashodi za materijal | G109: 1513718.3 | H109: 1797627.1 | I109: 4827844.4 | J109: 4553517.6 | K109: 3783604.2 | L109: 3300641.7 | M109: 3702728.8 | N109: 7623708 | O109: 4652342.3 | P109: 4654790.7 | Q109: 5055380.1 | R109: 5146580.3 | S109: =+SUM(G109:R109) -> 50612484 | T109: =+S109/$T$83*100 -> 0.61943543
A110: =+CONCATENATE(A34,"p") -> 414p | B110: =+VLOOKUP(LEFT($A110,LEN(A110)-1)*1,Master!$D$30:$G$229,4,FALSE) -> Rashodi za usluge | G110: 3056018.6 | H110: 2625955.9 | I110: 9527791.2 | J110: 8092225.7 | K110: 5872327 | L110: 8880916.2 | M110: 7488395.9 | N110: 10619318 | O110: 9806600.1 | P110: 9700594.2 | Q110: 9755744.1 | R110: 13071655 | S110: =+SUM(G110:R110) -> 98497542 | T110: =+S110/$T$83*100 -> 1.2054905
A111: =+CONCATENATE(A35,"p") -> 415p | B111: =+VLOOKUP(LEFT($A111,LEN(A111)-1)*1,Master!$D$30:$G$229,4,FALSE) -> Rashodi za tekuće održavanje | G111: 2125329.9 | H111: 1894844.4 | I111: 1539250.4 | J111: 2443414.8 | K111: 3185704 | L111: 2941751.5 | M111: 3000937.6 | N111: 4897068.7 | O111: 4694098 | P111: 4674452.7 | Q111: 4714537.4 | R111: 4723052.1 | S111: =+SUM(G111:R111) -> 40834441 | T111: =+S111/$T$83*100 -> 0.49976405
A112: =+CONCATENATE(A36,"p") -> 416p | B112: =+VLOOKUP(LEFT($A112,LEN(A112)-1)*1,Master!$D$30:$G$229,4,FALSE) -> Kamate | G112: 3791323.4 | H112: 3323278.7 | I112: 24437292 | J112: 33305080 | K112: 10217951 | L112: 5629662.4 | M112: 4848196.2 | N112: 14492146 | O112: 14492146 | P112: 14492146 | Q112: 14492146 | R112: 14490646 | S112: =+SUM(G112:R112) -> 1.5801201e+08 | T112: =+S112/$T$83*100 -> 1.9338754
A113: =+CONCATENATE(A37,"p") -> 417p | B113: =+VLOOKUP(LEFT($A113,LEN(A113)-1)*1,Master!$D$30:$G$229,4,FALSE) -> Renta | G113: 1029108 | H113: 1022679.6 | I113: 1093120 | J113: 1106490.6 | K113: 1044686.2 | L113: 1058107.3 | M113: 1025082.6 | N113: 1361970.2 | O113: 1326158.5 | P113: 1138981.3 | Q113: 1110150.2 | R113: 1031644.1 | S113: =+SUM(G113:R113) -> 13348179 | T113: =+S113/$T$83*100 -> 0.16336552
A114: =+CONCATENATE(A38,"p") -> 418p | B114: =+VLOOKUP(LEFT($A114,LEN(A114)-1)*1,Master!$D$30:$G$229,4,FALSE) -> Subvencije | G114: 3923337.5 | H114: 2411250 | I114: 5901966.3 | J114: 5865018.6 | K114: 6219007.1 | L114: 5525954.7 | M114: 5355770.8 | N114: 8596998.2 | O114: 6721963.6 | P114: 6721963.6 | Q114: 6721963.6 | R114: 6721963.6 | S114: =+SUM(G114:R114) -> 70687158 | T114: =+S114/$T$83*100 -> 0.8651251
A115: =+CONCATENATE(A39,"p") -> 419p | B115: =+VLOOKUP(LEFT($A115,LEN(A115)-1)*1,Master!$D$30:$G$229,4,FALSE) -> Ostali izdaci | G115: 2408828 | H115: 3411109 | I115: 7715389.1 | J115: 6290727.4 | K115: 7644981 | L115: 11242314 | M115: 7353035.4 | N115: 10042739 | O115: 8546142.6 | P115: 8269831.3 | Q115: 8237233.4 | R115: 7757214.5 | S115: =+SUM(G115:R115) -> 88919545 | T115: =+S115/$T$83*100 -> 1.0882674
A116: =+CONCATENATE(A40,"p") -> 42p | B116: =+VLOOKUP(LEFT($A116,LEN(A116)-1)*1,Master!$D$30:$G$229,4,FALSE) -> Transferi za socijalnu zaštitu | G116: =+SUM(G117:G121) -> 86392002 | H116: =+SUM(H117:H121) -> 93735059 | I116: =+SUM(I117:I121) -> 92633322 | J116: =+SUM(J117:J121) -> 90975550 | K116: =+SUM(K117:K121) -> 90385628 | L116: =+SUM(L117:L121) -> 93674810 | M116: =+SUM(M117:M121) -> 93162510 | N116: =+SUM(N117:N121) -> 95987427 | ... R116: =+SUM(R117:R121) -> 77037176 | S116: =+SUM(G116:R116) -> 1.065657e+09 | T116: =+S116/$T$83*100 -> 13.04235
A117: =+CONCATENATE(A41,"p") -> 421p | B117: =+VLOOKUP(LEFT($A117,LEN(A117)-1)*1,Master!$D$30:$G$229,4,FALSE) -> Prava iz oblasti socijalne zaštite | G117: 19200151 | H117: 22395858 | I117: 21236496 | J117: 19875976 | K117: 19561222 | L117: 20310976 | M117: 20317695 | N117: 22053720 | O117: 15726325 | P117: 15726325 | Q117: 15701380 | R117: 9423875.8 | S117: =+SUM(G117:R117) -> 221530000 | T117: =+S117/$T$83*100 -> 2.7112586
A118: =+CONCATENATE(A42,"p") -> 422p | B118: =+VLOOKUP(LEFT($A118,LEN(A118)-1)*1,Master!$D$30:$G$229,4,FALSE) -> Sredstva za tehnološke viškove | G118: 2213718.6 | H118: 2165427.9 | I118: 2163156.1 | J118: 2158505.1 | K118: 2057419.8 | L118: 2084408 | M118: 2096069.4 | N118: 2344604 | O118: 2344604 | P118: 2344604 | Q118: 2344604 | R118: 344604 | S118: =+SUM(G118:R118) -> 24661725 | T118: =+S118/$T$83*100 -> 0.30182961
A119: =+CONCATENATE(A43,"p") -> 423p | B119: =+VLOOKUP(LEFT($A119,LEN(A119)-1)*1,Master!$D$30:$G$229,4,FALSE) -> Prava iz oblasti penzijskog i invalidskog osiguranja | G119: 63002630 | H119: 65519896 | I119: 65511586 | J119: 65613396 | K119: 65712453 | L119: 66973579 | M119: 66835127 | N119: 67927730 | O119: 59286917 | P119: 63607323 | Q119: 63607323 | R119: 63607323 | S119: =+SUM(G119:R119) -> 7.7720528e+08 | T119: =+S119/$T$83*100 -> 9.5120504
A120: =+CONCATENATE(A44,"p") -> 424p | B120: =+VLOOKUP(LEFT($A120,LEN(A120)-1)*1,Master!$D$30:$G$229,4,FALSE) -> Ostala prava iz oblasti zdravstvene zaštite | G120: 1296116.4 | H120: 2368371.3 | I120: 1988435.5 | J120: 1904853.6 | K120: 1750586.8 | L120: 2838301.4 | M120: 2255237.9 | N120: 2231619.4 | O120: 2231619.4 | P120: 2231619.4 | Q120: 2231619.4 | R120: 2231619.4 | S120: =+SUM(G120:R120) -> 25560000 | T120: =+S120/$T$83*100 -> 0.31282341
...

Sheet 2026
E2: =+Master!G6 -> Crna Gora
E3: =+Master!G7 -> Ministarstvo finansija
E4: =+Master!G8 -> Direktorat za državni budžet
G5: =+RIGHT(G6,2)*1 -> 1 | H5: =+RIGHT(H6,2)*1 -> 2 | I5: =+RIGHT(I6,2)*1 -> 3 | J5: =+RIGHT(J6,2)*1 -> 4 | K5: =+RIGHT(K6,2)*1 -> 5 | L5: =+RIGHT(L6,2)*1 -> 6 | M5: =+RIGHT(M6,2)*1 -> 7 | N5: =+RIGHT(N6,2)*1 -> 8 | ... R5: =+RIGHT(R6,2)*1 -> 12
G6: 2026-01 | H6: 2026-02 | I6: 2026-03 | J6: 2026-04 | K6: 2026-05 | L6: 2026-06 | M6: 2026-07 | N6: 2026-08 | O6: 2026-09 | P6: 2026-10 | Q6: 2026-11 | R6: 2026-12
B7: =+Master!G252 -> Ostvarenje budžeta | G7: 2026 | S7: =+Master!G249 -> BDP | T7: 8591200000
G8: =+[1]Master!G232 -> Januar | H8: =+[1]Master!G233 -> Februar | I8: =+[1]Master!G234 -> Mart | J8: =+[1]Master!G235 -> April | K8: =+[1]Master!G236 -> Maj | L8: =+[1]Master!G237 -> Jun | M8: =+Master!G238 -> Jul | N8: =+Master!G239 -> Avgust | O8: =+Master!G240 -> Septembar | P8: =+Master!G241 -> Oktobar | Q8: =+Master!G242 -> Novembar | R8: =+Master!G243 -> Decembar | S8: =+Master!G247 -> Jan - Dec
G9: mil. € | H9: mil. € | I9: mil. € | J9: mil. € | K9: mil. € | L9: mil. € | M9: mil. € | N9: mil. € | O9: mil. € | P9: mil. € | Q9: mil. € | R9: mil. € | S9: mil. € | T9: =+Master!G250 -> % BDP
A10: 7 | B10: =+VLOOKUP($A10,Master!$D$30:$G$226,4,FALSE) -> Prihodi budžeta | G10: =G11+G19+G24+G25+G26+G27+G28 -> 1.6276014e+08 | H10: =+H11+H19+SUM(H24:H28) -> 1.9205819e+08 | I10: =+I11+I19+SUM(I24:I28) -> 2.8115093e+08 | J10: =+J11+J19+SUM(J24:J28) -> 3.3630619e+08 | K10: =+K11+K19+SUM(K24:K28) -> 2.1565277e+08 | L10: =+L11+L19+SUM(L24:L28) -> 2.4958358e+08 | M10: =+M11+M19+SUM(M24:M28) -> 2.7948122e+08 | N10: =+N11+N19+SUM(N24:N28) -> 2.8863433e+08 | O10: =+O11+O19+SUM(O24:O28) -> 3.1283896e+08 | ... R10: =+R11+R19+SUM(R24:R28) -> 0 | S10: =+SUM(G10:R10) -> 2.3184663e+09 | T10: =+S10/$T$7*100 -> 26.986525
A11: 711 | B11: =+VLOOKUP($A11,Master!$D$30:$G$226,4,FALSE) -> Porezi | G11: =+SUM(G12:G18) -> 1.3908718e+08 | H11: =+SUM(H12:H18) -> 1.4334812e+08 | I11: =+SUM(I12:I18) -> 229093563 | J11: =+SUM(J12:J18) -> 254016557 | K11: =+SUM(K12:K18) -> 1.7191074e+08 | L11: =+SUM(L12:L18) -> 1.9694e+08 | M11: =+SUM(M12:M18) -> 2.1391945e+08 | N11: =+SUM(N12:N18) -> 2.3364542e+08 | ... R11: =+SUM(R12:R18) -> 0 | S11: =+SUM(G11:R11) -> 1.8152465e+09 | T11: =+S11/$T$7*100 -> 21.129138
A12: 7111 | B12: =+VLOOKUP($A12,Master!$D$30:$G$226,4,FALSE) -> Porez na dohodak fizičkih lica | G12: 3145286.2 | H12: 8342027.3 | I12: 8405638.7 | J12: 11197955 | K12: 9633348 | L12: 17118866 | M12: 11080596 | N12: 12344782 | O12: 13634403 | S12: =+SUM(G12:R12) -> 94902902 | T12: =+S12/$T$7*100 -> 1.1046525
A13: 7112 | B13: =+VLOOKUP($A13,Master!$D$30:$G$226,4,FALSE) -> Porez na dobit pravnih lica | G13: 2074964.8 | H13: 4713157.2 | I13: 80663211 | J13: 1.0148014e+08 | K13: 18886832 | L13: 7547754.2 | M13: 7968484.9 | N13: 4408841.3 | O13: 3062872.8 | S13: =+SUM(G13:R13) -> 2.3080626e+08 | T13: =+S13/$T$7*100 -> 2.6865428
A14: 7113 | B14: =+VLOOKUP($A14,Master!$D$30:$G$226,4,FALSE) -> Porez na promet nepokretnosti | G14: 0 | H14: 0 | I14: 0 | J14: 0 | K14: 0 | L14: 0 | M14: 0 | N14: 0 | O14: 1 | S14: =+SUM(G14:R14) -> 1 | T14: =+S14/$T$7*100 -> 1.1639817e-08
A15: 7114 | B15: =+VLOOKUP($A15,Master!$D$30:$G$226,4,FALSE) -> Porez na dodatu vrijednost | G15: 1.0356326e+08 | H15: 97003322 | I15: 1.0193083e+08 | J15: 1.0555693e+08 | K15: 1.0393807e+08 | L15: 1.2663538e+08 | M15: 1.4354454e+08 | N15: 1.5225276e+08 | O15: 1.7061687e+08 | S15: =+SUM(G15:R15) -> 1.105042e+09 | T15: =+S15/$T$7*100 -> 12.862487
A16: 7115 | B16: =+VLOOKUP($A16,Master!$D$30:$G$226,4,FALSE) -> Akcize | G16: 25854602 | H16: 27186338 | I16: 30174874 | J16: 28123005 | K16: 32034430 | L16: 37329928 | M16: 42346574 | N16: 56573900 | O16: 37614234 | S16: =+SUM(G16:R16) -> 3.1723789e+08 | T16: =+S16/$T$7*100 -> 3.6925911
A17: 7116 | B17: =+VLOOKUP($A17,Master!$D$30:$G$226,4,FALSE) -> Porez na međunarodnu trgovinu i transakcije | G17: 3336289.8 | H17: 4897181.9 | I17: 6598848.8 | J17: 6218969.7 | K17: 5945019.5 | L17: 6790434.2 | M17: 7449186.5 | N17: 6405577.3 | O17: 6669687.4 | S17: =+SUM(G17:R17) -> 54311195 | T17: =+S17/$T$7*100 -> 0.6321724
A18: 7118 | B18: =+VLOOKUP($A18,Master!$D$30:$G$226,4,FALSE) -> Ostali državni porezi | G18: 1112774.2 | H18: 1206092.9 | I18: 1320159.8 | J18: 1439554 | K18: 1473040.5 | L18: 1517632.6 | M18: 1530068.2 | N18: 1659564.1 | O18: 1687434.9 | S18: =+SUM(G18:R18) -> 12946321 | T18: =+S18/$T$7*100 -> 0.15069282
A19: 712 | B19: =+VLOOKUP($A19,Master!$D$30:$G$226,4,FALSE) -> Doprinosi | G19: =SUM(G20:G23) -> 15040242 | H19: =SUM(H20:H23) -> 36321915 | I19: =SUM(I20:I23) -> 40463891 | J19: =SUM(J20:J23) -> 53793525 | K19: =SUM(K20:K23) -> 32465905 | L19: =SUM(L20:L23) -> 33738969 | M19: =SUM(M20:M23) -> 38627992 | N19: =SUM(N20:N23) -> 37751218 | ... R19: =SUM(R20:R23) -> 0 | S19: =+SUM(G19:R19) -> 3.2242738e+08 | T19: =+S19/$T$7*100 -> 3.7529959
A20: 7121 | B20: =+VLOOKUP($A20,Master!$D$30:$G$226,4,FALSE) -> Doprinosi za penzijsko i invalidsko osiguranje | G20: 13458517 | H20: 32046464 | I20: 35392782 | J20: 47179254 | K20: 27455513 | L20: 27252355 | M20: 31588395 | N20: 30801586 | O20: 27761595 | S20: =+SUM(G20:R20) -> 2.7293646e+08 | T20: =+S20/$T$7*100 -> 3.1769306
A21: 7122 | B21: =+VLOOKUP($A21,Master!$D$30:$G$226,4,FALSE) -> Doprinosi za zdravstveno osiguranje | G21: 123789.09 | H21: 240407.16 | I21: 291709.41 | J21: 930383.92 | K21: 116665.85 | L21: 656635.48 | M21: 602519 | N21: 712140.57 | O21: 284499.56 | S21: =+SUM(G21:R21) -> 3958750 | T21: =+S21/$T$7*100 -> 0.046079128
A22: 7123 | B22: =+VLOOKUP($A22,Master!$D$30:$G$226,4,FALSE) -> Doprinosi za osiguranje od nezaposlenosti | G22: 861006.73 | H22: 2298845.2 | I22: 2779991.6 | J22: 3276767.9 | K22: 2865160 | L22: 3430277.7 | M22: 3673277.2 | N22: 3557565.7 | O22: 3584019.4 | S22: =+SUM(G22:R22) -> 26326911 | T22: =+S22/$T$7*100 -> 0.30644044
A23: 7124 | B23: =+VLOOKUP($A23,Master!$D$30:$G$226,4,FALSE) -> Ostali doprinosi | G23: 596929.17 | H23: 1736199 | I23: 1999408.5 | J23: 2407119.3 | K23: 2028566.5 | L23: 2399701.2 | M23: 2763800.5 | N23: 2679926 | O23: 2593609.9 | S23: =+SUM(G23:R23) -> 19205260 | T23: =+S23/$T$7*100 -> 0.22354572
A24: 713 | B24: =+VLOOKUP($A24,Master!$D$30:$G$226,4,FALSE) -> Takse | G24: 760921.56 | H24: 1050688.3 | I24: 1223487.8 | J24: 1712790.5 | K24: 1341051.4 | L24: 2018749.4 | M24: 2036929 | N24: 1460051.2 | O24: 1813817.2 | S24: =+SUM(G24:R24) -> 13418486 | T24: =+S24/$T$7*100 -> 0.15618873
A25: 714 | B25: =+VLOOKUP($A25,Master!$D$30:$G$226,4,FALSE) -> Naknade | G25: 5754526.2 | H25: 4998603.2 | I25: 5367759.7 | J25: 7807101.9 | K25: 6158953.4 | L25: 6993075.7 | M25: 8601176.2 | N25: 6514002.4 | O25: 7393671.7 | S25: =+SUM(G25:R25) -> 59588870 | T25: =+S25/$T$7*100 -> 0.69360357
A26: 715 | B26: =+VLOOKUP($A26,Master!$D$30:$G$226,4,FALSE) -> Ostali prihodi | G26: 1800214.5 | H26: 3845737.6 | I26: 4139819.5 | J26: 12176580 | K26: 2602971.6 | L26: 4301673.1 | M26: 7639893.9 | N26: 6193902.2 | O26: 4160192.8 | S26: =+SUM(G26:R26) -> 46860986 | T26: =+S26/$T$7*100 -> 0.54545332
A27: 73 | B27: =+VLOOKUP($A27,Master!$D$30:$G$226,4,FALSE) -> Primici od otplate kredita i sredstva prenesena iz prethodne godine | G27: 0 | H27: 0 | I27: 0 | J27: 0 | K27: 0 | L27: 0 | M27: 0 | N27: 0 | O27: 0 | S27: =+SUM(G27:R27) -> 0 | T27: =+S27/$T$7*100 -> 0
A28: 74 | B28: =+VLOOKUP($A28,Master!$D$30:$G$226,4,FALSE) -> Donacije i transferi | G28: 317053.77 | H28: 2493120.9 | I28: 862403.69 | J28: 6799639.7 | K28: 1173151.3 | L28: 5591118.8 | M28: 8655778.3 | N28: 3069735.2 | O28: 31962049 | S28: =+SUM(G28:R28) -> 60924051 | T28: =+S28/$T$7*100 -> 0.70914483
A29: 4 | B29: =+VLOOKUP($A29,Master!$D$30:$G$226,4,FALSE) -> Izdaci budžeta | G29: =+G30+G40+G46+SUM(G47:G51) -> 1.9577416e+08 | H29: =+H30+H40+H46+SUM(H47:H51) -> 2.4064481e+08 | I29: =+I30+I40+I46+SUM(I47:I51) -> 3.2297647e+08 | J29: =+J30+J40+J46+SUM(J47:J51) -> 2.3809988e+08 | K29: =+K30+K40+K46+SUM(K47:K51) -> 2.8641643e+08 | L29: =+L30+L40+L46+SUM(L47:L51) -> 2.6763595e+08 | M29: =+M30+M40+M46+SUM(M47:M51) -> 3.0921076e+08 | N29: =+N30+N40+N46+SUM(N47:N51) -> 2.9110825e+08 | ... R29: =+R30+R40+R46+SUM(R47:R51) -> 0 | S29: =+SUM(G29:R29) -> 2.4426756e+09 | T29: =+S29/$T$7*100 -> 28.432298
A30: 41 | B30: =+VLOOKUP($A30,Master!$D$30:$G$226,4,FALSE) -> Tekući izdaci | G30: =+SUM(G31:G39) -> 70665150 | H30: =+SUM(H31:H39) -> 88824919 | I30: =+SUM(I31:I39) -> 1.5103953e+08 | J30: =+SUM(J31:J39) -> 1.0361229e+08 | K30: =+SUM(K31:K39) -> 1.0756336e+08 | L30: =+SUM(L31:L39) -> 1.014803e+08 | M30: =+SUM(M31:M39) -> 97766404 | N30: =+SUM(N31:N39) -> 93158825 | ... R30: =+SUM(R31:R39) -> 0 | S30: =+SUM(G30:R30) -> 9.2716555e+08 | T30: =+S30/$T$7*100 -> 10.792038
A31: 411 | B31: =+VLOOKUP($A31,Master!$D$30:$G$226,4,FALSE) -> Bruto zarade i doprinosi na teret poslodavca | G31: 58981305 | H31: 58917307 | I31: 59330909 | J31: 59077812 | K31: 60283995 | L31: 60705954 | M31: 58744958 | N31: 58655945 | O31: 59588705 | S31: =+SUM(G31:R31) -> 5.3428689e+08 | T31: =+S31/$T$7*100 -> 6.2190019
A32: 412 | B32: =+VLOOKUP($A32,Master!$D$30:$G$226,4,FALSE) -> Ostala lična primanja | G32: 481727.62 | H32: 2450317.4 | I32: 3803748.9 | J32: 3156380.3 | K32: 2774031.7 | L32: 2867422 | M32: 3013193.3 | N32: 2340032.7 | O32: 2825680.9 | S32: =+SUM(G32:R32) -> 23712535 | T32: =+S32/$T$7*100 -> 0.27600958
A33: 413 | B33: =+VLOOKUP($A33,Master!$D$30:$G$226,4,FALSE) -> Rashodi za materijal | G33: 169033.15 | H33: 3853934.3 | I33: 3565591.7 | J33: 3427591.5 | K33: 2364497.8 | L33: 3172283.4 | M33: 3746823.3 | N33: 3705378.9 | O33: 4062823.7 | S33: =+SUM(G33:R33) -> 28067958 | T33: =+S33/$T$7*100 -> 0.32670591
A34: 414 | B34: =+VLOOKUP($A34,Master!$D$30:$G$226,4,FALSE) -> Rashodi za usluge | G34: 1768863 | H34: 6282291.2 | I34: 6615847.4 | J34: 8498669 | K34: 9115409.4 | L34: 12737236 | M34: 11533639 | N34: 8693074 | O34: 9987877.4 | S34: =+SUM(G34:R34) -> 75232907 | T34: =+S34/$T$7*100 -> 0.87569731
A35: 415 | B35: =+VLOOKUP($A35,Master!$D$30:$G$226,4,FALSE) -> Rashodi za tekuće održavanje | G35: 14732.33 | H35: 2261365.6 | I35: 1879395.3 | J35: 5463554.9 | K35: 1665097.8 | L35: 2968149.4 | M35: 2202549.7 | N35: 3986767.1 | O35: 3317208.4 | S35: =+SUM(G35:R35) -> 23758821 | T35: =+S35/$T$7*100 -> 0.27654833
A36: 416 | B36: =+VLOOKUP($A36,Master!$D$30:$G$226,4,FALSE) -> Kamate | G36: 5774784.7 | H36: 2436280.4 | I36: 63594317 | J36: 8383871.3 | K36: 14052356 | L36: 4432399.1 | M36: 5446523.8 | N36: 2508366.2 | O36: 21385597 | S36: =+SUM(G36:R36) -> 1.280145e+08 | T36: =+S36/$T$7*100 -> 1.4900654
A37: 417 | B37: =+VLOOKUP($A37,Master!$D$30:$G$226,4,FALSE) -> Renta | G37: 32745.73 | H37: 1232747.9 | I37: 1032409.5 | J37: 944543.75 | K37: 1175440.8 | L37: 1201384.1 | M37: 1379857.5 | N37: 833724.8 | O37: 1562084.4 | S37: =+SUM(G37:R37) -> 9394938.4 | T37: =+S37/$T$7*100 -> 0.10935537
A38: 418 | B38: =+VLOOKUP($A38,Master!$D$30:$G$226,4,FALSE) -> Subvencije | G38: 2693485.4 | H38: 5829293.4 | I38: 6148675.2 | J38: 8700775.9 | K38: 6524693.7 | L38: 7868737.5 | M38: 2585740.3 | N38: 4018051.3 | O38: 4382623.9 | S38: =+SUM(G38:R38) -> 48752077 | T38: =+S38/$T$7*100 -> 0.56746527
A39: 419 | B39: =+VLOOKUP($A39,Master!$D$30:$G$226,4,FALSE) -> Ostali izdaci | G39: 748473.62 | H39: 5561382.2 | I39: 5068638.6 | J39: 5959094.9 | K39: 9607835.3 | L39: 5526732.9 | M39: 9113117.7 | N39: 8417485 | O39: 5942165.5 | S39: =+SUM(G39:R39) -> 55944926 | T39: =+S39/$T$7*100 -> 0.65118873
A40: 42 | B40: =+VLOOKUP($A40,Master!$D$30:$G$226,4,FALSE) -> Transferi za socijalnu zaštitu | G40: =+SUM(G41:G45) -> 88476331 | H40: =+SUM(H41:H45) -> 96741551 | I40: =+SUM(I41:I45) -> 95425471 | J40: =+SUM(J41:J45) -> 92391678 | K40: =+SUM(K41:K45) -> 96299749 | L40: =+SUM(L41:L45) -> 97884161 | M40: =+SUM(M41:M45) -> 94035611 | N40: =+SUM(N41:N45) -> 97928661 | ... R40: =+SUM(R41:R45) -> 0 | S40: =+SUM(G40:R40) -> 8.5181658e+08 | T40: =+S40/$T$7*100 -> 9.9149895
A41: 421 | B41: =+VLOOKUP($A41,Master!$D$30:$G$226,4,FALSE) -> Prava iz oblasti socijalne zaštite | G41: 20152474 | H41: 19876524 | I41: 19305796 | J41: 20739212 | K41: 21635850 | L41: 20880868 | M41: 20823336 | N41: 20867338 | O41: 18820912 | S41: =+SUM(G41:R41) -> 1.8310231e+08 | T41: =+S41/$T$7*100 -> 2.1312775
A42: 422 | B42: =+VLOOKUP($A42,Master!$D$30:$G$226,4,FALSE) -> Sredstva za tehnološke viškove | G42: 83640 | H42: 1951203.3 | I42: 2113526.1 | J42: 1950130.2 | K42: 1965342.4 | L42: 1894057 | M42: 1874460.1 | N42: 1876333 | O42: 1867163 | S42: =+SUM(G42:R42) -> 15575855 | T42: =+S42/$T$7*100 -> 0.18130011
A43: 423 | B43: =+VLOOKUP($A43,Master!$D$30:$G$226,4,FALSE) -> Prava iz oblasti penzijskog i invalidskog osiguranja | G43: 67859588 | H43: 68646686 | I43: 68409043 | J43: 68370453 | K43: 68419885 | L43: 69079926 | M43: 69102470 | N43: 69176651 | O43: 69126829 | S43: =+SUM(G43:R43) -> 6.1819153e+08 | T43: =+S43/$T$7*100 -> 7.1956366
A44: 424 | B44: =+VLOOKUP($A44,Master!$D$30:$G$226,4,FALSE) -> Ostala prava iz oblasti zdravstvene zaštite | G44: 380628.17 | H44: 3976000.8 | I44: 3077011.5 | J44: 429253.87 | K44: 3367753.8 | L44: 3685050 | M44: 1940814.4 | N44: 3101094.9 | O44: 2070712.5 | S44: =+SUM(G44:R44) -> 22028320 | T44: =+S44/$T$7*100 -> 0.25640562
A45: 425 | B45: =+VLOOKUP($A45,Master!$D$30:$G$226,4,FALSE) -> Ostala prava iz zdravstvenog osiguranja | G45: 0 | H45: 2291136.7 | I45: 2520094.2 | J45: 902628.63 | K45: 910917.89 | L45: 2344259.6 | M45: 294530.39 | N45: 2907244.8 | O45: 747748.54 | S45: =+SUM(G45:R45) -> 12918561 | T45: =+S45/$T$7*100 -> 0.15036969
A46: 43 | B46: =+VLOOKUP($A46,Master!$D$30:$G$226,4,FALSE) -> Transferi institucijama, pojedincima, nevladinom i javnom sektoru | G46: 15876937 | H46: 46715063 | I46: 43606976 | J46: 25749608 | K46: 52618663 | L46: 44305230 | M46: 58401117 | N46: 35603146 | O46: 38112694 | S46: =+SUM(G46:R46) -> 3.6098943e+08 | T46: =+S46/$T$7*100 -> 4.2018511
A47: 44 | B47: =+VLOOKUP($A47,Master!$D$30:$G$226,4,FALSE) -> Kapitalni izdaci | G47: 18581714 | H47: 6422227.7 | I47: 30298970 | J47: 13465261 | K47: 27477944 | L47: 18580074 | M47: 54430950 | N47: 63358828 | O47: 45878756 | S47: =+SUM(G47:R47) -> 2.7849472e+08 | T47: =+S47/$T$7*100 -> 3.2416278
A48: 451 | B48: =+VLOOKUP($A48,Master!$D$30:$G$226,4,FALSE) -> Pozajmice i krediti | G48: 0 | H48: 0 | I48: 0 | J48: 0 | K48: 0 | L48: 0 | M48: 0 | N48: 0 | O48: 0 | S48: =+SUM(G48:R48) -> 0 | T48: =+S48/$T$7*100 -> 0
A49: 47 | B49: =+VLOOKUP($A49,Master!$D$30:$G$226,4,FALSE) -> Rezerve | G49: 0 | H49: 1959.4 | I49: 502000 | J49: 234461.95 | K49: 68669 | L49: 14356.6 | M49: 28555 | N49: 122500 | O49: 4100 | S49: =+SUM(G49:R49) -> 976601.95 | T49: =+S49/$T$7*100 -> 0.011367468
A50: 462 | B50: =+VLOOKUP($A50,Master!$D$30:$G$226,4,FALSE) -> Otplata garancija | G50: 0 | H50: 0 | I50: 0 | J50: 0 | K50: 0 | L50: 0 | M50: 1533780.9 | N50: 0 | O50: 0 | S50: =+SUM(G50:R50) -> 1533780.9 | T50: =+S50/$T$7*100 -> 0.01785293
A51: 4630 | B51: =+VLOOKUP($A51,Master!$D$30:$G$226,4,TRUE) -> Otplata obaveza iz prethodnog perioda | G51: 2174032.9 | H51: 1939091.7 | I51: 2103524 | J51: 2646572 | K51: 2388047.1 | L51: 5371833 | M51: 3014339.3 | N51: 936285.88 | O51: 1125217.3 | S51: =+SUM(G51:R51) -> 21698943 | T51: =+S51/$T$7*100 -> 0.25257174
A52: 1005 | B52: =+VLOOKUP($A52,Master!$D$30:$G$228,4,FALSE) -> Neto povećanje obaveza | G52: 0 | H52: 0 | I52: 0 | J52: 0 | K52: 0 | L52: 0 | M52: 0 | N52: 0 | O52: 0 | S52: =+SUM(G52:R52) -> 0 | T52: =+S52/$T$7*100 -> 0
A53: 1000 | B53: =+VLOOKUP($A53,Master!$D$30:$G$226,4,FALSE) -> Suficit / deficit | G53: =+G10-G29 -> -33014029 | H53: =+H10-H29 -> -48586626 | I53: =+I10-I29 -> -41825548 | J53: =+J10-J29 -> 98206320 | K53: =+K10-K29 -> -70763659 | L53: =+L10-L29 -> -18052372 | M53: =+M10-M29 -> -29729535 | N53: =+N10-N29 -> -2473917.6 | ... R53: =+R10-R29 -> 0 | S53: =SUM(G53:R53) -> -1.2420931e+08 | T53: =+S53/$T$7*100 -> -1.4457737
A54: 1001 | B54: =+VLOOKUP($A54,Master!$D$30:$G$226,4,FALSE) -> Primarni suficit/deficit | G54: =+G53+G36 -> -27239245 | H54: =+H53+H36 -> -46150346 | I54: =+I53+I36 -> 21768769 | J54: =+J53+J36 -> 1.0659019e+08 | K54: =+K53+K36 -> -56711303 | L54: =+L53+L36 -> -13619973 | M54: =+M53+M36 -> -24283012 | N54: =+N53+N36 -> 34448.56 | ... R54: =+R53+R36 -> 0 | S54: =+SUM(G54:R54) -> 3805188.7 | T54: =+S54/$T$7*100 -> 0.044291702
A55: 46 | B55: =+VLOOKUP($A55,Master!$D$30:$G$226,4,FALSE) -> Otplata dugova | G55: =+SUM(G56:G57) -> 35130843 | H55: =+SUM(H56:H57) -> 8123801.9 | I55: =+SUM(I56:I57) -> 26510380 | J55: =+SUM(J56:J57) -> 75586171 | K55: =+SUM(K56:K57) -> 56628990 | L55: =+SUM(L56:L57) -> 27668179 | M55: =+SUM(M56:M57) -> 40004136 | N55: =+SUM(N56:N57) -> 9612078.8 | ... R55: =+SUM(R56:R57) -> 0 | S55: =+SUM(G55:R55) -> 2.8528148e+08 | T55: =+S55/$T$7*100 -> 3.3206243
A56: 4611 | B56: =+VLOOKUP($A56,Master!$D$30:$G$226,4,FALSE) -> Otplata hartija od vrijednosti i kredita rezidentima | G56: 1661742.1 | H56: 1014139.9 | I56: 4622260.8 | J56: 51696507 | K56: 2155420.9 | L56: 13532599 | M56: 1720611.7 | N56: 1042474.1 | O56: 4780681.8 | S56: =+SUM(G56:R56) -> 82226437 | T56: =+S56/$T$7*100 -> 0.95710072
A57: 4612 | B57: =+VLOOKUP($A57,Master!$D$30:$G$226,4,FALSE) -> Otplata hartija od vrijednosti i kredita nerezidentima | G57: 33469101 | H57: 7109662 | I57: 21888119 | J57: 23889664 | K57: 54473569 | L57: 14135581 | M57: 38283525 | N57: 8569604.7 | O57: 1236214.4 | S57: =+SUM(G57:R57) -> 2.0305504e+08 | T57: =+S57/$T$7*100 -> 2.3635236
A58: 4418 | B58: =+VLOOKUP($A58,Master!$D$30:$G$226,4,FALSE) -> Izdaci za kupovinu hartija od vrijednosti | G58: 4765189.5 | H58: 9863292.7 | I58: 160000 | J58: 0 | K58: 0 | L58: 360695.5 | M58: 0 | N58: 0 | O58: 0 | S58: =SUM(G58:R58) -> 15149178 | T58: =+S58/$T$7*100 -> 0.17633366
A59: 451 | B59: =+VLOOKUP($A59,Master!$D$30:$G$226,4,FALSE) -> Pozajmice i krediti | G59: 242545.05 | H59: 1705830 | I59: 980871.29 | J59: 1020242.6 | K59: 1136161.2 | L59: 727491.92 | M59: 316429 | N59: 366706.43 | O59: 1040929.7 | S59: =SUM(G59:R59) -> 7537207.2 | T59: =+S59/$T$7*100 -> 0.087731717
A60: 1002 | B60: =+VLOOKUP($A60,Master!$D$30:$G$226,4,FALSE) -> Nedostajuća sredstva | G60: =+G53-G55-G58-G59 -> -73152607 | H60: =+H53-H55-H58-H59 -> -68279551 | I60: =+I53-I55-I58-I59 -> -69476800 | J60: =+J53-J55-J58-J59 -> 21599906 | K60: =+K53-K55-K58-K59 -> -1.2852881e+08 | L60: =+L53-L55-L58-L59 -> -46808738 | M60: =+M53-M55-M58-M59 -> -70050101 | N60: =+N53-N55-N58-N59 -> -12452703 | ... S60: =+S53-S55-S58-S59 -> -4.3217717e+08 | T60: =+S60/$T$7*100 -> -5.0304634
A61: 1003 | B61: =+VLOOKUP($A61,Master!$D$30:$G$226,4,FALSE) -> Finansiranje | G61: =+SUM(G62:G66) -> 73152607 | H61: =+SUM(H62:H66) -> 68279551 | I61: =+SUM(I62:I66) -> 69476800 | J61: =+SUM(J62:J66) -> -21599906 | K61: =+SUM(K62:K66) -> 1.2852881e+08 | L61: =+SUM(L62:L66) -> 46808738 | M61: =+SUM(M62:M66) -> 70050101 | N61: =+SUM(N62:N66) -> 12452703 | ... R61: =+SUM(R62:R66) -> 0 | S61: =+SUM(G61:R61) -> 4.3217717e+08 | T61: =+S61/$T$7*100 -> 5.0304634
A62: 7511 | B62: =+VLOOKUP($A62,Master!$D$30:$G$226,4,FALSE) -> Pozajmice i krediti od domaćih izvora | G62: 0 | H62: 0 | I62: 0 | J62: 0 | K62: 0 | L62: 0 | M62: 13854700 | N62: 0 | O62: 0 | S62: =+SUM(G62:R62) -> 13854700 | T62: =+S62/$T$7*100 -> 0.16126618
A63: 7512 | B63: =+VLOOKUP($A63,Master!$D$30:$G$226,4,FALSE) -> Pozajmice i krediti od inostranih izvora | G63: 16583760 | H63: 680753.51 | I63: 727491.71 | J63: 4314894.3 | K63: 37534601 | L63: 6149707.3 | M63: 23945135 | N63: 41540294 | O63: 5364999.8 | S63: =+SUM(G63:R63) -> 1.3684164e+08 | T63: =+S63/$T$7*100 -> 1.5928117
A64: 72 | B64: =+VLOOKUP($A64,Master!$D$30:$G$226,4,FALSE) -> Primici od prodaje imovine | G64: 36416.97 | H64: 64300.28 | I64: 59242.58 | J64: 200993.16 | K64: 89410.48 | L64: 241576.88 | M64: 164864.58 | N64: 67156.31 | O64: 21227.87 | S64: =+SUM(G64:R64) -> 945189.11 | T64: =+S64/$T$7*100 -> 0.011001829
A65: 73 | B65: Primici od otplate kredita | G65: 2415467.9 | H65: 1030931.7 | I65: 850510.46 | J65: 2538097.3 | K65: 748422.14 | L65: 4889913.3 | M65: 3810124.6 | N65: 531088.34 | O65: 241912.71 | S65: =+SUM(G65:R65) -> 17056468 | T65: =+S65/$T$7*100 -> 0.19853418
A66: 1004 | B66: =+VLOOKUP($A66,Master!$D$30:$G$226,4,FALSE) -> Povećanje / smanjenje depozita | G66: =-G60-SUM(G62:G65) -> 54116962 | H66: =-H60-SUM(H62:H65) -> 66503566 | I66: =-I60-SUM(I62:I65) -> 67839555 | J66: =-J60-SUM(J62:J65) -> -28653891 | K66: =-K60-SUM(K62:K65) -> 90156376 | L66: =-L60-SUM(L62:L65) -> 35527541 | M66: =-M60-SUM(M62:M65) -> 28275277 | N66: =-N60-SUM(N62:N65) -> -29685836 | ... S66: =-S60-SUM(S62:S65) -> 2.6347917e+08 | T66: =+S66/$T$7*100 -> 3.0668495
G82: =+CONCATENATE(G6,"p") -> 2026-01p | H82: =+CONCATENATE(H6,"p") -> 2026-02p | I82: =+CONCATENATE(I6,"p") -> 2026-03p | J82: =+CONCATENATE(J6,"p") -> 2026-04p | K82: =+CONCATENATE(K6,"p") -> 2026-05p | L82: =+CONCATENATE(L6,"p") -> 2026-06p | M82: =+CONCATENATE(M6,"p") -> 2026-07p | N82: =+CONCATENATE(N6,"p") -> 2026-08p | ... R82: =+CONCATENATE(R6,"p") -> 2026-12p
B83: =+Master!G253 -> Plan ostvarenja budžeta | G83: 2026 | S83: =+S7 -> BDP | T83: =+T7 -> 8591200000
G84: =+G8 -> Januar | H84: =+H8 -> Februar | I84: =+I8 -> Mart | J84: =+J8 -> April | K84: =+K8 -> Maj | L84: =+L8 -> Jun | M84: =+M8 -> Jul | N84: =+N8 -> Avgust | ... R84: =+R8 -> Decembar | S84: =+Master!G247 -> Jan - Dec | T84: =+T8 -> 0
G85: mil. € | H85: mil. € | I85: mil. € | J85: mil. € | K85: mil. € | L85: mil. € | M85: mil. € | N85: mil. € | O85: mil. € | P85: mil. € | Q85: mil. € | R85: mil. € | S85: mil. € | T85: =+T9 -> % BDP
A86: =+CONCATENATE(A10,"p") -> 7p | B86: =+VLOOKUP(LEFT($A86,LEN(A86)-1)*1,Master!$D$30:$G$226,4,FALSE) -> Prihodi budžeta | G86: 1.6243925e+08 | H86: 1.7058396e+08 | I86: 2.7634856e+08 | J86: 3.2923876e+08 | K86: 2.2406064e+08 | L86: 2.4813374e+08 | M86: 2.7777387e+08 | N86: 2.9612157e+08 | O86: 2.8725622e+08 | P86: 2.8180944e+08 | Q86: 2.4174022e+08 | R86: 2.8894073e+08 | S86: =+SUM(G86:R86) -> 3.084447e+09 | T86: =+S86/$T$83*100 -> 35.9024
A87: =+CONCATENATE(A11,"p") -> 711p | B87: =+VLOOKUP(LEFT($A87,LEN(A87)-1)*1,Master!$D$30:$G$226,4,FALSE) -> Porezi | G87: 1.3908614e+08 | H87: 1.2795839e+08 | I87: 2.2327924e+08 | J87: 2.7722843e+08 | K87: 1.7098107e+08 | L87: 1.8864512e+08 | M87: 2.152515e+08 | N87: 2.2668715e+08 | O87: 2.1926237e+08 | P87: 2.0168186e+08 | Q87: 1.6446534e+08 | R87: 2.0214862e+08 | S87: =+SUM(G87:R87) -> 2.3566752e+09 | T87: =+S87/$T$83*100 -> 27.431269
A88: =+CONCATENATE(A12,"p") -> 7111p | B88: =+VLOOKUP(LEFT($A88,LEN(A88)-1)*1,Master!$D$30:$G$229,4,FALSE) -> Porez na dohodak fizičkih lica | G88: 3145286.2 | H88: 7501805.7 | I88: 9541593.3 | J88: 10315826 | K88: 9770274.8 | L88: 10191024 | M88: 9696535.3 | N88: 11293978 | O88: 10706229 | P88: 10490087 | Q88: 10736463 | R88: 18508424 | S88: =+SUM(G88:R88) -> 1.2189753e+08 | T88: =+S88/$T$83*100 -> 1.418865
A89: =+CONCATENATE(A13,"p") -> 7112p | B89: =+VLOOKUP(LEFT($A89,LEN(A89)-1)*1,Master!$D$30:$G$229,4,FALSE) -> Porez na dobit pravnih lica | G89: 2074964.8 | H89: 3458155.2 | I89: 82413361 | J89: 1.234103e+08 | K89: 4292333.2 | L89: 4586263.6 | M89: 4287369.5 | N89: 4129340.7 | O89: 4675368.7 | P89: 3017295.8 | Q89: 4273211 | R89: 3063149.1 | S89: =+SUM(G89:R89) -> 2.4368111e+08 | T89: =+S89/$T$83*100 -> 2.8364037
A90: =+CONCATENATE(A14,"p") -> 7113p | B90: =+VLOOKUP(LEFT($A90,LEN(A90)-1)*1,Master!$D$30:$G$229,4,FALSE) -> Porez na promet nepokretnosti | G90: 0 | H90: 0 | I90: 0 | J90: 0 | K90: 0 | L90: 0 | M90: 0 | N90: 0 | O90: 0 | P90: 0 | Q90: 0 | R90: 0 | S90: =+SUM(G90:R90) -> 0 | T90: =+S90/$T$83*100 -> 0
A91: =+CONCATENATE(A15,"p") -> 7114p | B91: =+VLOOKUP(LEFT($A91,LEN(A91)-1)*1,Master!$D$30:$G$229,4,FALSE) -> Porez na dodatu vrijednost | G91: 1.0356326e+08 | H91: 85906012 | I91: 1.0072298e+08 | J91: 1.0289496e+08 | K91: 1.1536448e+08 | L91: 1.2763172e+08 | M91: 1.4486744e+08 | N91: 1.5332813e+08 | O91: 1.539032e+08 | P91: 1.3983561e+08 | Q91: 1.1076238e+08 | R91: 1.3548023e+08 | S91: =+SUM(G91:R91) -> 1474260400 | T91: =+S91/$T$83*100 -> 17.160122
A92: =+CONCATENATE(A16,"p") -> 7115p | B92: =+VLOOKUP(LEFT($A92,LEN(A92)-1)*1,Master!$D$30:$G$229,4,FALSE) -> Akcize | G92: 25853561 | H92: 25782205 | I92: 23470632 | J92: 33290335 | K92: 34046097 | L92: 38245710 | M92: 47873591 | N92: 49503815 | O92: 41937531 | P92: 41057621 | Q92: 30854275 | R92: 37384628 | S92: =+SUM(G92:R92) -> 429300000 | T92: =+S92/$T$83*100 -> 4.9969736
A93: =+CONCATENATE(A17,"p") -> 7116p | B93: =+VLOOKUP(LEFT($A93,LEN(A93)-1)*1,Master!$D$30:$G$229,4,FALSE) -> Porez na međunarodnu trgovinu i transakcije | G93: 3336289.8 | H93: 4197843.2 | I93: 5730378.2 | J93: 5521131 | K93: 5863712.9 | L93: 6550569.5 | M93: 6897318.1 | N93: 6998831.5 | O93: 6493627.6 | P93: 5907364 | Q93: 6475650.8 | R93: 6457486.4 | S93: =+SUM(G93:R93) -> 70430203 | T93: =+S93/$T$83*100 -> 0.81979471
A94: =+CONCATENATE(A18,"p") -> 7118p | B94: =+VLOOKUP(LEFT($A94,LEN(A94)-1)*1,Master!$D$30:$G$229,4,FALSE) -> Ostali državni porezi | G94: 1112774.2 | H94: 1112369.8 | I94: 1400289.6 | J94: 1795877.9 | K94: 1644173.5 | L94: 1439832.2 | M94: 1629241.2 | N94: 1433054.9 | O94: 1546417.5 | P94: 1373886.9 | Q94: 1363356.3 | R94: 1254701.6 | S94: =+SUM(G94:R94) -> 17105976 | T94: =+S94/$T$83*100 -> 0.19911043
A95: =+CONCATENATE(A19,"p") -> 712p | B95: =+VLOOKUP(LEFT($A95,LEN(A95)-1)*1,Master!$D$30:$G$229,4,FALSE) -> Doprinosi | G95: 15040242 | H95: 33912527 | I95: 38122273 | J95: 36861095 | K95: 37091014 | L95: 39896958 | M95: 40629273 | N95: 39218225 | O95: 36622022 | P95: 35022993 | Q95: 35368438 | R95: 68185676 | S95: =+SUM(G95:R95) -> 4.5597074e+08 | T95: =+S95/$T$83*100 -> 5.3074161
A96: =+CONCATENATE(A20,"p") -> 7121p | B96: =+VLOOKUP(LEFT($A96,LEN(A96)-1)*1,Master!$D$30:$G$229,4,FALSE) -> Doprinosi za penzijsko i invalidsko osiguranje | G96: 13458517 | H96: 30119157 | I96: 33834822 | J96: 32746004 | K96: 33109848 | L96: 34920317 | M96: 35774561 | N96: 33896337 | O96: 32049538 | P96: 30202378 | Q96: 30955043 | R96: 58664964 | S96: =+SUM(G96:R96) -> 3.9973149e+08 | T96: =+S96/$T$83*100 -> 4.6528015
A97: =+CONCATENATE(A21,"p") -> 7122p | B97: =+VLOOKUP(LEFT($A97,LEN(A97)-1)*1,Master!$D$30:$G$229,4,FALSE) -> Doprinosi za zdravstveno osiguranje | G97: 123789.09 | H97: 203327.02 | I97: 416686.56 | J97: 416686.56 | K97: 487585.36 | L97: 504633.1 | M97: 504633.1 | N97: 504633.1 | O97: 504633.1 | P97: 416686.56 | Q97: 416686.56 | R97: 500019.89 | S97: =+SUM(G97:R97) -> 5000000 | T97: =+S97/$T$83*100 -> 0.058199087
A98: =+CONCATENATE(A22,"p") -> 7123p | B98: =+VLOOKUP(LEFT($A98,LEN(A98)-1)*1,Master!$D$30:$G$229,4,FALSE) -> Doprinosi za osiguranje od nezaposlenosti | G98: 861006.73 | H98: 2061091.3 | I98: 2071452 | J98: 2128817.7 | K98: 1888051.1 | L98: 2563934.2 | M98: 2377617.3 | N98: 2895542.5 | O98: 2597255.7 | P98: 2537017.3 | Q98: 2405913 | R98: 5420141.1 | S98: =+SUM(G98:R98) -> 29807840 | T98: =+S98/$T$83*100 -> 0.34695782
A99: =+CONCATENATE(A23,"p") -> 7124p | B99: =+VLOOKUP(LEFT($A99,LEN(A99)-1)*1,Master!$D$30:$G$229,4,FALSE) -> Ostali doprinosi | G99: 596929.17 | H99: 1528952.1 | I99: 1799311.7 | J99: 1569587.2 | K99: 1605529.6 | L99: 1908073 | M99: 1972461.1 | N99: 1921712.1 | O99: 1470595.1 | P99: 1866911 | Q99: 1590796 | R99: 3600550.9 | S99: =+SUM(G99:R99) -> 21431409 | T99: =+S99/$T$83*100 -> 0.24945769
... A127: =+CONCATENATE(A51,"p") -> 4630p | B127: =+VLOOKUP(LEFT($A127,LEN(A127)-1)*1,Master!$D$30:$G$229,4,FALSE) -> Otplata obaveza iz prethodnog perioda | G127: 445847.34 | H127: 425335.56 | I127: 423298.8 | J127: 352947.54 | K127: 579675.09 | L127: 251229.41 | M127: 677561.4 | N127: 142809.45 | O127: 1234560.1 | P127: 400357.6 | Q127: 255410.42 | R127: 403142.25 | S127: =+SUM(G127:R127) -> 5592175 | T127: =+S127/$T$83*100 -> 0.065091896
A128: =+CONCATENATE(A52,"p") -> 1005p | B128: =+VLOOKUP(LEFT($A128,LEN(A128)-1)*1,Master!$D$30:$G$229,4,FALSE) -> Neto povećanje obaveza | G128: 0 | H128: 0 | I128: 0 | J128: 0 | K128: 0 | L128: 0 | M128: 0 | N128: 0 | O128: 0 | P128: 0 | Q128: 0 | R128: 0 | S128: =SUM(G128:R128) -> 0 | T128: =+S128/$T$83*100 -> 0
A129: =+CONCATENATE(A53,"p") -> 1000p | B129: =+VLOOKUP(LEFT($A129,LEN(A129)-1)*1,Master!$D$30:$G$226,4,FALSE) -> Suficit / deficit | G129: -1.1363661e+08 | H129: -80316211 | I129: -26505442 | J129: 18031924 | K129: -25123759 | L129: -28494005 | M129: 14363072 | N129: 50200085 | O129: 10327855 | P129: 4900469.8 | Q129: -21454983 | R129: -80634802 | S129: =+SUM(G129:R129) -> -2.7834241e+08 | T129: =+S129/$T$83*100 -> -3.2398548
A130: =+CONCATENATE(A54,"p") -> 1001p | B130: =+VLOOKUP(LEFT($A130,LEN(A130)-1)*1,Master!$D$30:$G$226,4,FALSE) -> Primarni suficit/deficit | G130: -1.0517163e+08 | H130: -77619719 | I130: -4301870.8 | J130: 67765639 | K130: -21455079 | L130: -13507836 | M130: 21702156 | N130: 52682743 | O130: 31995569 | P130: 20376188 | Q130: -13863166 | R130: -62114356 | S130: =+SUM(G130:R130) -> -1.0351137e+08 | T130: =+S130/$T$83*100 -> -1.2048534
A131: =+CONCATENATE(A55,"p") -> 46p | B131: =+VLOOKUP(LEFT($A131,LEN(A131)-1)*1,Master!$D$30:$G$226,4,FALSE) -> Otplata dugova | G131: 38776678 | H131: 6623849.5 | I131: 8538883.4 | J131: 77955175 | K131: 12713349 | L131: 71941312 | M131: 42612514 | N131: 6821797.4 | O131: 10991740 | P131: 10748760 | Q131: 25887272 | R131: 69983128 | S131: =+SUM(G131:R131) -> 383594459 | T131: =+S131/$T$83*100 -> 4.4649695
A132: =+CONCATENATE(A56,"p") -> 4611p | B132: =+VLOOKUP(LEFT($A132,LEN(A132)-1)*1,Master!$D$30:$G$226,4,FALSE) -> Otplata hartija od vrijednosti i kredita rezidentima | G132: 1689177.7 | H132: 1011346.9 | I132: 4628146.6 | J132: 51690882 | K132: 2155005.6 | L132: 13538485 | M132: 1714623.4 | N132: 1043364.4 | O132: 5060550.8 | P132: 5885.87 | Q132: 1058130.5 | R132: 14218861 | S132: =+SUM(G132:R132) -> 97814459 | T132: =+S132/$T$83*100 -> 1.1385425
A133: =+CONCATENATE(A57,"p") -> 4612p | B133: =+VLOOKUP(LEFT($A133,LEN(A133)-1)*1,Master!$D$30:$G$226,4,FALSE) -> Otplata hartija od vrijednosti i kredita nerezidentima | G133: 37087500 | H133: 5612502.7 | I133: 3910736.7 | J133: 26264293 | K133: 10558344 | L133: 58402828 | M133: 40897891 | N133: 5778433 | O133: 5931189.6 | P133: 10742875 | Q133: 24829142 | R133: 55764267 | S133: =+SUM(G133:R133) -> 285780000 | T133: =+S133/$T$83*100 -> 3.326427
A134: =+CONCATENATE(A58,"p") -> 4418p | B134: =+VLOOKUP(LEFT($A134,LEN(A134)-1)*1,Master!$D$30:$G$226,4,FALSE) -> Izdaci za kupovinu hartija od vrijednosti | G134: 2848333.4 | H134: 0 | I134: 21979568 | J134: 0 | K134: 0 | L134: 7607131.6 | M134: 1743970.3 | N134: 0 | O134: 0 | P134: 0 | Q134: 0 | R134: 997.56 | S134: =+SUM(G134:R134) -> 34180001 | T134: =+S134/$T$83*100 -> 0.39784897
A135: 451p | B135: Pozajmice i krediti | G135: 1237500.6 | H135: 737500.86 | I135: 781055.11 | J135: 739805.87 | K135: 754731.99 | L135: 758709.4 | M135: 149560.96 | N135: 41845.08 | O135: 830950.94 | P135: 959461.25 | Q135: 446667.9 | R135: 512218 | S135: =+SUM(G135:R135) -> 7950008 | T135: =+S135/$T$83*100 -> 0.092536642
A136: =+CONCATENATE(A60,"p") -> 1002p | B136: =+VLOOKUP(LEFT($A136,LEN(A136)-1)*1,Master!$D$30:$G$226,4,FALSE) -> Nedostajuća sredstva | G136: -1.5649912e+08 | H136: -87677561 | I136: -57804948 | J136: -60663057 | K136: -38591840 | L136: -1.0880116e+08 | M136: -30142973 | N136: 43336443 | O136: -1494836.6 | P136: -6807751.9 | Q136: -47788922 | R136: -1.5113114e+08 | S136: =+SUM(G136:R136) -> -7.0406687e+08 | T136: =+S136/$T$83*100 -> -8.1952099
A137: =+CONCATENATE(A61,"p") -> 1003p | B137: =+VLOOKUP(LEFT($A137,LEN(A137)-1)*1,Master!$D$30:$G$226,4,FALSE) -> Finansiranje | G137: 1.5649912e+08 | H137: 87677561 | I137: 57804948 | J137: 60663057 | K137: 38591840 | L137: 1.0880116e+08 | M137: 30142973 | N137: -43336443 | O137: 1494836.6 | P137: 6807751.9 | Q137: 47788922 | R137: 1.5113114e+08 | S137: =+SUM(G137:R137) -> 7.0406687e+08 | T137: =+S137/$T$83*100 -> 8.1952099
A138: =+CONCATENATE(A62,"p") -> 7511p | B138: =+VLOOKUP(LEFT($A138,LEN(A138)-1)*1,Master!$D$30:$G$226,4,FALSE) -> Pozajmice i krediti od domaćih izvora | G138: 0 | H138: 0 | I138: 0 | J138: 0 | K138: 0 | L138: 0 | M138: 0 | N138: 0 | O138: 50000000 | P138: 0 | Q138: 50000000 | R138: 0 | S138: =+SUM(G138:R138) -> 100000000 | T138: =+S138/$T$83*100 -> 1.1639817
A139: =+CONCATENATE(A63,"p") -> 7512p | B139: =+VLOOKUP(LEFT($A139,LEN(A139)-1)*1,Master!$D$30:$G$226,4,FALSE) -> Pozajmice i krediti od inostranih izvora | G139: 0 | H139: 0 | I139: 100000000 | J139: 0 | K139: 0 | L139: 2.8831897e+08 | M139: 0 | N139: 0 | O139: 0 | P139: 0 | Q139: 0 | R139: 0 | S139: =+SUM(G139:R139) -> 3.8831897e+08 | T139: =+S139/$T$83*100 -> 4.5199619
A140: =+CONCATENATE(A64,"p") -> 72p | B140: =+VLOOKUP(LEFT($A140,LEN(A140)-1)*1,Master!$D$30:$G$226,4,FALSE) -> Primici od prodaje imovine | G140: 500000 | H140: 500000 | I140: 500000 | J140: 500000 | K140: 500000 | L140: 500000 | M140: 500000 | N140: 500000 | O140: 500000 | P140: 500000 | Q140: 500000 | R140: 500000 | S140: =+SUM(G140:R140) -> 6000000 | T140: =+S140/$T$83*100 -> 0.069838905
A141: 73p | B141: Primici od otplate kredita | G141: 812325 | H141: 812325 | I141: 812325 | J141: 812325 | K141: 812325 | L141: 812325 | M141: 812325 | N141: 812325 | O141: 812325 | P141: 812325 | Q141: 812325 | R141: 812329 | S141: =+SUM(G141:R141) -> 9747904 | T141: =+S141/$T$83*100 -> 0.11346382
A142: =+CONCATENATE(A66,"p") -> 1004p | B142: =+VLOOKUP(LEFT($A142,LEN(A142)-1)*1,Master!$D$30:$G$226,4,FALSE) -> Povećanje / smanjenje depozita | G142: 1.551868e+08 | H142: 86365236 | I142: -43507377 | J142: 59350732 | K142: 37279515 | L142: -1.8083013e+08 | M142: 28830648 | N142: -44648768 | O142: -49817488 | P142: 5495426.9 | Q142: -3523402.5 | R142: 1.4981882e+08 | S142: =+SUM(G142:R142) -> 2e+08 | T142: =+S142/$T$83*100 -> 2.3279635

Sheet 2023
E2: =+Master!G6 -> Crna Gora
E3: =+Master!G7 -> Ministarstvo finansija
E4: =+Master!G8 -> Direktorat za državni budžet
G5: =+RIGHT(G6,2)*1 -> 1 | H5: =+RIGHT(H6,2)*1 -> 2 | I5: =+RIGHT(I6,2)*1 -> 3 | J5: =+RIGHT(J6,2)*1 -> 4 | K5: =+RIGHT(K6,2)*1 -> 5 | L5: =+RIGHT(L6,2)*1 -> 6 | M5: =+RIGHT(M6,2)*1 -> 7 | N5: =+RIGHT(N6,2)*1 -> 8 | ... R5: =+RIGHT(R6,2)*1 -> 12
G6: 2023-01 | H6: 2023-02 | I6: 2023-03 | J6: 2023-04 | K6: 2023-05 | L6: 2023-06 | M6: 2023-07 | N6: 2023-08 | O6: 2023-09 | P6: 2023-10 | Q6: 2023-11 | R6: 2023-12
B7: =+Master!G252 -> Ostvarenje budžeta | G7: 2023 | S7: =+Master!G249 -> BDP | T7: 6963615000
G8: =+[1]Master!G232 -> Januar | H8: =+[1]Master!G233 -> Februar | I8: =+[1]Master!G234 -> Mart | J8: =+[1]Master!G235 -> April | K8: =+[1]Master!G236 -> Maj | L8: =+[1]Master!G237 -> Jun | M8: =+Master!G238 -> Jul | N8: =+Master!G239 -> Avgust | O8: =+Master!G240 -> Septembar | P8: =+Master!G241 -> Oktobar | Q8: =+Master!G242 -> Novembar | R8: =+Master!G243 -> Decembar | S8: =+Master!G247 -> Jan - Dec
G9: mil. € | H9: mil. € | I9: mil. € | J9: mil. € | K9: mil. € | L9: mil. € | M9: mil. € | N9: mil. € | O9: mil. € | P9: mil. € | Q9: mil. € | R9: mil. € | S9: mil. € | T9: =+Master!G250 -> % BDP
A10: 7 | B10: =+VLOOKUP($A10,Master!$D$30:$G$226,4,FALSE) -> Prihodi budžeta | G10: =+G11+G19+SUM(G24:G28) -> 1.6763956e+08 | H10: =+H11+H19+SUM(H24:H28) -> 1.4240683e+08 | I10: =+I11+I19+SUM(I24:I28) -> 2.3241125e+08 | J10: =+J11+J19+SUM(J24:J28) -> 2.5492342e+08 | K10: =+K11+K19+SUM(K24:K28) -> 1.8662785e+08 | L10: =+L11+L19+SUM(L24:L28) -> 2.5245849e+08 | M10: =+M11+M19+SUM(M24:M28) -> 2.079666e+08 | N10: =+N11+N19+SUM(N24:N28) -> 2.4341891e+08 | ... R10: =+R11+R19+SUM(R24:R28) -> 2.5380405e+08 | S10: =+SUM(G10:R10) -> 2.5664583e+09 | T10: =+S10/$T$7*100 -> 36.855259
A11: 711 | B11: =+VLOOKUP($A11,Master!$D$30:$G$226,4,FALSE) -> Porezi | G11: =+SUM(G12:G18) -> 1.0349015e+08 | H11: =+SUM(H12:H18) -> 91059566 | I11: =+SUM(I12:I18) -> 1.5182946e+08 | J11: =+SUM(J12:J18) -> 1.9146157e+08 | K11: =+SUM(K12:K18) -> 1.3085171e+08 | L11: =+SUM(L12:L18) -> 1.3151162e+08 | M11: =+SUM(M12:M18) -> 1.4361659e+08 | N11: =+SUM(N12:N18) -> 1.6535346e+08 | ... R11: =+SUM(R12:R18) -> 1.3701212e+08 | S11: =+SUM(G11:R11) -> 1.6660165e+09 | T11: =+S11/$T$7*100 -> 23.924592
A12: 7111 | B12: =+VLOOKUP($A12,Master!$D$30:$G$226,4,FALSE) -> Porez na dohodak fizičkih lica | G12: 1481487.9 | H12: 3944575.2 | I12: 4159428.2 | J12: 5386591.1 | K12: 5224793.5 | L12: 5249731.6 | M12: 6015555 | N12: 5967013.6 | O12: 5893920.4 | P12: 6808748 | Q12: 5681629.2 | R12: 10598117 | S12: =+SUM(G12:R12) -> 66411591 | T12: =+S12/$T$7*100 -> 0.95369418
A13: 7112 | B13: =+VLOOKUP($A13,Master!$D$30:$G$226,4,FALSE) -> Porez na dobit pravnih lica | G13: 1258566.4 | H13: 3765090.4 | I13: 37663056 | J13: 77247367 | K13: 6981694.3 | L13: 4688223 | M13: 4152071.3 | N13: 3369699.6 | O13: 1866160.7 | P13: 2296101.3 | Q13: 3538790.8 | R13: 4457656.5 | S13: =+SUM(G13:R13) -> 1.5128448e+08 | T13: =+S13/$T$7*100 -> 2.1724991
A14: 7113 | B14: =+VLOOKUP($A14,Master!$D$30:$G$226,4,FALSE) -> Porez na promet nepokretnosti | G14: 0 | H14: 0 | I14: 0 | J14: 0 | K14: 0 | L14: 0 | M14: 0 | N14: 0 | O14: 0 | P14: 0 | Q14: 0 | R14: 0 | S14: =+SUM(G14:R14) -> 0 | T14: =+S14/$T$7*100 -> 0
A15: 7114 | B15: =+VLOOKUP($A15,Master!$D$30:$G$226,4,FALSE) -> Porez na dodatu vrijednost | G15: 79816017 | H15: 61023809 | I15: 80926297 | J15: 79500899 | K15: 87195794 | L15: 87124881 | M15: 92697116 | N15: 1.1200143e+08 | O15: 1.0970676e+08 | P15: 1.0295001e+08 | Q15: 78394633 | R15: 87929424 | S15: =+SUM(G15:R15) -> 1.0592671e+09 | T15: =+S15/$T$7*100 -> 15.211454
A16: 7115 | B16: =+VLOOKUP($A16,Master!$D$30:$G$226,4,FALSE) -> Akcize | G16: 17494328 | H16: 18190263 | I16: 22619974 | J16: 24163019 | K16: 25793019 | L16: 28449742 | M16: 34815702 | N16: 37644944 | O16: 33046282 | P16: 28234461 | Q16: 24175707 | R16: 28494204 | S16: =+SUM(G16:R16) -> 3.2312164e+08 | T16: =+S16/$T$7*100 -> 4.6401423
A17: 7116 | B17: =+VLOOKUP($A17,Master!$D$30:$G$226,4,FALSE) -> Porez na međunarodnu trgovinu i transakcije | G17: 2467588.2 | H17: 3220443.5 | I17: 5443960.2 | J17: 4088105.7 | K17: 4535373.5 | L17: 4729381.1 | M17: 4795015.5 | N17: 5109171.4 | O17: 4643120 | P17: 4489829.4 | Q17: 4266242 | R17: 4403080.1 | S17: =+SUM(G17:R17) -> 52191311 | T17: =+S17/$T$7*100 -> 0.74948587
A18: 7118 | B18: =+VLOOKUP($A18,Master!$D$30:$G$226,4,FALSE) -> Ostali državni porezi | G18: 972158.69 | H18: 915385.23 | I18: 1016741.9 | J18: 1075588 | K18: 1121040 | L18: 1269660.9 | M18: 1141127 | N18: 1261191.3 | O18: 1361723.1 | P18: 1252749.5 | Q18: 1223379.6 | R18: 1129633.7 | S18: =+SUM(G18:R18) -> 13740379 | T18: =+S18/$T$7*100 -> 0.19731675
A19: 712 | B19: =+VLOOKUP($A19,Master!$D$30:$G$226,4,FALSE) -> Doprinosi | G19: 15617330 | H19: 41494879 | I19: 42670635 | J19: =SUM(J20:J23) -> 47597808 | K19: =SUM(K20:K23) -> 45975315 | L19: =SUM(L20:L23) -> 48052163 | M19: =SUM(M20:M23) -> 48400584 | N19: =SUM(N20:N23) -> 49792974 | O19: =SUM(O20:O23) -> 48149306 | P19: =SUM(P20:P23) -> 51603762 | Q19: =SUM(Q20:Q23) -> 47289990 | R19: =SUM(R20:R23) -> 89085845 | S19: =+SUM(G19:R19) -> 5.7573059e+08 | T19: =+S19/$T$7*100 -> 8.267697
A20: 7121 | B20: =+VLOOKUP($A20,Master!$D$30:$G$226,4,FALSE) -> Doprinosi za penzijsko i invalidsko osiguranje | G20: 14209639 | H20: 37909924 | I20: 39108292 | J20: 43483739 | K20: 41997767 | L20: 44039789 | M20: 44449178 | N20: 45814076 | O20: 43602488 | P20: 47259866 | Q20: 43114464 | R20: 81523024 | S20: =+SUM(G20:R20) -> 5.2651225e+08 | T20: =+S20/$T$7*100 -> 7.560904
A21: 7122 | B21: =+VLOOKUP($A21,Master!$D$30:$G$226,4,FALSE) -> Doprinosi za zdravstveno osiguranje | G21: 302309.9 | H21: 645770.62 | I21: 422256.94 | J21: 537238.13 | K21: 599016.13 | L21: 555487.37 | M21: 488484.82 | N21: 429326.82 | O21: 1028891.1 | P21: 464431.04 | Q21: 591360.93 | R21: 965969 | S21: =+SUM(G21:R21) -> 7030542.8 | T21: =+S21/$T$7*100 -> 0.10096111
A22: 7123 | B22: =+VLOOKUP($A22,Master!$D$30:$G$226,4,FALSE) -> Doprinosi za osiguranje od nezaposlenosti | G22: 658854.47 | H22: 1731553.4 | I22: 1770290.3 | J22: 2000792.3 | K22: 1915310.3 | L22: 1979006.2 | M22: 1993336.7 | N22: 2115793.1 | O22: 2051057.3 | P22: 2219307.2 | Q22: 2018981 | R22: 3765884.7 | S22: =+SUM(G22:R22) -> 24220167 | T22: =+S22/$T$7*100 -> 0.34781026
A23: 7124 | B23: =+VLOOKUP($A23,Master!$D$30:$G$226,4,FALSE) -> Ostali doprinosi | G23: 446525.88 | H23: 1207631.2 | I23: 1369795.8 | J23: 1576038.7 | K23: 1463222.2 | L23: 1477880.2 | M23: 1469583.6 | N23: 1433778.2 | O23: 1466869.7 | P23: 1660157.6 | Q23: 1565184.1 | R23: 2830966.8 | S23: =+SUM(G23:R23) -> 17967634 | T23: =+S23/$T$7*100 -> 0.25802164
A24: 713 | B24: =+VLOOKUP($A24,Master!$D$30:$G$226,4,FALSE) -> Takse | G24: 747597.88 | H24: 957673.57 | I24: 1088989.1 | J24: 1037186.6 | K24: 1360645.2 | L24: 1440002.9 | M24: 1576889.6 | N24: 1784267.6 | O24: 1532937.4 | P24: 1531116.1 | Q24: 1288575.6 | R24: 1671271.5 | S24: =+SUM(G24:R24) -> 16017153 | T24: =+S24/$T$7*100 -> 0.23001204
A25: 714 | B25: =+VLOOKUP($A25,Master!$D$30:$G$226,4,FALSE) -> Naknade | G25: 11787075 | H25: 3748417.3 | I25: 3332694 | J25: 3365130.8 | K25: 4607961.2 | L25: 4411415.9 | M25: 4145262.4 | N25: 3786345.7 | O25: 3252285.3 | P25: 3955363.5 | Q25: 5546279.5 | R25: 3779355.2 | S25: =+SUM(G25:R25) -> 55717586 | T25: =+S25/$T$7*100 -> 0.80012444
A26: 715 | B26: =+VLOOKUP($A26,Master!$D$30:$G$226,4,FALSE) -> Ostali prihodi | G26: 34581505 | H26: 2085915.6 | I26: 3225147.6 | J26: 7985467.4 | K26: 2083663.6 | L26: 62831828 | M26: 7395159.5 | N26: 20718448 | O26: 2202381.5 | P26: 14370883 | Q26: 15509901 | R26: 8722052.1 | S26: =+SUM(G26:R26) -> 1.8171235e+08 | T26: =+S26/$T$7*100 -> 2.6094543
A27: 73 | B27: =+VLOOKUP($A27,Master!$D$30:$G$226,4,FALSE) -> Primici od otplate kredita i sredstva prenesena iz prethodne godine | G27: 0 | H27: 0 | I27: 0 | J27: 0 | K27: 0 | L27: 0 | M27: 0 | N27: 0 | O27: 0 | P27: 0 | Q27: 0 | R27: 0 | S27: =+SUM(G27:R27) -> 0 | T27: =+S27/$T$7*100 -> 0
A28: 74 | B28: =+VLOOKUP($A28,Master!$D$30:$G$226,4,FALSE) -> Donacije i transferi | G28: 1415909.3 | H28: 3060381.5 | I28: 30264327 | J28: 3476257.2 | K28: 1748546.8 | L28: 4211456 | M28: 2832115.4 | N28: 1983420.4 | O28: 4241868.9 | P28: 2519848.8 | Q28: 1976608.4 | R28: 13533408 | S28: =+SUM(G28:R28) -> 71264148 | T28: =+S28/$T$7*100 -> 1.0233786
A29: 4 | B29: =+VLOOKUP($A29,Master!$D$30:$G$226,4,FALSE) -> Izdaci budžeta | G29: =+G30+G40+G46+SUM(G47:G51) -> 1.1499409e+08 | H29: =+H30+H40+H46+SUM(H47:H51) -> 1.7054836e+08 | I29: =+I30+I40+I46+SUM(I47:I51) -> 1.9371417e+08 | J29: =+J30+J40+J46+SUM(J47:J51) -> 2.0590101e+08 | K29: =+K30+K40+K46+SUM(K47:K51) -> 1.8987817e+08 | L29: =+L30+L40+L46+SUM(L47:L51) -> 1.96451e+08 | M29: =+M30+M40+M46+SUM(M47:M51) -> 2.2372443e+08 | N29: =+N30+N40+N46+SUM(N47:N51) -> 2.0031183e+08 | ... R29: =+R30+R40+R46+SUM(R47:R51) -> 4.0010921e+08 | S29: =+SUM(G29:R29) -> 2.555523e+09 | T29: =+S29/$T$7*100 -> 36.698224
A30: 41 | B30: =+VLOOKUP($A30,Master!$D$30:$G$226,4,FALSE) -> Tekući izdaci | G30: =+SUM(G31:G39) -> 53320799 | H30: =+SUM(H31:H39) -> 71583541 | I30: =+SUM(I31:I39) -> 83323034 | J30: =+SUM(J31:J39) -> 95217474 | K30: =+SUM(K31:K39) -> 92282784 | L30: =+SUM(L31:L39) -> 78005206 | M30: =+SUM(M31:M39) -> 89291081 | N30: =+SUM(N31:N39) -> 73763583 | ... R30: =+SUM(R31:R39) -> 1.6415523e+08 | S30: =+SUM(G30:R30) -> 1.073179e+09 | T30: =+S30/$T$7*100 -> 15.411234
A31: 411 | B31: =+VLOOKUP($A31,Master!$D$30:$G$226,4,FALSE) -> Bruto zarade i doprinosi na teret poslodavca | G31: 45778601 | H31: 54859279 | I31: 52148208 | J31: 53967761 | K31: 54201007 | L31: 53631381 | M31: 54042258 | N31: 51900966 | O31: 52967490 | P31: 52607963 | Q31: 53262060 | R31: 63771764 | S31: =+SUM(G31:R31) -> 6.4313874e+08 | T31: =+S31/$T$7*100 -> 9.2357021
A32: 412 | B32: =+VLOOKUP($A32,Master!$D$30:$G$226,4,FALSE) -> Ostala lična primanja | G32: 299493.63 | H32: 1011550.8 | I32: 2090344.1 | J32: 1457765.1 | K32: 1372359.8 | L32: 1509812.2 | M32: 1584706.2 | N32: 1451954.6 | O32: 1491031.9 | P32: 1738182.8 | Q32: 1512560.2 | R32: 2898398.4 | S32: =+SUM(G32:R32) -> 18418160 | T32: =+S32/$T$7*100 -> 0.26449136
A33: 413 | B33: =+VLOOKUP($A33,Master!$D$30:$G$226,4,FALSE) -> Rashodi za materijal | G33: 94282.16 | H33: 2773833.3 | I33: 5143114 | J33: 1985561.7 | K33: 3182782 | L33: 3141733.1 | M33: 5440332.5 | N33: 3657358 | O33: 2712249.5 | P33: 2980903.4 | Q33: 3119936.3 | R33: 11505509 | S33: =+SUM(G33:R33) -> 45737595 | T33: =+S33/$T$7*100 -> 0.65680821
A34: 414 | B34: =+VLOOKUP($A34,Master!$D$30:$G$226,4,FALSE) -> Rashodi za usluge | G34: 877592.34 | H34: 3752919.1 | I34: 6999568 | J34: 5102568.5 | K34: 5116679.3 | L34: 5830436.9 | M34: 6718533.9 | N34: 3653259.5 | O34: 5416254.3 | P34: 7914517.3 | Q34: 4538639.7 | R34: 16484847 | S34: =+SUM(G34:R34) -> 72405815 | T34: =+S34/$T$7*100 -> 1.0397734
A35: 415 | B35: =+VLOOKUP($A35,Master!$D$30:$G$226,4,FALSE) -> Rashodi za tekuće održavanje | G35: 4072.04 | H35: 554177.95 | I35: 3339189.8 | J35: 1157173.8 | K35: 1740589.3 | L35: 2282051.3 | M35: 2332626.7 | N35: 2092555.9 | O35: 2849519.5 | P35: 4021885.5 | Q35: 1422107.6 | R35: 8369217.7 | S35: =+SUM(G35:R35) -> 30165167 | T35: =+S35/$T$7*100 -> 0.43318258
A36: 416 | B36: =+VLOOKUP($A36,Master!$D$30:$G$226,4,FALSE) -> Kamate | G36: 3966895.8 | H36: 2431066.8 | I36: 1735632.8 | J36: 23140004 | K36: 14675384 | L36: 2918464.1 | M36: 7564242.8 | N36: 3788551.1 | O36: 19220008 | P36: 2174027.4 | Q36: 16506465 | R36: 26422235 | S36: =+SUM(G36:R36) -> 1.2454298e+08 | T36: =+S36/$T$7*100 -> 1.7884816
A37: 417 | B37: =+VLOOKUP($A37,Master!$D$30:$G$226,4,FALSE) -> Renta | G37: 2378.37 | H37: 930382.84 | I37: 862022.11 | J37: 1148346.6 | K37: 781961.46 | L37: 1115410.3 | M37: 855063.86 | N37: 945550.46 | O37: 592418.57 | P37: 1474426.9 | Q37: 625555.81 | R37: 2362235.2 | S37: =+SUM(G37:R37) -> 11695753 | T37: =+S37/$T$7*100 -> 0.16795519
A38: 418 | B38: =+VLOOKUP($A38,Master!$D$30:$G$226,4,FALSE) -> Subvencije | G38: 1880948.3 | H38: 2045866.6 | I38: 5710797.7 | J38: 3990567.2 | K38: 5567663 | L38: 4067863.5 | M38: 5321623.7 | N38: 3321549.5 | O38: 8105489.1 | P38: 4531530.6 | Q38: 8099742.5 | R38: 21736324 | S38: =+SUM(G38:R38) -> 74379966 | T38: =+S38/$T$7*100 -> 1.0681229
A39: 419 | B39: =+VLOOKUP($A39,Master!$D$30:$G$226,4,FALSE) -> Ostali izdaci | G39: 416534.65 | H39: 3224464 | I39: 5294157.3 | J39: 3267725.5 | K39: 5644358.6 | L39: 3508053.7 | M39: 5431694 | N39: 2951837.5 | O39: 3839015.5 | P39: 4690324.6 | Q39: 3821990.7 | R39: 10604699 | S39: =+SUM(G39:R39) -> 52694855 | T39: =+S39/$T$7*100 -> 0.75671695
A40: 42 | B40: =+VLOOKUP($A40,Master!$D$30:$G$226,4,FALSE) -> Transferi za socijalnu zaštitu | G40: =+SUM(G41:G45) -> 58447908 | H40: =+SUM(H41:H45) -> 66349683 | I40: =+SUM(I41:I45) -> 68141528 | J40: =+SUM(J41:J45) -> 65511041 | K40: =+SUM(K41:K45) -> 64802740 | L40: =+SUM(L41:L45) -> 68662273 | M40: =+SUM(M41:M45) -> 68456467 | N40: =+SUM(N41:N45) -> 69385673 | ... R40: =+SUM(R41:R45) -> 78274560 | S40: =+SUM(G40:R40) -> 8.2455753e+08 | T40: =+S40/$T$7*100 -> 11.840941
A41: 421 | B41: =+VLOOKUP($A41,Master!$D$30:$G$226,4,FALSE) -> Prava iz oblasti socijalne zaštite | G41: 15193247 | H41: 18599658 | I41: 18659852 | J41: 16981103 | K41: 16251190 | L41: 17123078 | M41: 17264196 | N41: 17458330 | O41: 17224134 | P41: 18298777 | Q41: 18265292 | R41: 18568344 | S41: =+SUM(G41:R41) -> 2.098872e+08 | T41: =+S41/$T$7*100 -> 3.0140552
A42: 422 | B42: =+VLOOKUP($A42,Master!$D$30:$G$226,4,FALSE) -> Sredstva za tehnološke viškove | G42: 0 | H42: 2161292.4 | I42: 2136078.1 | J42: 2131572.7 | K42: 2059702.4 | L42: 2014179.8 | M42: 1987831.6 | N42: 1996083.3 | O42: 1966211.2 | P42: 1935600.9 | Q42: 1952446.4 | R42: 3362791.1 | S42: =+SUM(G42:R42) -> 23703790 | T42: =+S42/$T$7*100 -> 0.34039489
A43: 423 | B43: =+VLOOKUP($A43,Master!$D$30:$G$226,4,FALSE) -> Prava iz oblasti penzijskog i invalidskog osiguranja | G43: 42310100 | H43: 43436983 | I43: 43546254 | J43: 43640005 | K43: 43423554 | L43: 46909924 | M43: 47073242 | N43: 47269858 | O43: 47134577 | P43: 49444503 | Q43: 49638527 | R43: 49983172 | S43: =+SUM(G43:R43) -> 5.538107e+08 | T43: =+S43/$T$7*100 -> 7.9529195
A44: 424 | B44: =+VLOOKUP($A44,Master!$D$30:$G$226,4,FALSE) -> Ostala prava iz oblasti zdravstvene zaštite | G44: 944561.01 | H44: 1204936 | I44: 2523574.1 | J44: 1805827.9 | K44: 1743976.9 | L44: 1880360.4 | M44: 1043937.8 | N44: 1574190.6 | O44: 996710.96 | P44: 2181527.5 | Q44: 1297199.3 | R44: 3362791.1 | S44: =+SUM(G44:R44) -> 20559594 | T44: =+S44/$T$7*100 -> 0.29524311
A45: 425 | B45: =+VLOOKUP($A45,Master!$D$30:$G$226,4,FALSE) -> Ostala prava iz zdravstvenog osiguranja | G45: 0 | H45: 946813.87 | I45: 1275770 | J45: 952531.37 | K45: 1324317 | L45: 734731.72 | M45: 1087259.8 | N45: 1087210.8 | O45: 1703330.9 | P45: 2419350.8 | Q45: 2067470.9 | R45: 2997462.2 | S45: =+SUM(G45:R45) -> 16596249 | T45: =+S45/$T$7*100 -> 0.23832807
A46: 43 | B46: =+VLOOKUP($A46,Master!$D$30:$G$226,4,FALSE) -> Transferi institucijama, pojedincima, nevladinom i javnom sektoru | G46: 1844828.7 | H46: 24913818 | I46: 29326859 | J46: 33935012 | K46: 22605169 | L46: 32396931 | M46: 42596768 | N46: 30808862 | O46: 36649455 | P46: 29874334 | Q46: 24735752 | R46: 71009195 | S46: =+SUM(G46:R46) -> 3.8069698e+08 | T46: =+S46/$T$7*100 -> 5.4669447
A47: 44 | B47: =+VLOOKUP($A47,Master!$D$30:$G$226,4,FALSE) -> Kapitalni izdaci | G47: 420202.34 | H47: 4450440 | I47: 10096779 | J47: 7075145.9 | K47: 8044220.4 | L47: 15100691 | M47: 16132995 | N47: 24259028 | O47: 28174116 | P47: 25086640 | Q47: 21000624 | R47: 78800869 | S47: =+SUM(G47:R47) -> 2.3864175e+08 | T47: =+S47/$T$7*100 -> 3.4269808
A48: 451 | B48: =+VLOOKUP($A48,Master!$D$30:$G$226,4,FALSE) -> Pozajmice i krediti | G48: 0 | H48: 0 | I48: 0 | J48: 0 | K48: 0 | L48: 0 | M48: 0 | N48: 0 | O48: 0 | P48: 0 | Q48: 0 | R48: 0 | S48: =+SUM(G48:R48) -> 0 | T48: =+S48/$T$7*100 -> 0
A49: 47 | B49: =+VLOOKUP($A49,Master!$D$30:$G$226,4,FALSE) -> Rezerve | G49: 0 | H49: 198585.54 | I49: 1537951.4 | J49: 3354027 | K49: 1068089.2 | L49: 447785.86 | M49: 4451250.1 | N49: 1094926.4 | O49: 10000 | P49: 629087.52 | Q49: 67254.6 | R49: 5408961.7 | S49: =+SUM(G49:R49) -> 18267919 | T49: =+S49/$T$7*100 -> 0.26233385
A50: 462 | B50: =+VLOOKUP($A50,Master!$D$30:$G$226,4,FALSE) -> Otplata garancija | G50: 0 | H50: 1168915.5 | I50: 0 | J50: 0 | K50: 0 | L50: 0 | M50: 1644656.7 | N50: 0 | O50: 0 | P50: 0 | Q50: 0 | R50: 0 | S50: =+SUM(G50:R50) -> 2813572.2 | T50: =+S50/$T$7*100 -> 0.040403902
A51: 4630 | B51: =+VLOOKUP($A51,Master!$D$30:$G$226,4,TRUE) -> Otplata obaveza iz prethodnog perioda | G51: 960349.63 | H51: 1883378.4 | I51: 1288018.1 | J51: 808312.29 | K51: 1075171.4 | L51: 1838116.5 | M51: 1151209.7 | N51: 999757.56 | O51: 509735.57 | P51: 1076828.5 | Q51: 3314958.5 | R51: 2460397.7 | S51: =+SUM(G51:R51) -> 17366234 | T51: =+S51/$T$7*100 -> 0.24938532
A52: 1005 | B52: =+VLOOKUP($A52,Master!$D$30:$G$228,4,FALSE) -> Neto povećanje obaveza | G52: 0 | H52: 0 | I52: 0 | J52: 0 | K52: 0 | L52: 0 | M52: 0 | N52: 0 | O52: 0 | P52: 0 | Q52: 0 | R52: 0 | S52: =+SUM(G52:R52) -> 0 | T52: =+S52/$T$7*100 -> 0
A53: 1000 | B53: =+VLOOKUP($A53,Master!$D$30:$G$226,4,FALSE) -> Suficit / deficit | G53: =+G10-G29 -> 52645475 | H53: =+H10-H29 -> -28141528 | I53: =+I10-I29 -> 38697080 | J53: =+J10-J29 -> 49022408 | K53: =+K10-K29 -> -3250327.8 | L53: =+L10-L29 -> 56007482 | M53: =+M10-M29 -> -15757830 | N53: =+N10-N29 -> 43107081 | ... R53: =+R10-R29 -> -1.4630517e+08 | S53: =SUM(G53:R53) -> 10935291 | T53: =+S53/$T$7*100 -> 0.15703469
A54: 1001 | B54: =+VLOOKUP($A54,Master!$D$30:$G$226,4,FALSE) -> Primarni suficit/deficit | G54: =+G53+G36 -> 56612371 | H54: =+H53+H36 -> -25710461 | I54: =+I53+I36 -> 40432713 | J54: =+J53+J36 -> 72162412 | K54: =+K53+K36 -> 11425056 | L54: =+L53+L36 -> 58925946 | M54: =+M53+M36 -> -8193586.8 | N54: =+N53+N36 -> 46895632 | ... R54: =+R53+R36 -> -1.1988293e+08 | S54: =+SUM(G54:R54) -> 1.3547827e+08 | T54: =+S54/$T$7*100 -> 1.9455163
A55: 46 | B55: =+VLOOKUP($A55,Master!$D$30:$G$226,4,FALSE) -> Otplata dugova | G55: =+SUM(G56:G57) -> 29896704 | H55: =+SUM(H56:H57) -> 5811024.9 | I55: =+SUM(I56:I57) -> 8077110 | J55: =+SUM(J56:J57) -> 7902599.2 | K55: =+SUM(K56:K57) -> 91927761 | L55: =+SUM(L56:L57) -> 16027591 | M55: =+SUM(M56:M57) -> 31852597 | N55: =+SUM(N56:N57) -> 6400171.4 | ... R55: =+SUM(R56:R57) -> 24921546 | S55: =+SUM(G55:R55) -> 3.0120601e+08 | T55: =+S55/$T$7*100 -> 4.325426
A56: 4611 | B56: =+VLOOKUP($A56,Master!$D$30:$G$226,4,FALSE) -> Otplata hartija od vrijednosti i kredita rezidentima | G56: 1871833.4 | H56: 2400192.8 | I56: 1348967.5 | J56: 2419307 | K56: 44621034 | L56: 3730449 | M56: 2461406 | N56: 2439964.7 | O56: 738279.52 | P56: 3094863.4 | Q56: 8658506.3 | R56: 750761.52 | S56: =+SUM(G56:R56) -> 74535565 | T56: =+S56/$T$7*100 -> 1.0703573
A57: 4612 | B57: =+VLOOKUP($A57,Master!$D$30:$G$226,4,FALSE) -> Otplata hartija od vrijednosti i kredita nerezidentima | G57: 28024871 | H57: 3410832.1 | I57: 6728142.5 | J57: 5483292.2 | K57: 47306727 | L57: 12297142 | M57: 29391191 | N57: 3960206.6 | O57: 15779356 | P57: 5114460.1 | Q57: 45003444 | R57: 24170785 | S57: =+SUM(G57:R57) -> 2.2667045e+08 | T57: =+S57/$T$7*100 -> 3.2550687
A58: 4418 | B58: =+VLOOKUP($A58,Master!$D$30:$G$226,4,FALSE) -> Izdaci za kupovinu hartija od vrijednosti | G58: 0 | H58: 496372.98 | I58: 0 | J58: 0 | K58: 118566.42 | L58: 0 | M58: 105927.36 | N58: 0 | O58: 0 | P58: 0 | Q58: 0 | R58: 138179.86 | S58: =SUM(G58:R58) -> 859046.62 | T58: =+S58/$T$7*100 -> 0.012336216
A59: 451 | B59: =+VLOOKUP($A59,Master!$D$30:$G$226,4,FALSE) -> Pozajmice i krediti | G59: 261400.02 | H59: 1079076.3 | I59: 383792.67 | J59: 3534657.9 | K59: 510581.47 | L59: 1213521.1 | M59: 435818 | N59: 428660.4 | O59: 929669.85 | P59: 512417.52 | Q59: 0 | R59: 822000.46 | S59: =SUM(G59:R59) -> 10111596 | T59: =+S59/$T$7*100 -> 0.14520613
A60: 1002 | B60: =+VLOOKUP($A60,Master!$D$30:$G$226,4,FALSE) -> Nedostajuća sredstva | G60: =+G53-G55-G58-G59 -> 22487370 | H60: =+H53-H55-H58-H59 -> -35528002 | I60: =+I53-I55-I58-I59 -> 30236177 | J60: =+J53-J55-J58-J59 -> 37585151 | K60: =+K53-K55-K58-K59 -> -95807237 | L60: =+L53-L55-L58-L59 -> 38766370 | M60: =+M53-M55-M58-M59 -> -48152172 | N60: =+N53-N55-N58-N59 -> 36278249 | ... S60: =+S53-S55-S58-S59 -> -3.0124137e+08 | T60: =+S60/$T$7*100 -> -4.3259337
A61: 1003 | B61: =+VLOOKUP($A61,Master!$D$30:$G$226,4,FALSE) -> Finansiranje | G61: =+SUM(G62:G66) -> -22487370 | H61: =+SUM(H62:H66) -> 35528002 | I61: =+SUM(I62:I66) -> -30236177 | J61: =+SUM(J62:J66) -> -37585151 | K61: =+SUM(K62:K66) -> 95807237 | L61: =+SUM(L62:L66) -> -38766370 | M61: =+SUM(M62:M66) -> 48152172 | N61: =+SUM(N62:N66) -> -36278249 | ... R61: =+SUM(R62:R66) -> 1.7218689e+08 | S61: =+SUM(G61:R61) -> 3.0124137e+08 | T61: =+S61/$T$7*100 -> 4.3259337
A62: 7511 | B62: =+VLOOKUP($A62,Master!$D$30:$G$226,4,FALSE) -> Pozajmice i krediti od domaćih izvora | G62: 0 | H62: 0 | I62: 0 | J62: 0 | K62: 0 | L62: 0 | M62: 0 | N62: 0 | O62: 0 | P62: 0 | Q62: 0 | R62: 159000000 | S62: =+SUM(G62:R62) -> 159000000 | T62: =+S62/$T$7*100 -> 2.2832968
A63: 7512 | B63: =+VLOOKUP($A63,Master!$D$30:$G$226,4,FALSE) -> Pozajmice i krediti od inostranih izvora | G63: 552374.85 | H63: 1145846.2 | I63: 1.0167289e+08 | J63: 3774255.6 | K63: 1498639.8 | L63: 6593805.2 | M63: 944562.51 | N63: 360304.63 | O63: 4619241.1 | P63: 4602266.9 | Q63: 3301590.4 | R63: 30166243 | S63: =+SUM(G63:R63) -> 1.5923202e+08 | T63: =+S63/$T$7*100 -> 2.2866287
A64: 72 | B64: =+VLOOKUP($A64,Master!$D$30:$G$226,4,FALSE) -> Primici od prodaje imovine | G64: 664808.06 | H64: 77041.68 | I64: 167618.51 | J64: 155425.62 | K64: 634641.06 | L64: 183706.77 | M64: 178782.18 | N64: 287660.99 | O64: 67504.68 | P64: 61500.47 | Q64: 29821.41 | R64: 209358.1 | S64: =+SUM(G64:R64) -> 2717869.5 | T64: =+S64/$T$7*100 -> 0.039029578
A65: 73 | B65: Primici od otplate kredita | G65: 157428.77 | H65: 2017853.4 | I65: 1080976 | J65: 1004336.8 | K65: 1142213.3 | L65: 2980226.3 | M65: 323305.51 | N65: 580066.94 | O65: 819934.54 | P65: 714145.76 | Q65: 829356.05 | R65: 2208210.4 | S65: =+SUM(G65:R65) -> 13858054 | T65: =+S65/$T$7*100 -> 0.19900661
A66: 1004 | B66: =+VLOOKUP($A66,Master!$D$30:$G$226,4,FALSE) -> Povećanje / smanjenje depozita | G66: =-G60-SUM(G62:G65) -> -23861982 | H66: =-H60-SUM(H62:H65) -> 32287261 | I66: =-I60-SUM(I62:I65) -> -1.3315766e+08 | J66: =-J60-SUM(J62:J65) -> -42519169 | K66: =-K60-SUM(K62:K65) -> 92531743 | L66: =-L60-SUM(L62:L65) -> -48524109 | M66: =-M60-SUM(M62:M65) -> 46705522 | N66: =-N60-SUM(N62:N65) -> -37506282 | ... S66: =-S60-SUM(S62:S65) -> -33566581 | T66: =+S66/$T$7*100 -> -0.4820281
G82: =+CONCATENATE(G6,"p") -> 2023-01p | H82: =+CONCATENATE(H6,"p") -> 2023-02p | I82: =+CONCATENATE(I6,"p") -> 2023-03p | J82: =+CONCATENATE(J6,"p") -> 2023-04p | K82: =+CONCATENATE(K6,"p") -> 2023-05p | L82: =+CONCATENATE(L6,"p") -> 2023-06p | M82: =+CONCATENATE(M6,"p") -> 2023-07p | N82: =+CONCATENATE(N6,"p") -> 2023-08p | ... R82: =+CONCATENATE(R6,"p") -> 2023-12p
B83: =+Master!G253 -> Plan ostvarenja budžeta | G83: 2023 | S83: =+S7 -> BDP | T83: 6624340418
G84: =+G8 -> Januar | H84: =+H8 -> Februar | I84: =+I8 -> Mart | J84: =+J8 -> April | K84: =+K8 -> Maj | L84: =+L8 -> Jun | M84: =+M8 -> Jul | N84: =+N8 -> Avgust | ... R84: =+R8 -> Decembar | S84: =+Master!G247 -> Jan - Dec | T84: =+T8 -> 0
G85: mil. € | H85: mil. € | I85: mil. € | J85: mil. € | K85: mil. € | L85: mil. € | M85: mil. € | N85: mil. € | O85: mil. € | P85: mil. € | Q85: mil. € | R85: mil. € | S85: mil. € | T85: =+T9 -> % BDP
A86: =+CONCATENATE(A10,"p") -> 7p | B86: =+VLOOKUP(LEFT($A86,LEN(A86)-1)*1,Master!$D$30:$G$226,4,FALSE) -> Prihodi budžeta | G86: =+G87+G95+SUM(G100:G104) -> 1.5311273e+08 | H86: =+H87+H95+SUM(H100:H104) -> 1.2783276e+08 | I86: =+I87+I95+SUM(I100:I104) -> 2.0174023e+08 | J86: =+J87+J95+SUM(J100:J104) -> 1.9716398e+08 | K86: =+K87+K95+SUM(K100:K104) -> 1.5829633e+08 | L86: =+L87+L95+SUM(L100:L104) -> 1.6720046e+08 | M86: =+M87+M95+SUM(M100:M104) -> 1.8186198e+08 | N86: =+N87+N95+SUM(N100:N104) -> 2.0210951e+08 | ... R86: =+R87+R95+SUM(R100:R104) -> 2.2659374e+08 | S86: =+SUM(G86:R86) -> 2.1474662e+09 | T86: =+S86/$T$83*100 -> 32.417812
A87: =+CONCATENATE(A11,"p") -> 711p | B87: =+VLOOKUP(LEFT($A87,LEN(A87)-1)*1,Master!$D$30:$G$226,4,FALSE) -> Porezi | G87: =+SUM(G88:G94) -> 89053259 | H87: =+SUM(H88:H94) -> 86133721 | I87: =+SUM(I88:I94) -> 1.5161117e+08 | J87: =+SUM(J88:J94) -> 1.455261e+08 | K87: =+SUM(K88:K94) -> 1.1472117e+08 | L87: =+SUM(L88:L94) -> 1.1664982e+08 | M87: =+SUM(M88:M94) -> 1.2321945e+08 | N87: =+SUM(N88:N94) -> 1.4450663e+08 | ... R87: =+SUM(R88:R94) -> 1.3055657e+08 | S87: =+SUM(G87:R87) -> 1.465464e+09 | T87: =+S87/$T$83*100 -> 22.122414
A88: =+CONCATENATE(A12,"p") -> 7111p | B88: =+VLOOKUP(LEFT($A88,LEN(A88)-1)*1,Master!$D$30:$G$229,4,FALSE) -> Porez na dohodak fizičkih lica | G88: 2070902.7 | H88: 4571441.5 | I88: 4416792.3 | J88: 5257739.5 | K88: 4986046.1 | L88: 4944578.7 | M88: 5364995.5 | N88: 5116178.5 | O88: 5045281.6 | P88: 5285963.7 | Q88: 4877225.8 | R88: 9102707.7 | S88: =+SUM(G88:R88) -> 61039854 | T88: =+S88/$T$83*100 -> 0.92144802
A89: =+CONCATENATE(A13,"p") -> 7112p | B89: =+VLOOKUP(LEFT($A89,LEN(A89)-1)*1,Master!$D$30:$G$229,4,FALSE) -> Porez na dobit pravnih lica | G89: 534161.89 | H89: 2931735.8 | I89: 52182709 | J89: 38816261 | K89: 2899918 | L89: 4080555.8 | M89: 2527233.3 | N89: 3169336.8 | O89: 3538278.4 | P89: 1664293.5 | Q89: 2887333.7 | R89: 6416604.1 | S89: =+SUM(G89:R89) -> 1.2164842e+08 | T89: =+S89/$T$83*100 -> 1.8363854
A90: =+CONCATENATE(A14,"p") -> 7113p | B90: =+VLOOKUP(LEFT($A90,LEN(A90)-1)*1,Master!$D$30:$G$229,4,FALSE) -> Porez na promet nepokretnosti | G90: 0 | H90: 0 | I90: 0 | J90: 0 | K90: 0 | L90: 0 | M90: 0 | N90: 0 | O90: 0 | P90: 0 | Q90: 0 | R90: 0 | S90: =+SUM(G90:R90) -> 0 | T90: =+S90/$T$83*100 -> 0
A91: =+CONCATENATE(A15,"p") -> 7114p | B91: =+VLOOKUP(LEFT($A91,LEN(A91)-1)*1,Master!$D$30:$G$229,4,FALSE) -> Porez na dodatu vrijednost | G91: 65000000 | H91: 59157257 | I91: 70779065 | J91: 77609564 | K91: 80764321 | L91: 82000000 | M91: 86587361 | N91: 99000000 | O91: 89355646 | P91: 85000000 | Q91: 80002524 | R91: 83726073 | S91: =+SUM(G91:R91) -> 9.5898181e+08 | T91: =+S91/$T$83*100 -> 14.476638
A92: =+CONCATENATE(A16,"p") -> 7115p | B92: =+VLOOKUP(LEFT($A92,LEN(A92)-1)*1,Master!$D$30:$G$229,4,FALSE) -> Akcize | G92: 18950000 | H92: 16468286 | I92: 20008846 | J92: 19694697 | K92: 21753669 | L92: 20861971 | M92: 23890191 | N92: 31837008 | O92: 27952742 | P92: 24243082 | Q92: 19387116 | R92: 26404568 | S92: =+SUM(G92:R92) -> 2.7145218e+08 | T92: =+S92/$T$83*100 -> 4.0977993
A93: =+CONCATENATE(A17,"p") -> 7116p | B93: =+VLOOKUP(LEFT($A93,LEN(A93)-1)*1,Master!$D$30:$G$229,4,FALSE) -> Porez na međunarodnu trgovinu i transakcije | G93: 1690050.6 | H93: 2149690.2 | I93: 3285503.6 | J93: 3112309.4 | K93: 3395865 | L93: 3721386.9 | M93: 3649795.5 | N93: 4254913.4 | O93: 3771141.3 | P93: 3431995.1 | Q93: 3902366.9 | R93: 3887332.2 | S93: =+SUM(G93:R93) -> 40252350 | T93: =+S93/$T$83*100 -> 0.60764314
A94: =+CONCATENATE(A18,"p") -> 7118p | B94: =+VLOOKUP(LEFT($A94,LEN(A94)-1)*1,Master!$D$30:$G$229,4,FALSE) -> Ostali državni porezi | G94: 808143.97 | H94: 855310.37 | I94: 938259.74 | J94: 1035526.5 | K94: 921348.57 | L94: 1041323.5 | M94: 1199869.8 | N94: 1129195.9 | O94: 1036996.2 | P94: 962931.88 | Q94: 1141207.9 | R94: 1019288.9 | S94: =+SUM(G94:R94) -> 12089403 | T94: =+S94/$T$83*100 -> 0.18249973
A95: =+CONCATENATE(A19,"p") -> 712p | B95: =+VLOOKUP(LEFT($A95,LEN(A95)-1)*1,Master!$D$30:$G$229,4,FALSE) -> Doprinosi | G95: =+SUM(G96:G99) -> 14028548 | H95: =+SUM(H96:H99) -> 35494685 | I95: =+SUM(I96:I99) -> 34746901 | J95: =+SUM(J96:J99) -> 42833596 | K95: =+SUM(K96:K99) -> 31865136 | L95: =+SUM(L96:L99) -> 38887015 | M95: =+SUM(M96:M99) -> 41674957 | N95: =+SUM(N96:N99) -> 39623582 | ... R95: =+SUM(R96:R99) -> 76561514 | S95: =+SUM(G95:R95) -> 4.7475631e+08 | T95: =+S95/$T$83*100 -> 7.1668464
A96: =+CONCATENATE(A20,"p") -> 7121p | B96: =+VLOOKUP(LEFT($A96,LEN(A96)-1)*1,Master!$D$30:$G$229,4,FALSE) -> Doprinosi za penzijsko i invalidsko osiguranje | G96: 12922297 | H96: 32778047 | I96: 31885036 | J96: 39517643 | K96: 29460957 | L96: 35997729 | M96: 38602837 | N96: 36676994 | O96: 35626367 | P96: 38068803 | Q96: 36305288 | R96: 70883551 | S96: =+SUM(G96:R96) -> 4.3872555e+08 | T96: =+S96/$T$83*100 -> 6.6229318
A97: =+CONCATENATE(A21,"p") -> 7122p | B97: =+VLOOKUP(LEFT($A97,LEN(A97)-1)*1,Master!$D$30:$G$229,4,FALSE) -> Doprinosi za zdravstveno osiguranje | G97: 100023.87 | H97: 100023.87 | I97: 100023.87 | J97: 100023.87 | K97: 100023.87 | L97: 100023.87 | M97: 100023.87 | N97: 100023.87 | O97: 100023.87 | P97: 100023.87 | Q97: 100023.87 | R97: 100023.87 | S97: =+SUM(G97:R97) -> 1200286.4 | T97: =+S97/$T$83*100 -> 0.018119335
A98: =+CONCATENATE(A22,"p") -> 7123p | B98: =+VLOOKUP(LEFT($A98,LEN(A98)-1)*1,Master!$D$30:$G$229,4,FALSE) -> Doprinosi za osiguranje od nezaposlenosti | G98: 619197.92 | H98: 1562283.5 | I98: 1529231.4 | J98: 1852310.8 | K98: 1381579.4 | L98: 1646351.4 | M98: 1773247.4 | N98: 1691805.2 | O98: 1673177.8 | P98: 1765599.7 | Q98: 1660050.5 | R98: 3206078.6 | S98: =+SUM(G98:R98) -> 20360914 | T98: =+S98/$T$83*100 -> 0.30736515
A99: =+CONCATENATE(A23,"p") -> 7124p | B99: =+VLOOKUP(LEFT($A99,LEN(A99)-1)*1,Master!$D$30:$G$229,4,FALSE) -> Ostali doprinosi | G99: 387029.4 | H99: 1054330.9 | I99: 1232609.9 | J99: 1363618.8 | K99: 922576.34 | L99: 1142910 | M99: 1198848.8 | N99: 1154759.3 | O99: 1156538.3 | P99: 1291338.6 | Q99: 1193137.2 | R99: 2371860.8 | S99: =+SUM(G99:R99) -> 14469558 | T99: =+S99/$T$83*100 -> 0.21843018
A100: =+CONCATENATE(A24,"p") -> 713p | B100: =+VLOOKUP(LEFT($A100,LEN(A100)-1)*1,Master!$D$30:$G$229,4,FALSE) -> Takse | G100: 670553.33 | H100: 853610.81 | I100: 866806.93 | J100: 1045994.3 | K100: 975864.39 | L100: 1069123.4 | M100: 1754495.9 | N100: 1873370.9 | O100: 1507509.8 | P100: 1219130.6 | Q100: 1025348.9 | R100: 1389128.9 | S100: =+SUM(G100:R100) -> 14250938 | T100: =+S100/$T$83*100 -> 0.21512992
A101: =+CONCATENATE(A25,"p") -> 714p | B101: =+VLOOKUP(LEFT($A101,LEN(A101)-1)*1,Master!$D$30:$G$229,4,FALSE) -> Naknade | G101: 12301859 | H101: 1737839 | I101: 2414564.3 | J101: 2360898.2 | K101: 1893341.3 | L101: 3087651.9 | M101: 2833106.8 | N101: 1908379.2 | O101: 2810434 | P101: 3370011.7 | Q101: 2865853.3 | R101: 4104318.4 | S101: =+SUM(G101:R101) -> 41688257 | T101: =+S101/$T$83*100 -> 0.62931937
A102: =+CONCATENATE(A26,"p") -> 715p | B102: =+VLOOKUP(LEFT($A102,LEN(A102)-1)*1,Master!$D$30:$G$229,4,FALSE) -> Ostali prihodi | G102: 35476990 | H102: 1666928 | I102: 1797638.1 | J102: 1832014.1 | K102: 4733890 | L102: 2822218.6 | M102: 9067540.6 | N102: 9516386.4 | O102: 8077599.9 | P102: 7745200.3 | Q102: 8762559.3 | R102: 8676446.8 | S102: =+SUM(G102:R102) -> 1.0017541e+08 | T102: =+S102/$T$83*100 -> 1.5122322
A103: =+CONCATENATE(A27,"p") -> 73p | B103: =+VLOOKUP(LEFT($A103,LEN(A103)-1)*1,Master!$D$30:$G$229,4,FALSE) -> Primici od otplate kredita i sredstva prenesena iz prethodne godine | G103: 81522.337 | H103: 445973.11 | I103: 303147.51 | J103: 411671.29 | K103: 953218.81 | L103: 1530930.6 | M103: 158719.86 | N103: 1527453 | O103: 216436.81 | P103: 263186.69 | Q103: 1703592.5 | R103: 2152051.5 | S103: =+SUM(G103:R103) -> 9747904 | T103: =+S103/$T$83*100 -> 0.14715282
A104: =+CONCATENATE(A28,"p") -> 74p | B104: =+VLOOKUP(LEFT($A104,LEN(A104)-1)*1,Master!$D$30:$G$229,4,FALSE) -> Donacije i transferi | G104: 1500000 | H104: 1500000 | I104: 10000000 | J104: 3153709.4 | K104: 3153709.4 | L104: 3153709.4 | M104: 3153709.4 | N104: 3153709.4 | O104: 3153709.4 | P104: 3153709.4 | Q104: 3153709.4 | R104: 3153709.4 | S104: =+SUM(G104:R104) -> 41383385 | T104: =+S104/$T$83*100 -> 0.62471706
A105: =+CONCATENATE(A29,"p") -> 4p | B105: =+VLOOKUP(LEFT($A105,LEN(A105)-1)*1,Master!$D$30:$G$229,4,FALSE) -> Izdaci budžeta | G105: =+G106+G116+G122+SUM(G123:G127) -> 1.7550987e+08 | H105: =+H106+H116+H122+SUM(H123:H127) -> 1.949041e+08 | I105: =+I106+I116+I122+SUM(I123:I127) -> 2.0405653e+08 | J105: =+J106+J116+J122+SUM(J123:J127) -> 2.1504972e+08 | K105: =+K106+K116+K122+SUM(K123:K127) -> 1.9976799e+08 | L105: =+L106+L116+L122+SUM(L123:L127) -> 1.9447806e+08 | M105: =+M106+M116+M122+SUM(M123:M127) -> 2.3722912e+08 | N105: =+N106+N116+N122+SUM(N123:N127) -> 2.0857718e+08 | ... R105: =+R106+R116+R122+SUM(R123:R127) -> 2.3691068e+08 | S105: =+SUM(G105:R105) -> 2.5137831e+09 | T105: =+S105/$T$83*100 -> 37.947675
A106: =+CONCATENATE(A30,"p") -> 41p | B106: =+VLOOKUP(LEFT($A106,LEN(A106)-1)*1,Master!$D$30:$G$229,4,FALSE) -> Tekući izdaci | G106: =+SUM(G107:G115) -> 71899626 | H106: =+SUM(H107:H115) -> 80973595 | I106: =+SUM(I107:I115) -> 81069362 | J106: =+SUM(J107:J115) -> 1.005674e+08 | K106: =+SUM(K107:K115) -> 84597904 | L106: =+SUM(L107:L115) -> 78964001 | M106: =+SUM(M107:M115) -> 94970976 | N106: =+SUM(N107:N115) -> 81866856 | ... R106: =+SUM(R107:R115) -> 1.1277192e+08 | S106: =+SUM(G106:R106) -> 1.0542886e+09 | T106: =+S106/$T$83*100 -> 15.915375
A107: =+CONCATENATE(A31,"p") -> 411p | B107: =+VLOOKUP(LEFT($A107,LEN(A107)-1)*1,Master!$D$30:$G$229,4,FALSE) -> Bruto zarade i doprinosi na teret poslodavca | G107: 40912612 | H107: 53719885 | I107: 53690309 | J107: 51811285 | K107: 51811015 | L107: 51811018 | M107: 51929664 | N107: 51915159 | O107: 51913746 | P107: 51913178 | Q107: 51907185 | R107: =63970907.57+366.55 -> 63971274 | S107: =+SUM(G107:R107) -> 6.2730633e+08 | T107: =+S107/$T$83*100 -> 9.4697176
A108: =+CONCATENATE(A32,"p") -> 412p | B108: =+VLOOKUP(LEFT($A108,LEN(A108)-1)*1,Master!$D$30:$G$229,4,FALSE) -> Ostala lična primanja | G108: 1165964.5 | H108: 1655470.6 | I108: 1609325.5 | J108: 1540575.5 | K108: 1497392.1 | L108: 1495762.1 | M108: 1729357.4 | N108: 1675061.9 | O108: 1685727.8 | P108: 1678180.7 | Q108: 1850540.8 | R108: 2068660 | S108: =+SUM(G108:R108) -> 19652019 | T108: =+S108/$T$83*100 -> 0.29666378
A109: =+CONCATENATE(A33,"p") -> 413p | B109: =+VLOOKUP(LEFT($A109,LEN(A109)-1)*1,Master!$D$30:$G$229,4,FALSE) -> Rashodi za materijal | G109: 5182242.1 | H109: 3920733.4 | I109: 3493205.9 | J109: 3370769.7 | K109: 3856859.5 | L109: 5585838.7 | M109: 7274194.5 | N109: 4335388.2 | O109: 4231272.2 | P109: 4144269.9 | Q109: 4526021.2 | R109: =3848934.29-43000 -> 3805934.3 | S109: =+SUM(G109:R109) -> 53726730 | T109: =+S109/$T$83*100 -> 0.81105025
A110: =+CONCATENATE(A34,"p") -> 414p | B110: =+VLOOKUP(LEFT($A110,LEN(A110)-1)*1,Master!$D$30:$G$229,4,FALSE) -> Rashodi za usluge | G110: 4903807 | H110: 5497012.5 | I110: 5255623.4 | J110: 4569713.7 | K110: 4499440.6 | L110: 4528417.8 | M110: 6713144.7 | N110: 6175898.5 | O110: 6240994.8 | P110: 6091379 | Q110: 6109468.6 | R110: =5878859.37-49097 -> 5829762.4 | S110: =+SUM(G110:R110) -> 66414663 | T110: =+S110/$T$83*100 -> 1.0025853
A111: =+CONCATENATE(A35,"p") -> 415p | B111: =+VLOOKUP(LEFT($A111,LEN(A111)-1)*1,Master!$D$30:$G$229,4,FALSE) -> Rashodi za tekuće održavanje | G111: 2513250.9 | H111: 2548372.9 | I111: 2555228 | J111: 2542473.6 | K111: 2537576 | L111: 2476854.1 | M111: 3526793.8 | N111: 3499062.7 | O111: 3410065.5 | P111: 3389523.1 | Q111: 3371550.9 | R111: 3208370.3 | S111: =+SUM(G111:R111) -> 35579122 | T111: =+S111/$T$83*100 -> 0.53709682
A112: =+CONCATENATE(A36,"p") -> 416p | B112: =+VLOOKUP(LEFT($A112,LEN(A112)-1)*1,Master!$D$30:$G$229,4,FALSE) -> Kamate | G112: 5442120.4 | H112: 2441310.6 | I112: 2001828.5 | J112: 24590094 | K112: 10610307 | L112: 3076552.5 | M112: 9738888.1 | N112: 2779747.3 | O112: 1876426.6 | P112: 14798290 | Q112: 8831135.5 | R112: 23741109 | S112: =+SUM(G112:R112) -> 1.0992781e+08 | T112: =+S112/$T$83*100 -> 1.6594529
A113: =+CONCATENATE(A37,"p") -> 417p | B113: =+VLOOKUP(LEFT($A113,LEN(A113)-1)*1,Master!$D$30:$G$229,4,FALSE) -> Renta | G113: 1013549.3 | H113: 924144.62 | I113: 907422.26 | J113: 908352.61 | K113: 914133.32 | L113: 900023.34 | M113: 1080755.3 | N113: 1073045.8 | O113: 1082703.8 | P113: 1160848.4 | Q113: 1121692.8 | R113: =1082716.93+84917.8-0.01 -> 1167634.7 | S113: =+SUM(G113:R113) -> 12254306 | T113: =+S113/$T$83*100 -> 0.18498908
A114: =+CONCATENATE(A38,"p") -> 418p | B114: =+VLOOKUP(LEFT($A114,LEN(A114)-1)*1,Master!$D$30:$G$229,4,FALSE) -> Subvencije | G114: 5902018 | H114: 5336018 | I114: 5216118 | J114: 5169451.3 | K114: 4981951.3 | L114: 4982351.4 | M114: 5318459.6 | N114: 4749126.3 | O114: 4841793.2 | P114: 4841793 | Q114: 4841793 | R114: 4792393 | S114: =+SUM(G114:R114) -> 60973266 | T114: =+S114/$T$83*100 -> 0.92044282
A115: =+CONCATENATE(A39,"p") -> 419p | B115: =+VLOOKUP(LEFT($A115,LEN(A115)-1)*1,Master!$D$30:$G$229,4,FALSE) -> Ostali izdaci | G115: 4864062.2 | H115: 4930647.9 | I115: 6340302 | J115: 6064681.2 | K115: 3889229 | L115: 4107182.5 | M115: 7659719.4 | N115: 5664365.8 | O115: 5533073.5 | P115: 5918984.6 | Q115: 9295310.7 | R115: =4255973.43-69188.7-0.04 -> 4186784.7 | S115: =+SUM(G115:R115) -> 68454343 | T115: =+S115/$T$83*100 -> 1.033376
A116: =+CONCATENATE(A40,"p") -> 42p | B116: =+VLOOKUP(LEFT($A116,LEN(A116)-1)*1,Master!$D$30:$G$229,4,FALSE) -> Transferi za socijalnu zaštitu | G116: =+SUM(G117:G121) -> 64631163 | H116: =+SUM(H117:H121) -> 64593275 | I116: =+SUM(I117:I121) -> 64593275 | J116: =+SUM(J117:J121) -> 64693275 | K116: =+SUM(K117:K121) -> 64693275 | L116: =+SUM(L117:L121) -> 64793279 | M116: =+SUM(M117:M121) -> 66194887 | N116: =+SUM(N117:N121) -> 66197972 | ... R116: =+SUM(R117:R121) -> 66197972 | S116: =+SUM(G116:R116) -> 7.8518229e+08 | T116: =+S116/$T$83*100 -> 11.852988
...

Sheet 2022
E2: =+Master!G6 -> Crna Gora
E3: =+Master!G7 -> Ministarstvo finansija
E4: =+Master!G8 -> Direktorat za državni budžet
G5: =+RIGHT(G6,2)*1 -> 1 | H5: =+RIGHT(H6,2)*1 -> 2 | I5: =+RIGHT(I6,2)*1 -> 3 | J5: =+RIGHT(J6,2)*1 -> 4 | K5: =+RIGHT(K6,2)*1 -> 5 | L5: =+RIGHT(L6,2)*1 -> 6 | M5: =+RIGHT(M6,2)*1 -> 7 | N5: =+RIGHT(N6,2)*1 -> 8 | ... R5: =+RIGHT(R6,2)*1 -> 12
G6: 2022-01 | H6: 2022-02 | I6: 2022-03 | J6: 2022-04 | K6: 2022-05 | L6: 2022-06 | M6: 2022-07 | N6: 2022-08 | O6: 2022-09 | P6: 2022-10 | Q6: 2022-11 | R6: 2022-12
B7: =+Master!G252 -> Ostvarenje budžeta | G7: 2022 | S7: =+Master!G249 -> BDP | T7: 5796761000
G8: =+Master!G232 -> Januar | H8: =+Master!G233 -> Februar | I8: =+Master!G234 -> Mart | J8: =+Master!G235 -> April | K8: =+Master!G236 -> Maj | L8: =+Master!G237 -> Jun | M8: =+Master!G238 -> Jul | N8: =+Master!G239 -> Avgust | O8: =+Master!G240 -> Septembar | P8: =+Master!G241 -> Oktobar | Q8: =+Master!G242 -> Novembar | R8: =+Master!G243 -> Decembar | S8: =+Master!G247 -> Jan - Dec
G9: mil. € | H9: mil. € | I9: mil. € | J9: mil. € | K9: mil. € | L9: mil. € | M9: mil. € | N9: mil. € | O9: mil. € | P9: mil. € | Q9: mil. € | R9: mil. € | S9: mil. € | T9: =+Master!G250 -> % BDP
A10: 7 | B10: =+VLOOKUP($A10,Master!$D$30:$G$226,4,FALSE) -> Prihodi budžeta | G10: =+G11+G19+SUM(G24:G28) -> 1.0773714e+08 | H10: =+H11+H19+SUM(H24:H28) -> 1.2412518e+08 | I10: =+I11+I19+SUM(I24:I28) -> 1.8350911e+08 | J10: =+J11+J19+SUM(J24:J28) -> 1.7962154e+08 | K10: =+K11+K19+SUM(K24:K28) -> 1.5391899e+08 | L10: =+L11+L19+SUM(L24:L28) -> 1.654734e+08 | M10: =+M11+M19+SUM(M24:M28) -> 1.6556115e+08 | N10: =+N11+N19+SUM(N24:N28) -> 1.9309486e+08 | ... R10: =+R11+R19+SUM(R24:R28) -> 2.1837103e+08 | S10: =+SUM(G10:R10) -> 1.9954075e+09 | T10: =+S10/$T$7*100 -> 34.422802
A11: 711 | B11: =+VLOOKUP($A11,Master!$D$30:$G$226,4,FALSE) -> Porezi | G11: =+SUM(G12:G18) -> 80559496 | H11: =+SUM(H12:H18) -> 83215985 | I11: =+SUM(I12:I18) -> 1.3636333e+08 | J11: =+SUM(J12:J18) -> 1.3397851e+08 | K11: =+SUM(K12:K18) -> 1.1263039e+08 | L11: =+SUM(L12:L18) -> 1.1555127e+08 | M11: =+SUM(M12:M18) -> 1.1859139e+08 | N11: =+SUM(N12:N18) -> 1.3823904e+08 | ... R11: =+SUM(R12:R18) -> 1.1909636e+08 | S11: =+SUM(G11:R11) -> 1.3811332e+09 | T11: =+S11/$T$7*100 -> 23.825946
A12: 7111 | B12: =+VLOOKUP($A12,Master!$D$30:$G$226,4,FALSE) -> Porez na dohodak fizičkih lica | G12: 6139790.6 | H12: 7672775.8 | I12: 6664350.6 | J12: 8050769.4 | K12: 8176244.8 | L12: 7322347.6 | M12: 8156090.5 | N12: 7377958 | O12: 5598869 | P12: 5264087.6 | Q12: 4566627 | R12: 8051099.3 | S12: =+SUM(G12:R12) -> 83041010 | T12: =+S12/$T$7*100 -> 1.4325416
A13: 7112 | B13: =+VLOOKUP($A13,Master!$D$30:$G$226,4,FALSE) -> Porez na dobit pravnih lica | G13: 395935.5 | H13: 2173083.3 | I13: 38679260 | J13: 28771682 | K13: 2149499.1 | L13: 3024620.3 | M13: 1873254.9 | N13: 2349199.7 | O13: 2622669.3 | P13: 1233620.1 | Q13: 2140171.2 | R13: 4756163.6 | S13: =+SUM(G13:R13) -> 90169159 | T13: =+S13/$T$7*100 -> 1.5555093
A14: 7113 | B14: =+VLOOKUP($A14,Master!$D$30:$G$226,4,FALSE) -> Porez na promet nepokretnosti | G14: 146340.34 | H14: 168193.65 | I14: 233459.66 | J14: 245580.28 | K14: 189584.64 | L14: 263126.04 | M14: 180172.4 | N14: 55084.76 | O14: 0 | P14: 0 | Q14: 0 | R14: 0 | S14: =+SUM(G14:R14) -> 1481541.8 | T14: =+S14/$T$7*100 -> 0.025558096
A15: 7114 | B15: =+VLOOKUP($A15,Master!$D$30:$G$226,4,FALSE) -> Porez na dodatu vrijednost | G15: 50270009 | H15: 54121445 | I15: 67019754 | J15: 73487463 | K15: 76474660 | L15: 79678384 | M15: 83883710 | N15: 95638014 | O15: 84609671 | P15: 87831568 | Q15: 75753324 | R15: 79279103 | S15: =+SUM(G15:R15) -> 9.080471e+08 | T15: =+S15/$T$7*100 -> 15.664732
A16: 7115 | B16: =+VLOOKUP($A16,Master!$D$30:$G$226,4,FALSE) -> Akcize | G16: 21096875 | H16: 16062530 | I16: 19528829 | J16: 19259653 | K16: 21309576 | L16: 20484664 | M16: 19630529 | N16: 27418019 | O16: 23606499 | P16: 20069001 | Q16: 15318077 | R16: 22088361 | S16: =+SUM(G16:R16) -> 2.4587261e+08 | T16: =+S16/$T$7*100 -> 4.2415516
A17: 7116 | B17: =+VLOOKUP($A17,Master!$D$30:$G$226,4,FALSE) -> Porez na međunarodnu trgovinu i transakcije | G17: 1689510.8 | H17: 2149003.6 | I17: 3284454.2 | J17: 3111315.3 | K17: 3394780.3 | L17: 3720198.3 | M17: 3648629.8 | N17: 4253554.4 | O17: 3769936.8 | P17: 3430898.9 | Q17: 3901120.5 | R17: 3886090.6 | S17: =+SUM(G17:R17) -> 40239494 | T17: =+S17/$T$7*100 -> 0.69417203
A18: 7118 | B18: =+VLOOKUP($A18,Master!$D$30:$G$226,4,FALSE) -> Ostali državni porezi | G18: 821034.23 | H18: 868952.95 | I18: 953225.4 | J18: 1052043.6 | K18: 936044.49 | L18: 1057933.1 | M18: 1219008.3 | N18: 1147207.1 | O18: 1053536.8 | P18: 978291.08 | Q18: 1159410.6 | R18: 1035547 | S18: =+SUM(G18:R18) -> 12282235 | T18: =+S18/$T$7*100 -> 0.21188099
A19: 712 | B19: =+VLOOKUP($A19,Master!$D$30:$G$226,4,FALSE) -> Doprinosi | G19: =SUM(G20:G23) -> 11731802 | H19: =SUM(H20:H23) -> 34984294 | I19: =SUM(I20:I23) -> 37056760 | J19: =SUM(J20:J23) -> 37592490 | K19: =SUM(K20:K23) -> 33463530 | L19: =SUM(L20:L23) -> 37796292 | M19: =SUM(M20:M23) -> 36710432 | N19: =SUM(N20:N23) -> 39015025 | ... R19: =SUM(R20:R23) -> 76106448 | S19: =+SUM(G19:R19) -> 4.6279704e+08 | T19: =+S19/$T$7*100 -> 7.9837179
A20: 7121 | B20: =+VLOOKUP($A20,Master!$D$30:$G$226,4,FALSE) -> Doprinosi za penzijsko i invalidsko osiguranje | G20: 7550452.8 | H20: 24366605 | I20: 31891480 | J20: 32988976 | K20: 29598379 | L20: 33851315 | M20: 32996527 | N20: 35394822 | O20: 35762027 | P20: 35325375 | Q20: 36524279 | R20: 69645040 | S20: =+SUM(G20:R20) -> 4.0589528e+08 | T20: =+S20/$T$7*100 -> 7.0021047
A21: 7122 | B21: =+VLOOKUP($A21,Master!$D$30:$G$226,4,FALSE) -> Doprinosi za zdravstveno osiguranje | G21: 3618221.6 | H21: 8815681.5 | I21: 2582574.4 | J21: 1899377 | K21: 1480944.7 | L21: 1150315.9 | M21: 951006.28 | N21: 823067.88 | O21: 668162.97 | P21: 1084172.3 | Q21: 970112.44 | R21: 1011542.9 | S21: =+SUM(G21:R21) -> 25055180 | T21: =+S21/$T$7*100 -> 0.43222724
A22: 7123 | B22: =+VLOOKUP($A22,Master!$D$30:$G$226,4,FALSE) -> Doprinosi za osiguranje od nezaposlenosti | G22: 333527.6 | H22: 1107969 | I22: 1459655.9 | J22: 1501790.2 | K22: 1379492.1 | L22: 1561408.3 | M22: 1571588.3 | N22: 1597593.6 | O22: 1507262.1 | P22: 1538447.2 | Q22: 1651967.4 | R22: 3184426.5 | S22: =+SUM(G22:R22) -> 18395128 | T22: =+S22/$T$7*100 -> 0.3173346
A23: 7124 | B23: =+VLOOKUP($A23,Master!$D$30:$G$226,4,FALSE) -> Ostali doprinosi | G23: 229600.09 | H23: 694038.42 | I23: 1123049.7 | J23: 1202347.5 | K23: 1004714.7 | L23: 1233253.1 | M23: 1191310.7 | N23: 1199541.6 | O23: 1060809.4 | P23: 1063993.7 | Q23: 1183361.5 | R23: 2265438.5 | S23: =+SUM(G23:R23) -> 13451459 | T23: =+S23/$T$7*100 -> 0.23205129
A24: 713 | B24: =+VLOOKUP($A24,Master!$D$30:$G$226,4,FALSE) -> Takse | G24: 635258.53 | H24: 808672.01 | I24: 976895.25 | J24: 1062602.9 | K24: 1039077.5 | L24: 1347727.3 | M24: 1450241.8 | N24: 1887235.3 | O24: 1223886.3 | P24: 1441283.6 | Q24: 1297347.1 | R24: 1600139.9 | S24: =+SUM(G24:R24) -> 14770367 | T24: =+S24/$T$7*100 -> 0.2548038
A25: 714 | B25: =+VLOOKUP($A25,Master!$D$30:$G$226,4,FALSE) -> Naknade | G25: 12539806 | H25: 2358745.8 | I25: 2432089.7 | J25: 3083781.3 | K25: 2678608.5 | L25: 4570368 | M25: 3736951.1 | N25: 3318573.5 | O25: 9160845.6 | P25: 5019331.7 | Q25: 11097393 | R25: 12753783 | S25: =+SUM(G25:R25) -> 72750277 | T25: =+S25/$T$7*100 -> 1.255016
A26: 715 | B26: =+VLOOKUP($A26,Master!$D$30:$G$226,4,FALSE) -> Ostali prihodi | G26: 1326069.8 | H26: 1641264.9 | I26: 1734944.5 | J26: 1799637.2 | K26: 3456607.1 | L26: 2860866.9 | M26: 3218905 | N26: 3738359.4 | O26: 1547779.6 | P26: 1869202.6 | Q26: 3172754.7 | R26: 3199096.4 | S26: =+SUM(G26:R26) -> 29565488 | T26: =+S26/$T$7*100 -> 0.51003463
